Workbook
Name _: '[4]For Excel'!#REF!
Name _: '[4]For Excel'!#REF!
Name _: '[4]For Excel'!#REF!
Name __: '[4]For Excel'!#REF!
Name __: '[4]For Excel'!#REF!
Name __: '[4]For Excel'!#REF!
Name ___: '[4]For Excel'!#REF!
Name ___: '[4]For Excel'!#REF!
Name ___: '[4]For Excel'!#REF!
Name ______________FEb1: '[5]PL PBC'!#REF!
Name ______________FEb1: '[5]PL PBC'!#REF!
Name ______________FEb1: '[5]PL PBC'!#REF!
Name ______________FEb1: '[5]PL PBC'!#REF!
Name ______________ist1: '[5]PL PBC'!#REF!
Name ______________ist1: '[5]PL PBC'!#REF!
Name ______________ist1: '[5]PL PBC'!#REF!
Name ______________ist1: '[5]PL PBC'!#REF!
Name ______________TB1: #REF!
Name ______________TB1: #REF!
Name ______________TB1: #REF!
Name ______________TB1: #REF!
Name _____________FEb1: '[5]PL PBC'!#REF!
Name _____________FEb1: '[5]PL PBC'!#REF!
Name _____________FEb1: '[5]PL PBC'!#REF!
Name _____________ist1: '[5]PL PBC'!#REF!
Name _____________ist1: '[5]PL PBC'!#REF!
Name _____________ist1: '[5]PL PBC'!#REF!
Name ____________FEb1: '[5]PL PBC'!#REF!
Name ____________FEb1: '[5]PL PBC'!#REF!
Name ____________FEb1: '[5]PL PBC'!#REF!
Name ____________FEb1: '[5]PL PBC'!#REF!
Name ____________ist1: '[5]PL PBC'!#REF!
Name ____________ist1: '[5]PL PBC'!#REF!
Name ____________ist1: '[5]PL PBC'!#REF!
Name ____________ist1: '[5]PL PBC'!#REF!
Name ____________TB1: #REF!
Name ____________TB1: #REF!
Name ____________TB1: #REF!
Name ____________TB1: #REF!
Name ___________FEb1: '[5]PL PBC'!#REF!
Name ___________FEb1: '[5]PL PBC'!#REF!
Name ___________FEb1: '[5]PL PBC'!#REF!
Name ___________FEb1: '[5]PL PBC'!#REF!
Name ___________ist1: '[5]PL PBC'!#REF!
Name ___________ist1: '[5]PL PBC'!#REF!
Name ___________ist1: '[5]PL PBC'!#REF!
Name ___________ist1: '[5]PL PBC'!#REF!
Name ___________TB1: #REF!
Name ___________TB1: #REF!
Name ___________TB1: #REF!
Name ___________TB1: #REF!
Name __________col1: #REF!
Name __________col1: #REF!
Name __________col1: #REF!
Name __________col10: #REF!
Name __________col10: #REF!
Name __________col10: #REF!
Name __________col11: #REF!
Name __________col11: #REF!
Name __________col11: #REF!

Sheet Profit reco
A1: Profit reconciliation | B1: Main | C1: Delh | D1: Banglor | E1: Haryana | F1: Total | H1: Reserve reconciliation | I1: Main | J1: Delh | K1: Banglor | L1: Haryana | M1: Total
A2: Profit or (loss) as per Tally | B2: ='PL Grouping'!C367 -> -69908947 | C2: ='PL Grouping'!G367 -> 583903 | D2: ='PL Grouping'!E367 -> -448376 | E2: ='PL Grouping'!I367 -> -243654 | F2: =SUM(B2:E2) -> -70017074 | H2: As per Tally Reserves | I2: ='BS Grouping'!C11 -> 1.9952745e+08 | J2: ='BS Grouping'!E11 -> 0 | K2: ='BS Grouping'!G11 -> 0 | L2: ='BS Grouping'!I11 -> 0 | M2: =SUM(I2:L2) -> 1.9952745e+08
A3: Depreciation | B3: =-3531335*0 -> 0 | F3: =SUM(B3:D3) -> 0 | H3: As per Tally PL balances | I3: ='BS Grouping'!C15 -> -1.8750878e+08 | J3: ='BS Grouping'!G15 -> 247918.43 | K3: ='BS Grouping'!E15 -> -587616.66 | L3: ='BS Grouping'!I15 -> -243654 | M3: =SUM(I3:L3) -> -1.8809213e+08
A4: Less deprciaton adjustment amortisation | B4: =-'PL Grouping'!D245 -> -303131 | F4: =SUM(B4:D4) -> -303131 | M4: =SUM(I4:L4) -> 0
A5: Add notional income | B5: ='PL Grouping'!D56 -> 13234 | F5: =SUM(B5:D5) -> 13234 | M5: =SUM(I5:L5) -> 0
A6: Add notional rent | B6: =-'PL Grouping'!D242 -> 365680 | F6: =SUM(B6:D6) -> 365680 | M6: =SUM(I6:L6) -> 0
A7: ESOP expense | F7: =SUM(B7:D7) -> 0 | M7: =SUM(I7:L7) -> 0
A8: Gratuity | B8: =-'AE 22_23'!C3 -> -210410 | F8: =SUM(B8:D8) -> -210410 | M8: =SUM(I8:L8) -> 0
A9: Leave encashment | B9: =-'AE 22_23'!C13 -> -349231 | F9: =SUM(B9:D9) -> -349231 | M9: =SUM(I9:L9) -> 0
A10: Notional interest expe | B10: =-'PL Grouping'!D166-'PL Grouping'!D167 -> -105351.33 | F10: =SUM(B10:D10) -> -105351.33 | M10: =SUM(I10:L10) -> 0
A11: Deferred tax | B11: =-PL!D26 -> 749317 | F11: =SUM(B11:D11) -> 749317 | I11: =-PL!K26 -> 0 | M11: =SUM(I11:L11) -> 0
A12: OCI Gratuity | B12: =PL!D31 -> -42449 | F12: =SUM(B12:D12) -> -42449 | M12: =SUM(I12:L12) -> 0
F13: =SUM(B13:D13) -> 0 | M13: =SUM(I13:L13) -> 0
A14: Net profit as per IND | B14: =SUM(B2:B12) -> -69791288 | C14: =SUM(C2:C12) -> 583903 | D14: =SUM(D2:D12) -> -448376 | E14: =SUM(E2:E12) -> -243654 | F14: =SUM(F2:F13) -> -69899415 | H14: Net reserves | I14: =SUM(I2:I12) -> 12018678 | J14: =SUM(J2:J12) -> 247918.43 | K14: =SUM(K2:K12) -> -587616.66 | L14: =SUM(L2:L12) -> -243654 | M14: =SUM(M2:M13) -> 11435326
A15: Link with PL | F15: =PL!D27 -> -70108956 | H15: Link with FS | M15: =BS!D35 -> 10926966
A17: Difference | F17: =+F14-F15 -> 209540.67 | H17: Difference | M17: =+M14-M15 -> 508360.12
B18: =SUM(B4:B11)+-1 -> 160106.67
B19: 3531335 | F19: =F15+B18 -> -69948849
F20: =E14-D14-C14 -> -379181
F21: =F19-F20 -> -69569668
F22: -69319718
F23: =F21-F22 -> -249950.33

Sheet BS
A1: 1908 E-Ventures Private Limited
A2: Balance Sheet as at 31st March, 2023
A3: [Currency: Indian Rupees(Rs.'000)]
B5: Particulars | C5: Notes | D5: As at 31st March, 2023 | E5: As at 31st March, 2022 | F5: 31.3.2021 | G5: 31.3.2020
A6: I | B6: ASSETS
A8: (1) | B8: Non-current assets
B9: (a) Property, Plant and Equipment | C9: =LEFT(FA!A5,1) -> 3 | D9: =+FA!M23 -> 989268 | E9: =ROUND(FA!M42,0) -> 961711 | F9: 738252 | G9: 694465 | I9: 19057258 | J9: =D9+D10 -> 15634555
B10: (b) Intangible assets | C10: =LEFT(FA!A5,1) -> 3 | D10: =+FA!M58 -> 14645287 | E10: =ROUND(FA!M74,0) -> 17173261 | F10: 5561878 | G10: 104763 | I10: 0 | J10: =I9-J9 -> 3422702.8
B11: (c) Right-of-use asset | C11: =+Notes!A5 -> 4 | D11: =ROUND(Notes!C18,0) -> 569719 | E11: =+Notes!D18 -> 872850 | F11: 0 | J11: =PL!H17 -> 3551492
B12: (d) Deferred tax Assets (Net) | C12: =Notes!A20 -> 5 | D12: =ROUND(Notes!C33,0) -> 7416129 | E12: =ROUND(Notes!D33,0) -> 8165446 | F12: 8165446 | G12: 8165446 | J12: =J10-J11 -> -128789.22
B13: (e) Non-current financial assets
B14: (i) Investments | C14: =Notes!A47 -> 6 | D14: =ROUND(Notes!C55,0) -> 40000 | E14: 0
B15: (ii) Other financial assets | C15: =Notes!A58 -> 7 | D15: =ROUND(Notes!C65,0) -> 404970 | E15: =ROUND(Notes!D65,0) -> 257339 | F15: 252378 | G15: 474594
B16: (f) Other non-current tax assets | C16: =Notes!A68 -> 8 | D16: =ROUND(Notes!C73,0) -> 127252 | E16: =ROUND(Notes!D73,0) -> 47081 | F16: 138253 | G16: 458647
B17: (g) Other non-current assets | C17: =Notes!A75 -> 9 | D17: =ROUND(Notes!C80,0) -> 12351 | E17: =ROUND(Notes!D80,0) -> 27088 | F17: 11004 | G17: 15133
D18: =SUM(D9:D17) -> 24204976 | E18: =SUM(E9:E17) -> 27504776 | F18: =SUM(F9:F17) -> 14867211 | G18: =SUM(G9:G17) -> 9913048
A19: (2) | B19: Current assets
B20: (a) Inventories | C20: =Notes!A82 -> 10 | D20: =ROUND(Notes!C87,0) -> 28060951 | E20: =ROUND(Notes!D87,0) -> 26273701 | F20: 16809604 | G20: 7412151
B21: (b) Financial Assets
B22: (i) Trade receivables | C22: =Notes!A90 -> 11 | D22: =ROUND(Notes!C98,0) -> 2662259 | E22: =ROUND(Notes!D98,0) -> 4706908 | F22: 4961318 | G22: 3465198
B23: (ii) Cash and cash equivalents | C23: =Notes!A133 -> 12 | D23: =ROUND(Notes!C144,0) -> 43169 | E23: =ROUND(Notes!D144,0) -> 41102092 | F23: 212620 | G23: 895556
B24: (iii) Other current financial assets | C24: =Notes!A146 -> 13 | D24: =ROUND(Notes!C153,0) -> 3679 | E24: =ROUND(Notes!D153,0) -> 93710 | F24: 16949 | G24: 181851
B25: (c) Other current assets | C25: =Notes!A155 -> 14 | D25: =ROUND(Notes!C162,0) -> 24974795 | E25: =ROUND(Notes!D162,0) -> 18656516 | F25: 8986308 | G25: 3865479
D26: =SUM(D20:D25)+2 -> 55744855 | E26: =SUM(E20:E25) -> 90832927 | F26: =SUM(F20:F25) -> 30986799 | G26: =SUM(G20:G25) -> 15820235
B28: Total Assets | D28: =D18+D26+6 -> 79949837 | E28: =E18+E26+2 -> 118337705 | F28: =F18+F26 -> 45854010 | G28: =G18+G26 -> 25733283
A30: II | B30: EQUITY AND LIABILITIES
B32: Equity
B33: (a) Equity Share capital | C33: =Notes!A164 -> 15 | D33: =ROUND(SOCE!C14,0) -> 59945140 | E33: =SOCE!E14 -> 59442630 | F33: 31993290 | G33: 18041150
B34: (b) Other Equity | C34: =Notes!A291 -> 16 | D34: =SOCE!E29 -> -49018174 | E34: =ROUND(Notes!D306,0) -> 16635768 | F34: -62793926 | G34: -57152023
D35: =SUM(D33:D34) -> 10926966 | E35: =SUM(E33:E34) -> 76078398 | F35: =SUM(F33:F34) -> -30800636 | G35: =SUM(G33:G34) -> -39110873
B36: LIABILITIES
A37: (1) | B37: Non-current liabilities
B38: (a) Financial Liabilities
B39: (i) Lease liabilities | C39: =Notes!A308 -> 17 | D39: =ROUND(Notes!C311,) -> 275494 | E39: =ROUND(Notes!D311,) -> 601532 | F39: 0
B40: (ii) Long-term borrowings | F40: 30821780 | G40: 22397242
B41: (b) Long-term provisions | C41: =Notes!A316 -> 18 | D41: =ROUND(Notes!C322,0) -> 2213525 | E41: =ROUND(Notes!D322,0) -> 1657085 | F41: 1233428 | G41: 1023460
D42: =SUM(D39:D41) -> 2489019 | E42: =SUM(E39:E41) -> 2258617 | F42: =SUM(F39:F41) -> 32055208 | G42: =SUM(G39:G41) -> 23420702
A43: (2) | B43: Current liabilities
B44: (a) Financial Liabilities
B45: (i) Lease liabilities | C45: =+C39 -> 17 | D45: =ROUND(Notes!C312,) -> 326038 | E45: =ROUND(Notes!D312,) -> 274741 | F45: 0
B46: (ii) Short-term borrowings | C46: =+Notes!A324 -> 19 | D46: =ROUND(Notes!C337,0) -> 15311609 | E46: =ROUND(Notes!D337,0) -> 2843006 | F46: 25796419 | G46: 27380316
B47: (iii) Other trade payables | C47: =+Notes!A341 -> 20
B48: Total outstanding dues to micro and small enterprises | D48: =ROUND(Notes!C344,0) -> 21277182 | E48: =ROUND(Notes!D344,0) -> 5514596 | F48: 989511 | G48: 10733022
B49: Total outstanding dues to creditors other than micro and small enterprises | D49: =ROUND(Notes!C345,0) -> 27088910 | E49: =ROUND(Notes!D345,0) -> 29121860 | F49: 15005574
B50: (iv) Other current financial liabilities | C50: =Notes!A367 -> 21 | D50: =ROUND(Notes!C376,0) -> 1893151 | E50: =ROUND(Notes!D376,0) -> 1762027 | F50: 2451712 | G50: 3048239
B51: (b) Short-term provisions | C51: =Notes!A378 -> 22 | D51: =ROUND(Notes!C385,0) -> 636960 | E51: =ROUND(Notes!D385,0) -> 484448 | F51: 356221 | G51: 261877
D52: =SUM(D44:D51)+1 -> 66533851 | E52: =SUM(E44:E51)+9 -> 40000687 | F52: =SUM(F44:F51) -> 44599437 | G52: =SUM(G44:G51) -> 41423454
B54: Total Equity and Liabilities | D54: =D42+D52+D35+6 -> 79949842 | E54: =E42+E52+E35+5 -> 118337707 | F54: =F42+F52+F35 -> 45854009 | G54: =G42+G52+G35 -> 25733283
B56: The accompanying notes are integral part of the financial statements (all amounts in Rupees) In terms of our report on even date attached | C56: ="1 to " &'Notes 42 to 43'!A14 -> 1 to 43
B58: For Sunil Modi & Co | C58: For and on behalf of the Board of Directors | F58: =D54-D28 -> 5 | G58: =E54-E28 -> 2 | H58: =F54-F28 -> -1 | I58: =G54-G28 -> 0
B59: Chartered Accountants
B60: Firm Registration No. 142806W
B63: Sunil Modi | C63: Deep A. Lalvani | E63: Ninotchka Malkani Nagpal
B64: Partner | C64: Chairman | E64: Director
B65: Membership No. 042562 | C65: DIN: 01771000 | E65: DIN: 00031985
B66: UDIN: | C66: =B67 -> Place : Mumbai
B67: Place : Mumbai | C67: Date : 22 May 2023
B68: Date : 22 May 2023

Sheet PL
A1: =BS!A1 -> 1908 E-Ventures Private Limited
A2: Statement of Profit and Loss
A3: For the year ended 31st March, 2023
A4: =BS!A3 -> [Currency: Indian Rupees(Rs.'000)]
B6: Particulars | C6: Notes | D6: 2022-23 | E6: 2021-2022
B8: Revenue from operations | C8: =Notes!A401 -> 24 | D8: =ROUND(Notes!C406,0) -> 64296378 | E8: =ROUND(Notes!D406,0) -> 64459893
B9: Other income | C9: =Notes!A408 -> 25 | D9: =ROUND(Notes!C419,0) -> 2795332 | E9: =ROUND(Notes!D419,0) -> 1777548
B10: Total income | D10: =SUM(D8:D9) -> 67091710 | E10: =SUM(E8:E9) -> 66237441
B12: Expenses
B13: Purchases of Stock-in-Trade | C13: =Notes!A421 -> 26 | D13: =ROUND(Notes!C425,0) -> 49863845 | E13: =ROUND(Notes!D425,0) -> 56229180
B14: Changes in inventories | C14: =Notes!A427 -> 27 | D14: =ROUND(Notes!C436,0) -> -1787249 | E14: =ROUND(Notes!D436,0) -> -9464613
B15: Employee benefits expense | C15: =+Notes!A438 -> 28 | D15: =ROUND(Notes!C447,0) -> 21592535 | E15: =ROUND(Notes!D447,0) -> 17938915
B16: Finance costs | C16: =+Notes!A449 -> 29 | D16: =ROUND(Notes!C456,0) -> 395272 | E16: =ROUND(Notes!D456,0) -> 4585229
B17: Depreciation and amortisation expense | C17: 3 | D17: =ROUND(Notes!C464,0) -> 3854623 | E17: =ROUND(Notes!D464,0) -> 1350262 | G17: 303131 | H17: =D17-G17 -> 3551492
B18: Other expenses | C18: =Notes!A466 -> 31 | D18: =ROUND(Notes!C498,0) -> 62532317 | E18: =ROUND(Notes!D498,0) -> 55713860
B19: Total expenses | D19: =SUM(D13:D18)+2 -> 136451345 | E19: =SUM(E13:E18)+6 -> 126352839
B21: Profit before exceptional items and tax | D21: =D10-D19 -> -69359635 | E21: =E10-E19-1 -> -60115399
B22: Exceptional items | D22: 0 | E22: 0
B23: Profit before tax | D23: =SUM(D21:D22) -> -69359635 | E23: =SUM(E21:E22) -> -60115399
B24: Tax expense
B25: (1) Current tax | D25: 0 | E25: 0
B26: (2) Deferred tax asset/(liability) | D26: =ROUND('Deferred tax 22-23'!G14,)-4 -> -749317 | E26: 0 | G26: PY
B27: Profit for the year | D27: =D23+D25+D26-4 -> -70108956 | E27: =E23-E25+E26 -> -60115399 | F27: ='Profit reco'!F14 -> -69899415 | G27: -60115259
F28: =D27-F27 -> -209540.67 | G28: =E27-G27 -> -140
B29: Other comprehensive income:
B30: Items that will not be reclassified to profit or loss
B31: Remeasurement of net defined benefit liability | D31: =-'PL Grouping'!K345 -> -42449 | E31: =ROUND('PL Grouping'!L343,0) -> -1661
B32: Income tax relating to items not reclassified | D32: 0 | E32: 0
B33: Items that will be reclassified subsequently to profit or loss | D33: 0 | E33: 0
B34: Income tax relating to items that will be reclassified | D34: 0 | E34: 0
B36: Total comprehensive income for the year | D36: =+D27+D31+D32+D34 -> -70151405 | E36: =+E27+E31+E32+E34 -> -60117060
B38: Earnings per share | C38: =Notes!A500 -> 32
B39: Basic earnings (loss) per share | D39: =Notes!C508 -> -11.79439 | E39: =Notes!D508 -> -10.11318
B40: Diluted earnings (loss) per share | D40: =+Notes!C509 -> -11.79439 | E40: =+Notes!D509 -> -10.11318
B42: The accompanying notes are integral part of the financial statements (all amounts in rupees)
C43: ="1 to " &'Notes 42 to 43'!A14 -> 1 to 43
B44: In terms of our report on even date attached
B47: For Sunil Modi & Co | C47: For and on behalf of the Board of Directors
B48: Chartered Accountants
B49: Firm Registration No. 142806W
B53: Sunil Modi | C53: =+BS!C63 -> Deep A. Lalvani | E53: =+BS!E63 -> Ninotchka Malkani Nagpal
B54: Partner | C54: =+BS!C64 -> Chairman | E54: =+BS!E64 -> Director
B55: Membership No. 042562 | C55: =+BS!C65 -> DIN: 01771000 | E55: =+BS!E65 -> DIN: 00031985
B56: =+BS!B66 -> UDIN: | C56: =+BS!C66 -> Place : Mumbai
B57: =+BS!B67 -> Place : Mumbai | C57: =+BS!C67 -> Date : 22 May 2023
B58: =+BS!B68 -> Date : 22 May 2023

Sheet Cash flow
A1: =BS!A1 -> 1908 E-Ventures Private Limited
A2: Cash flow statement for the year ended 31st March, 2023
A3: =PL!A4 -> [Currency: Indian Rupees(Rs.'000)]
A4: Particulars | C4: Year ended | D4: Year ended | G4: Year ended
C5: 31st March, 2023 | D5: 31st March, 2022 | G5: 31st March, 2022
A6: A. Cash flow from operating activities
A8: Net Profit before tax | C8: =ROUND(PL!D23,0) -> -69359635 | D8: =ROUND(PL!E23,0) -> -60115399 | G8: -60115259 | I8: =D8-G8 -> -140
A9: Adjustments for: | I9: =D9-G9 -> 0
A10: Depreciation and amortisation expense | C10: =ROUND(PL!D17,0) -> 3854623 | D10: =ROUND(PL!E17,0) -> 1350262 | G10: 1350262 | I10: =D10-G10 -> 0
A11: Interest income | C11: =ROUND(-(Notes!C412+Notes!C413+Notes!C414),0) -> -21217 | D11: =ROUND(-(Notes!D412+Notes!D413+Notes!D414),0) -> -37675 | G11: -37675 | I11: =D11-G11 -> 0
A12: Exchange gain | C12: =Notes!C475 -> 38077 | D12: =Notes!D475 -> 122301 | G12: 122301 | I12: =D12-G12 -> 0
A13: Provision for Gratuity | C13: =ROUND(Notes!C443,0) -> 210410 | D13: =ROUND(Notes!D443,0) -> 188986 | G13: 188986 | I13: =D13-G13 -> 0
A14: Provision for Leave encashment | C14: =ROUND(Notes!C444,0) -> 479272 | D14: =ROUND(Notes!D444,0) -> 493373 | G14: 493373 | I14: =D14-G14 -> 0
A15: Employee stock options | C15: =ROUND(Notes!C445,0) -> 0 | D15: =ROUND(Notes!D445,0) -> 2073850 | G15: 2073850 | I15: =D15-G15 -> 0
A16: Profit/(loss) on sale of PPE | C16: =-Notes!C415+Notes!C485 -> 0 | D16: =-Notes!D415+Notes!D485 -> -2435 | G16: 0 | I16: =D16-G16 -> -2435
A17: Sundry balances written back/written-off | C17: =ROUND(-Notes!C416,0) -> -40845 | D17: =ROUND(-Notes!D416,0) -> -269244 | G17: -269245 | I17: =D17-G17 -> 1
A18: Operating profit before working capital changes | C18: =SUM(C8:C17)-10 -> -64839325 | D18: =ROUND(SUM(D8:D17),0) -> -56195981 | G18: -56193407 | I18: =D18-G18 -> -2574
I19: =D19-G19 -> 0
A20: Adjustment for: | I20: =D20-G20 -> 0
A21: Decrease/ (Increase) in inventories | C21: =ROUND(BS!E20-BS!D20,0) -> -1787250 | D21: =ROUND(BS!F20-BS!E20,0) -> -9464097 | F21: -1787250 | G21: -9464097 | I21: =D21-G21 -> 0
A22: Decrease/ (Increase) in trade receivable | C22: =ROUND(BS!E22-BS!D22,0) -> 2044649 | D22: =ROUND(BS!F22-BS!E22,0) -> 254410 | F22: 1998204 | G22: 254410 | I22: =D22-G22 -> 0
A23: Decrease/ (Increase) in long term loans and advances and other receivables | C23: =ROUND(BS!E17-BS!D17+BS!E16-BS!D16+BS!E15-BS!D15,0) -> -213065 | D23: =ROUND(BS!F17-BS!E17+BS!F16-BS!E16+BS!F15-BS!E15,0) -> 70127 | F23: -213062 | G23: 70127 | I23: =D23-G23 -> 0
A24: Decrease/ (Increase) in other assets and receivables | C24: =ROUND(+BS!E25-BS!D25+BS!E24-BS!D24+BS!E11-BS!D11-Notes!C463,0)-8 -> -6228256 | D24: =ROUND(+BS!F25-BS!E25+BS!F24-BS!E24+BS!F11-BS!E11-Notes!D463,0) -> -10656361 | F24: -6228258 | G24: -10656361 | I24: =D24-G24 -> 0
A25: (Decrease)/Increase in trade and other payables | C25: =(ROUND(BS!D41-BS!E41+BS!D48+BS!D49-BS!E48-BS!E49+BS!D47-BS!E47+BS!D50-BS!E50+BS!D51-BS!E51+BS!D45-BS!E45+BS!D39-BS!E39-C12-'Cash flow'!C13-'Cash flow'!C14-C17+PL!D31,0))+PL!D31*0 -> 13565608 | D25: =ROUND(BS!E41-BS!F41+BS!E48+BS!E49-BS!F48-BS!F49+BS!E47-BS!F47+BS!E50-BS!F50+BS!E51-BS!F51+BS!E45-BS!F45+BS!E39-BS!F39-D12-'Cash flow'!D13-'Cash flow'!D14-D17+PL!E31,0)-30 -> 18842736 | F25: 13998740 | G25: 18842641 | I25: =D25-G25 -> 95
A26: Cash generated from operations | C26: =SUM(C18:C25)-10 -> -57457649 | D26: =SUM(D18:D25) -> -57149166 | G26: -57146687 | I26: =D26-G26 -> -2479
A27: Income tax refund/(paid) | C27: 0 | D27: 0 | G27: 0 | I27: =D27-G27 -> 0
A28: Net cash (used in)/ generated from operating activities | C28: =SUM(C26:C27) -> -57457649 | D28: =ROUND(SUM(D26:D27),0) -> -57149166 | G28: -57146687 | I28: =D28-G28 -> -2479
A29: B. Cash flow from investing activities | I29: =D29-G29 -> 0
A30: Acquisition of fixed assets and capital work in progress | C30: =ROUND(-FA!D58-FA!D23,0) -> -1093843 | D30: =ROUND(-FA!D42-FA!D69,0) -> -13151127 | G30: -13151127 | I30: =D30-G30 -> 0
A31: Purchase of investments | C31: =-BS!E14-BS!D14 -> -40000 | D31: 0
A32: Proceeds from sale of PPE | C32: =ROUND(FA!F23-FA!K23-C16,0) -> 42768 | D32: =FA!F42+FA!F74-FA!K42-FA!K74-D16 -> 5000 | G32: 2565 | I32: =D32-G32 -> 2435
A33: Interest income on fixed deposits and other advances | C33: =ROUND(-C11,0) -> 21217 | D33: =ROUND(-D11,0) -> 37675 | G33: 37675 | I33: =D33-G33 -> 0
A34: Net cash (used in)/ generated from investing activities | C34: =SUM(C30:C33)+4 -> -1069854 | D34: =ROUND(SUM(D30:D33),0) -> -13108452 | G34: -13110887 | I34: =D34-G34 -> 2435
A35: C. Cash flow from financing activities | I35: =D35-G35 -> 0
A36: Proceeds from issuance of Debentures | C36: =ROUND(BS!D40-BS!E40,0)*0 -> 0 | D36: 0 | G36: 0 | I36: =D36-G36 -> 0
A37: Proceeds from issuance of Inter corporate deposits*incl conversion | C37: 0 | D37: 2678186 | G37: 2678186 | I37: =D37-G37 -> 0
A38: Proceeds from issuance of Equity shares | C38: =ROUND(SOCE!C11+SOCE!C10+SOCE!C23,0) -> 4999975 | D38: 131422306 | G38: 131422306 | I38: =D38-G38 -> 0
A39: Proceeds from Short term borrowings | C39: =ROUND(BS!D46-BS!E46,0) -> 12468603 | D39: =ROUND(BS!E46-BS!F46,0) -> -22953413 | G39: -22953413 | I39: =D39-G39 -> 0
A40: Net cash (used in)/ generated from financing activities | C40: =SUM(C36:C39) -> 17468578 | D40: =SUM(D36:D39)+6 -> 111147085 | G40: 111147079 | I40: =D40-G40 -> 6
I41: =D41-G41 -> 0
A42: Net (decrease)/ increase in cash and cash equivalents (A+B+C) | C42: =ROUND(C40+C34+C28,0)+4 -> -41058921 | D42: =D40+D34+D28 -> 40889467 | G42: 40889505 | H42: =+(7550000-5999994) -> 1550006 | I42: =D42-G42 -> -38
A43: Cash and cash equivalents as at the beginning of year | C43: =ROUND(D44,0) -> 41102086 | D43: 212619 | G43: 212619 | I43: =D43-G43 -> 0
A44: Cash and cash equivalents at the end of year | C44: =+C42+C43 -> 43165 | D44: =+D42+D43 -> 41102086 | G44: 41102124 | H44: =H42+H43+C40 -> 19018584 | I44: =D44-G44 -> -38
H45: =BS!G33+BS!G34 -> -39110873 | I45: =D45-G45 -> 0
A46: Components of cash and cash equivalents (Also, refer note 10) | H46: =H44-H45 -> 58129457 | I46: =D46-G46 -> 0
A47: Cash in hand | C47: =ROUND(Notes!C138,0) -> 11768 | D47: =ROUND(Notes!D138,0) -> 10191 | G47: 10191 | H47: =H46+G34 -> 45018570 | I47: =D47-G47 -> 0
A48: Balance with scheduled banks in current accounts | C48: =ROUND(Notes!C137,0) -> 31401 | D48: =ROUND(Notes!D137,0) -> 41091901 | G48: 41091901 | I48: =D48-G48 -> 0
A49: Total | C49: =SUM(C47:C48) -> 43169 | D49: =SUM(D47:D48) -> 41102092 | F49: =C49-C44 -> 4 | G49: =D49-D44 -> 6 | I49: =D49-G49 -> 41102086
F50: =C44-C49 -> -4 | I50: =D50-G50 -> 0
A51: This is the Cash flow statement referred to in our audit report of even date | I51: =D51-G51 -> 0
F52: =F49-F51 -> 4 | I52: =D52-G52 -> 0
A53: =PL!B47 -> For Sunil Modi & Co | B53: =PL!C47 -> For and on behalf of the Board of Directors | I53: =D53-G53 -> 0
A54: =PL!B48 -> Chartered Accountants | I54: =D54-G54 -> 0
A55: =PL!B49 -> Firm Registration No. 142806W | I55: =D55-G55 -> 0
I56: =D56-G56 -> 0
I57: =D57-G57 -> 0
A58: =PL!B53 -> Sunil Modi | B58: =+BS!C63 -> Deep A. Lalvani | D58: =+BS!E63 -> Ninotchka Malkani Nagpal | I58: =D58-G58 -> #VALUE!
A59: =PL!B54 -> Partner | B59: =+BS!C64 -> Chairman | D59: =+BS!E64 -> Director | I59: =D59-G59 -> #VALUE!
A60: =PL!B55 -> Membership No. 042562 | B60: =+BS!C65 -> DIN: 01771000 | D60: =+BS!E65 -> DIN: 00031985 | I60: =D60-G60 -> #VALUE!
A61: =+BS!B66 -> UDIN: | B61: =+BS!C66 -> Place : Mumbai
A62: =+BS!B67 -> Place : Mumbai | B62: =+BS!C67 -> Date : 22 May 2023
A63: =+BS!B68 -> Date : 22 May 2023

Sheet Notes
A1: =+BS!A1 -> 1908 E-Ventures Private Limited
A2: Notes forming part of the financial statements
A3: =BS!A3 -> [Currency: Indian Rupees(Rs.'000)]
A5: 4 | B5: Right-of-use asset
B6: Particulars | C6: As at 31st March, 2023 | D6: As at 31st March, 2022
B7: Gross carrying value
B8: Opening balance | C8: =D11 -> 909392 | D8: 0 | F8: prev year | M8: =1/1000 -> 0.001
B9: Additions | C9: 0 | D9: =ROUND(909392.036063111,) -> 909392 | F9: as per bs
B10: Disposals | C10: 0 | D10: 0 | F10: as per bs
B11: Closing carrying value | C11: =SUM(C8+C9-C10) -> 909392 | D11: =SUM(D8+D9-D10) -> 909392 | F11: as per bs
B13: Accumulated amortisation | F13: working ind as | H13: =+D14-D13 -> 0 | I13: =+E14-E13 -> 0
B14: Opening balance | C14: =D17 -> 36542 | D14: 0
B15: Amortisation during the year | C15: =ROUND('PL Grouping'!K247,) -> 303131 | D15: 36542
B16: Disposals | C16: 0 | D16: 0 | F16: as per bs | H16: =+H13-D16 -> 0 | I16: =+I13-E16 -> 0 | J16: =+H16-I16 -> 0
B17: Closing balance | C17: =SUM(C14+C15-C16) -> 339673 | D17: =SUM(D14+D15-D16) -> 36542
B18: Closing carrying value | C18: =+C11-C17 -> 569719 | D18: =+D11-D17 -> 872850
A20: =+A5+1 -> 5 | B20: Deferred tax Assets (Net)
B21: Particulars | C21: =C6 -> As at 31st March, 2023 | D21: =D6 -> As at 31st March, 2022
B22: Deferred tax asset arising on account of (A)
B23: Opening DTA | C23: =+D33 -> 8165446 | D23: 8165446 | F23: prev year | M23: =1/1000 -> 0.001
B24: Timing difference between book depreciation and depreciation as per Income Tax Act ,1961 | C24: =ROUND(PL!D26,) -> -749317 | D24: 0 | F24: as per bs
B25: Employees benefit expenses | C25: 0 | D25: 0 | F25: as per bs
B26: Brought forward depreciation / Unabsorbed losses | C26: 0 | D26: 0 | F26: as per bs
B27: Preliminary expenses | C27: =+'Deferred tax 19-20'!G22*0 -> 0 | D27: 0
B28: Others | C28: =+PL!D32 -> 0 | D28: 0 | F28: working ind as | H28: =+D29-D28 -> 8165446 | I28: =+E29-E28 -> 0
C29: =SUM(C23:C28) -> 7416129 | D29: =SUM(D23:D28) -> 8165446
B30: Deferred tax liability arising on account of (B)
B31: Others | C31: 0 | D31: 0 | F31: as per bs | H31: =+H28-D31 -> 8165446 | I31: =+I28-E31 -> 0 | J31: =+H31-I31 -> 8165446
B33: Total | C33: =C29-SUM(C31:C31) -> 7416129 | D33: =D29-SUM(D31:D31) -> 8165446
B35: The Company has not recognized deferred tax asset on unabsorbed depreciation & carried forward business losses under tax laws and other temporary differences in view that it not probable that taxable profits will be available against which the deductible temporary differences can be utilized. Unused tax losses, unabsorbed depreciation and temporary differences on which no deferred tax asset is recognised in Balance Sheet
B36: Particulars | C36: =+C21 -> As at 31st March, 2023 | D36: =+D21 -> As at 31st March, 2022 | M36: Needs to be seen
B37: Deferred tax asset arising on account of (A)
B38: Unabsorbed Tax depreciation | C38: =ROUND(D38-'Deferred tax 21-22'!F14,) -> 61414 | D38: ='Deferred tax 21-22'!E14 -> 282270 | F38: prev year | M38: -1038850
B39: Unused Tax Losses | C39: =ROUND('Deferred tax 22-23'!E52,) -> 56378222 | D39: ='Deferred tax 21-22'!E50 -> 39313744 | F39: as per bs | M39: 17539614
B40: Temporary differences | C40: =ROUND('Deferred tax 22-23'!E27,0) -> 547857 | D40: ='Deferred tax 21-22'!E27 -> 409978 | F40: as per bs | M40: 250872
B41: Remeasurement of net defined benefit liability (OCI) | C41: =-ROUND(PL!D31*'Deferred tax 19-20'!$J$15%,0)*0 -> 0 | D41: =-ROUND(PL!E31*'Deferred tax 19-20'!$J$15%,0)*0 -> 0 | M41: -8388
B43: Total | C43: =SUM(C38:C42) -> 56987493 | D43: =SUM(D38:D42) -> 40005992
B44: Unabsorbed depreciation does not have any expiry period under the Income Tax Act, 1961.
B45: The tax benefits for the losses would expire if not utilised starting from financial year 2023-24 to 2030-31
A47: =A20+1 -> 6 | B47: Investments
B48: Particulars | C48: =C36 -> As at 31st March, 2023 | D48: =D36 -> As at 31st March, 2022
B49: Investments in equity shares (fully paid- up)
B50: In Indian Associate company measured at cost
B51: Unquoted
B52: Boofootel Private Limited | C52: =ROUND('BS Grouping'!K124,) -> 40000 | D52: 0 | F52: See Groupings | H52: =PROPER(B52) -> Boofootel Private Limited
B53: 4,000 (31 March 2022: NIL) equity shares of Rs. 10 each.
B55: Total | C55: =SUM(C50:C54) -> 40000 | D55: =SUM(D50:D54) -> 0
A58: =A47+1 -> 7 | B58: Non current financial assets
B59: Particulars | C59: =+C21 -> As at 31st March, 2023 | D59: =+D21 -> As at 31st March, 2022
B61: Deposit with maturity more than 12 months from reporting date | C61: =ROUND('BS Grouping'!K128,0) -> 100000 | D61: =ROUND('BS Grouping'!T128,0) -> 100000
B62: Deposit with statutory authorities | C62: =ROUND('BS Grouping'!K133,0) -> 29044 | D62: =ROUND('BS Grouping'!T133,0) -> 25000
B63: Security and other deposits* | C63: =ROUND('BS Grouping'!K137,0)+3 -> 275926 | D63: =ROUND('BS Grouping'!T137,0) -> 132339 | F63: See Groupings
B65: Total | C65: =SUM(C61:C64) -> 404970 | D65: =SUM(D61:D64) -> 257339
B66: *Comprises of Security deposit given to related parties: J.B.Advani & Co Private Limited | C66: ='SDS JBA'!E6 -> 174000 | D66: =C66 -> 174000
A68: =+A58+1 -> 8 | B68: Other non-current tax assets
B69: Particulars | C69: =+C59 -> As at 31st March, 2023 | D69: =+D59 -> As at 31st March, 2022
B71: Advance Income Tax (Net of Provision) | C71: =ROUND('BS Grouping'!K141,0) -> 127252 | D71: =ROUND('BS Grouping'!T141,0) -> 47081 | F71: TB
B73: Total | C73: =SUM(C71:C72) -> 127252 | D73: =SUM(D71:D72) -> 47081
A75: =+A68+1 -> 9 | B75: Other non-current assets
B76: Particulars | C76: =+C69 -> As at 31st March, 2023 | D76: =+D69 -> As at 31st March, 2022
B77: Considered good:
B78: Deferred notional rent expense | C78: =ROUND('BS Grouping'!K145,0) -> 12351 | D78: =ROUND('BS Grouping'!T145,0) -> 27088 | F78: see working
B80: Total | C80: =SUM(C78:C79) -> 12351 | D80: =SUM(D78:D79) -> 27088
A82: =+A75+1 -> 10 | B82: Inventories
B83: Particulars | C83: =+C76 -> As at 31st March, 2023 | D83: =+D76 -> As at 31st March, 2022
B85: Stock in trade | C85: =+C432 -> 28060951 | D85: =ROUND('BS Grouping'!T149,0) -> 26273701 | F85: Mannual
B87: Total | C87: =SUM(C85:C86) -> 28060951 | D87: =SUM(D85:D86) -> 26273701
A90: =+A82+1 -> 11 | B90: Trade receivables
B91: Particulars | C91: =+C83 -> As at 31st March, 2023 | D91: =+D83 -> As at 31st March, 2022
B93: Considered good | C93: =C109 -> 2662259 | D93: =ROUND('BS Grouping'!T158,0) -> 4706908 | F93: TB | G93: =ROUND('BS Grouping'!K158,0) -> 2708704
B94: Considered doubtful | C94: =C116 -> 46444 | D94: 0
C95: =SUM(C93:C94) -> 2708703 | D95: =SUM(D93:D94) -> 4706908
B96: Less: Provision for doubtful debts | C96: =-C94 -> -46444 | D96: 0
B98: Total | C98: =+C95+C96 -> 2662259 | D98: =+D95+D96 -> 4706908
B100: Trade Receivables aging schedule:
B101: Particulars | C101: =+C91 -> As at 31st March, 2023 | D101: =+D91 -> As at 31st March, 2022 | G101: tally
B102: Outstanding for following periods from the date of the transaction | G102: (i) Undisputed Trade receivables – considered good
B103: (i) Undisputed Trade receivables – considered good | G103: Less than 6 months | H103: 1551628.5
B104: Less than 6 months | C104: =ROUND(H103,) -> 1551628 | D104: 3842313.1 | G104: 6 months -1 year | H104: 87258.04
B105: 6 months -1 year | C105: =ROUND(H104,) -> 87258 | D105: 727737.53 | G105: 1-2 years | H105: 628832.7
B106: 1-2 years | C106: =ROUND(H105,) -> 628833 | D106: 116734.49 | G106: 2-3 years | H106: 394539.54
B107: 2-3 years | C107: =ROUND(H106,) -> 394540 | D107: 20123 | G107: More than 3 years | H107: 0
B108: More than 3 years | C108: =H107 -> 0 | G108: Total | H108: 2662258.8
B109: Total | C109: =SUM(C104:C108) -> 2662259 | D109: =SUM(D104:D108) -> 4706908.2 | G109: (ii) Undisputed Trade Receivables – considered doubtful
B110: (ii) Undisputed Trade Receivables – considered doubtful | G110: Less than 6 months
B111: Less than 6 months | C111: 0 | D111: 0 | G111: 6 months -1 year
B112: 6 months -1 year | C112: 0 | D112: 0 | G112: 1-2 years
B113: 1-2 years | C113: 0 | D113: 0 | G113: 2-3 years | H113: 46444
B114: 2-3 years | C114: =ROUND(H113,) -> 46444 | D114: 0 | G114: More than 3 years
B115: More than 3 years | C115: 0 | D115: 0 | G115: Total | H115: 46444
B116: Total | C116: =SUM(C111:C115) -> 46444 | D116: =SUM(D111:D115) -> 0
B117: (iii) Disputed Trade Receivables considered good | H117: 2708702.8
B118: Less than 6 months | C118: 0 | D118: 0
B119: 6 months -1 year | C119: 0 | D119: 0 | H119: ='BS Grouping'!K158 -> 2708703.7
B120: 1-2 years | C120: 0 | D120: 0 | H120: =H117-H119 -> -0.89
B121: 2-3 years | C121: 0 | D121: 0
B122: More than 3 years | C122: 0 | D122: 0
B123: Total | C123: =SUM(C118:C122) -> 0 | D123: =SUM(D118:D122) -> 0
B124: (iv) Disputed Trade Receivables considered doubtful
B125: Less than 6 months | C125: 0 | D125: 0
...

Sheet SOCE
A1: =BS!A1 -> 1908 E-Ventures Private Limited
A2: Statement of Changes in Equity
A3: For the year ended 31st March, 2023
A4: =BS!A3 -> [Currency: Indian Rupees(Rs.'000)]
A6: A. Equity share capital
A7: Particulars | B7: 2022-23 | D7: 2021-22
B8: Number of Shares | C8: Amount in Rupees | D8: Number of Shares | E8: Amount in Rupees
A9: Opening Balance | B9: =+D14 -> 5944263 | C9: =B9*10 -> 59442630 | D9: 3199329 | E9: 31993290
A10: Add: Shares issued on exercise of employee stock options during the year | C10: =+B10*10 -> 0 | D10: 37000 | E10: 370000
A11: Add: Shares issued on private placement | B11: 50251 | C11: =+B11*10 -> 502510 | D11: 1894732 | E11: 18947320
A12: Add: Shares issued on conversion of Convertible debenture during the year | C12: =+B12*10 -> 0 | D12: 457142 | E12: 4571420
A13: Add: Shares issued on conversion of ICD/Loan during the year | C13: =+B13*10 -> 0 | D13: 356060 | E13: 3560600 | J13: =194529139-118487682 -> 76041457
A14: Balance as at the end of the year | B14: =SUM(B9:B13) -> 5994514 | C14: =SUM(C9:C13) -> 59945140 | D14: =SUM(D9:D13) -> 5944263 | E14: =SUM(E9:E13) -> 59442630 | J14: =+E29+C14 -> 10926966
A17: B. Other equity
A18: Particulars | B18: Reserves and surplus | E18: Total equity | J18: =J13-J14 -> 65114491 | K18: 149599 | L18: b
B19: Retained earnings | C19: Securities premium | D19: Employee share options (net) | K19: 335985 | L19: d4
B20: Rs. | C20: Rs. | D20: Rs. | E20: Rs. | K20: =SUM(K18:K19) -> 485584
A21: Balance as at 1 April 2022 | B21: =+B39 -> -156058722 | C21: =+C39 -> 172694594 | D21: =+D39 -> -106 | E21: =SUM(B21:D21) -> 16635766 | K21: =+J18+K20 -> 65600075
A22: Profit for the year | B22: =ROUND(PL!D27,) -> -70108956 | C22: 0 | D22: 0 | E22: =SUM(B22:D22) -> -70108956
A23: Issue of equity shares | B23: 0 | C23: 4497465 | D23: 0 | E23: =SUM(B23:D23) -> 4497465
A24: Transfer from/to general reserve/retained earnings during the year | C24: 0 | D24: =-B24 -> 0 | E24: =SUM(B24:D24) -> 0
A25: Employee stock options (net) | B25: -106 | C25: 0 | D25: 106 | E25: =SUM(B25:D25) -> 0
A26: Other comprehensive income | B26: =ROUND((PL!D31+PL!D32),) -> -42449 | C26: 0 | D26: =PL!F31 -> 0 | E26: =SUM(B26:D26) -> -42449
A28: Total comprehensive income for the year | B28: =SUM(B22:B26) -> -70151511 | C28: =SUM(C22:C26) -> 4497465 | D28: =SUM(D22:D26) -> 106 | E28: =SUM(E22:E26) -> -65653940
A29: Balance as at 31 March 2023 | B29: =B28+B21 -> -226210233 | C29: =C28+C21 -> 177192059 | D29: =D28+D21 -> 0 | E29: =E28+E21 -> -49018174 | J29: =E29+C14 -> 10926966
A31: Balance as at 1 April 2022 | B31: -98611789 | C31: 35221692 | D31: 596171 | E31: =SUM(B31:D31) -> -62793926
A32: Profit for the year | B32: =ROUND(PL!E27,) -> -60115399 | C32: 0 | D32: 0 | E32: =SUM(B32:D32) -> -60115399
A33: Issue of equity shares | B33: 0 | C33: 137472902 | D33: 0 | E33: =SUM(B33:D33) -> 137472902
A34: Transfer from/to general reserve/retained earnings during the year | B34: 2670127 | C34: 0 | D34: -2670127 | E34: =SUM(B34:D34) -> 0
A35: Employee stock options (net) | B35: 0 | C35: 0 | D35: 2073850 | E35: =SUM(B35:D35) -> 2073850
A36: Other comprehensive income | B36: =ROUND(PL!E31,) -> -1661 | C36: 0 | D36: 0 | E36: =SUM(B36:D36) -> -1661
A38: Total comprehensive income for the year | B38: =SUM(B32:B37) -> -57446933 | C38: =SUM(C32:C37) -> 137472902 | D38: =SUM(D32:D37) -> -596277 | E38: =SUM(E32:E37) -> 79429692
A39: Balance as at 31 March 2022 | B39: =B31+B38 -> -156058722 | C39: =C31+C38 -> 172694594 | D39: =D31+D38 -> -106 | E39: =E31+E38 -> 16635766 | J39: =E39+E14 -> 76078396
A41: =BS!B56 -> The accompanying notes are integral part of the financial statements (all amounts in Rupees) In terms of our report on even date attached | J41: 16635692
A46: For Sunil Modi & Co | B46: For and on behalf of the Board of Directors
A47: Chartered Accountants
A48: Firm Registration No. 142806W
A52: Sunil Modi | B52: =+BS!C63 -> Deep A. Lalvani | D52: =+BS!E63 -> Ninotchka Malkani Nagpal
A53: Partner | B53: =+BS!C64 -> Chairman | D53: =+BS!E64 -> Director
A54: Membership No. 042562 | B54: =+BS!C65 -> DIN: 01771000 | D54: =+BS!E65 -> DIN: 00031985
A55: =+PL!B56 -> UDIN: | B55: =+BS!C66 -> Place : Mumbai
A56: =+BS!B67 -> Place : Mumbai | B56: =+BS!C67 -> Date : 22 May 2023
A57: =+BS!B68 -> Date : 22 May 2023

Sheet cash loss
C1: 1908 E-ventures Private Limited
C3: Cash losses Calculation
C5: Particulars | D5: As at 31 March 2023 | E5: As at 31 March 2022
C6: Profit & Loss ( excluding other comprehensive income) | D6: =PL!D27 -> -70108956 | E6: =PL!E27 -> -60115399
C7: Add: Depreciation and amortisation | D7: =PL!D17 -> 3854623 | E7: =PL!E17 -> 1350262
C8: Add: Interest charge as per Ind AS 116 | D8: =ROU!D51 -> 90939 | E8: =ROU!D50 -> 10962.51
C9: Less: Interest income on security deposit given | D9: =-Notes!C414 -> -13234 | E9: =-Notes!D414 -> -24198
C10: Less: Amortisation of Rent income
C11: Add: Net gain /loss on FV changes on redemtion of Mutual Fund
C12: Add: Gratuity
C13: Add: Rent paid | D13: =Notes!C484*0 -> 0 | E13: =Notes!D484*0 -> 0
C14: Add: Loss on settlement of financial assets
C15: Add: ESOP expense | D15: =Notes!C445 -> 0 | E15: =Notes!D445 -> 2073850
C16: Add: Foreign exchange gain/loss | D16: =Notes!C475 -> 38077 | E16: =Notes!D475 -> 122301
C17: Less: Defered Tax | D17: =PL!D26 -> -749317 | E17: =PL!E26 -> 0
C18: Net cash loss | D18: =SUM(D6:D17) -> -66887868 | E18: =SUM(E6:E17) -> -56582221

Sheet Accounting Policies(2)
A1: ='Cash flow'!A1 -> 1908 E-Ventures Private Limited
A2: Significant accounting policies and other explanatory information for the year ended 31st March, 2022
A3: Notes to the financial statements
A5: 1 | B5: Company information
B6: (a) | C6: 1908 E-Ventures Pvt. Ltd. is a private limited company incorporated under the provision of the Companies Act, 2013. The Company was promoted & incorporated by M/s. J.B. Advani & Company Pvt. Ltd. and M/s. Ador Multiproducts Ltd. on 18th August 2015 to carry on the business to create an e-commerce platform - both website based & mobile application based that will showcase, display and sell multiple brands and provide all e - commerce based trading of consumer goods. 1908 E-Ventures Pvt. Ltd. (‘the Company’) is a private limited company and was incorporated in 2015. The registered and corporate office of the company is situated at 5th floor, Ador House, 6K Dubash Marg, Fort, 6, K Dubash Marg, Kala Ghoda, Fort, Mumbai, Maharashtra 400001.
A7: 2.1 | B7: BASIS OF PREPARATION OF FINANCIAL STATEMENTS
B8: (a) | C8: Basis of preparation and compliance with Ind AS
B9: (i) | C9: For all periods upto and including the year ended 31 March 2017, the Company prepared its financial statements in accordance with Generally Accepted Accounting Principles in India (IGAAP) and complied with the accounting standards (Previous GAAP) as notified under Section 133 of the Companies Act, 2013 read together with Rule 7 of the Companies (Accounts) Rules, 2014, (as amended), to the extent applicable and the presentation requirements of the Companies Act, 2013.
B10: (ii) | C10: In accordance with the notification issued by the Ministry of Corporate Affairs, the Company has adopted Indian Accounting Standards (Ind AS) notified under Section 133 (as amended) of the Act (collectively, “Ind AS”) with effect from 1 April, 2017.
B12: (b) | C12: Critical estimates and judgements
C13: The preparation of Financial Statements in conformity with Ind AS which requires management to make estimates, assumptions and exercise judgement in applying the accounting policies that affect the reported amount of assets, liabilities and disclosure of contingent liabilities at the date of financial statements and the reported amounts of income and expenses during the year.
C14: The Management believes that these estimates are prudent and reasonable and are based upon the management’s best knowledge of current events and actions. Actual results could differ from these estimates and differences between actual results and estimates are recognised in the periods in which the results are known or materialised.
C15: This note provides an overview of the areas that involved a higher degree of judgement or complexity, and of items which are more likely to be materially adjusted due to estimates and assumptions turning out to be different than those originally assessed.
C16: Useful lives of property, plant and equipment
C17: Property, Plant and Equipment represent a significant proportion of the asset base of the Company . The charge in respect of periodic depreciation is derived after determining an estimate of an asset’s expected useful life and the expected residual value at the end of its life. The useful lives and residual values of Company’s assets are determined by the management at the time the asset is acquired and reviewed periodically, including at each financial year end.
C19: Valuation of deferred tax assets
C20: The Company reviews the carrying amount of deferred tax assets at the end of each reporting period. Significant judgement is involved in arriving at the deferred tax assets and liabilities, which is based on the Company’s current operations and projections for the future.
C22: Defined benefit obligation
C23: The cost of post-employment benefits is determined using actuarial valuations. The actuarial valuation involves making assumptions about discount rates, expected rate of return on assets, future salary increases and mortality rates. Due to the long term nature of these plans such estimates are subject to significant uncertainty. The assumptions used as disclosed in Note 32.
B25: (c) | C25: Basis of measurement
C26: The Ind AS financial statements have been prepared on a going concern basis using historical cost convention and on an accrual method of accounting, except for certain financial assets and liabilities which have been measured at fair value as described below and defined benefit plans which have been measured at actuarial valuation as required by relevant Ind AS.
C27: Fair value measurement
C28: The Company measures certain financial assets and liabilities at fair value at each balance sheet date. Fair value is the price that would be received to sell an asset or paid to transfer a liability in an orderly transaction between market participants at the measurement date. The fair value measurement is based on the presumption that the transaction to sell the asset or transfer the liability takes place either:
C29: - In the principal market for the asset or liability, or
C30: - In the absence of a principal market, in the most advantageous market for the asset or liability
C31: The principal or the most advantageous market must be accessible by the Company .
C32: The fair value of an asset or a liability is measured using the assumptions that market participants would use when pricing the asset or liability, assuming that market participants act in their economic best interest.
C33: A fair value measurement of a non-financial asset takes into account a market participant’s ability to generate economic benefits by using the asset in its highest and best use or by selling it to another market participant that would use the asset in its highest and best use.
C34: Fair value for measurement and /or disclosure purpose in these financial statements is determined on such a basis, except for leasing transactions that are within the scope of Ind AS 17, and measurements that have some similarities to fair value, such as net realisable value in Ind AS 2 or value in use in Ind AS 36.
C35: The Company uses valuation techniques that are appropriate in the circumstances and for which sufficient data are available to measure fair value, maximising the use of relevant observable inputs and minimising the use of unobservable inputs.
C36: All assets and liabilities for which fair value is measured or disclosed in the financial statements are categorised within the fair value hierarchy, described as follows, based on the lowest level input that is significant to the fair value measurement as a whole:
C37: Level 1 — Quoted (unadjusted) market prices in active markets for identical assets or liabilities
... C40: For the purpose of fair value disclosures, the Company has determined classes of assets and liabilities on the basis of the nature, characteristics and risks of the asset or liability and the level of the fair value hierarchy as explained above.
B41: (d) | C41: Functional and presentation currency
C42: These Ind AS Financial Statements are prepared in Indian Rupee which is the Company’s functional currency.
A44: 2.2 | B44: SIGNIFICANT ACCOUNTING POLICIES
B45: (a) | C45: Income Recognition
B46: (i) | C46: Revenue from sale of goods
C47: Revenue is measured at the fair value of the consideration received or receivable, net of discounts, volume rebates, outgoing sales taxes and other indirect taxes excluding excise duty.
C48: Revenue from sale of goods is recognised when all significant risks and rewards of ownership of the goods sold are transferred to the customer which generally coincides with delivery.
B49: (ii) | C49: Revenue from Services
C50: In contract involving rendering of services, revenue is recognised using the proportionate completion method in line with agreements / arrangements with concerned parties and is net of goods and service tax. Revenue from services is recognised when the services are rendered in accordance with the specific terms of contract and when collectability of the resulting receivable is reasonably assured.
B51: (iii) | C51: Revenue from Contracts
C52: Revenue from fixed price contracts is recognised using the percentage of completion method. Percentage of completion is determined as a proportion of the cost incurred up to the reporting date of the total estimated contract costs. Proportionate completion is measured based upon the efforts incurred to date in relation to the total estimated efforts to complete the contract. The Company monitors estimates of total contract revenue and costs on a regular basis throughout the delivery period. The cumulative impact of any change in estimates of the contract value or cost is reflected in the period in which the changes become known. In the event that a loss is anticipated on a particular contract, provision is made for the estimated loss.
B53: (iv) | C53: Interest income
C54: Interest income is accounted on accrual basis in time proportion. Interest income is recognised using effective rate of interest method.
B56: (v) | C56: Dividend income
C57: Dividend income is recognised as and when the right to receive payment is established.
B59: (b) | C59: Property, Plant and Equipment
B60: (i) | C60: Property, plant and equipment
C61: On transition to Ind AS, the Company has elected to continue with the carrying value of all of its property, plant and equipment recognised as at 1 April 2016 measured as per the previous GAAP and use that carrying value as the deemed cost of the property, plant and equipment.
C62: Freehold land is carried at historical cost. All other items of Property, plant and equipment are shown at cost, less accumulated depreciation and impairment, if any. The initial cost of property, plant and equipment comprises its purchase price, including import duties and non-refundable purchase taxes, attributable borrowing cost and any other directly attributable costs of bringing an asset to working condition and location for its intended use. It also includes the present value of the expected cost for the decommissioning and removing of an asset and restoring the site after its use, if the recognition criteria for a provision are met.
C63: The Company provides depreciation on all assets on written down value basis over its useful life of asset which is in line with Schedule II of Companies Act,2013.
C64: Expenditure incurred after the property, plant and equipment have been put into operation, such as repairs and maintenance, are normally charged to the statements of profit and loss in the period in which the costs are incurred. Major inspection and overhaul expenditure is capitalized if the recognition criteria are met.
C65: When significant parts of plant and equipment are required to be replaced at intervals, the Company depreciates them separately based on their specific useful lives. Likewise, when a major inspection is performed, its cost is recognised in the carrying amount of the plant and equipment as a replacement if the recognition criteria are satisfied. All other repair and maintenance costs are recognised in the statement of profit and loss as incurred.
C66: Gains and losses on disposal of an item of property, plant and equipment are determined by comparing the proceeds from disposal with the carrying amount of property, plant and equipment, and are recognized net within other income/other expenses in statement of profit and loss.
C67: An item of property, plant and equipment and any significant part initially recognised is derecognised upon disposal or when no future economic benefits are expected from its use or disposal. Any gain or loss arising on derecognition of the asset (calculated as the difference between the net disposal proceeds and the carrying amount of the asset) is included in the statement of profit and loss, when the asset is derecognised.
C68: The residual values, useful lives and methods of depreciation of property, plant and equipment are reviewed at each financial year end and adjusted prospectively, if appropriate.
B70: (ii) | C70: Capital work in progress
C71: Assets in the course of construction are capitalized in capital work in progress account. At the point when an asset is capable of operating in the manner intended by management, the cost of construction is transferred to the appropriate category of property, plant and equipment. Costs associated with the commissioning of an asset are capitalised till the time asset is available for use for operating at normal levels. Revenue generated from production during the trial period is credited to capital work in progress.
B72: (iii) | C72: Investment properties:
C73: Property that is held for long-term rental yields or for capital appreciation or both, and that is not in use by the Company, is classified as investment property. Land held for a currently undetermined future use is also classified as an investment property. Investment property is measured initially at its acquisition cost, including related transaction costs and where applicable borrowing costs.
C74: On transition to Ind AS, the Company has elected to continue with the carrying value of all of its investment properties recognised as at 1 April 2016 measured under IGAAP as the deemed cost of investment properties.
B76: (iv) | C76: Depreciation
C77: Depreciation is provided on a pro-rata basis on the Written down value (WDV) method based on useful life as estimated by the Management and aligned to Schedule II to the Companies Act, 2013 in order to reflect the actual usage of assets. Depreciation on assets acquired under finance lease is spread over the lease period or useful life, whichever is shorter.
C78: Assets in the course of development or construction and freehold land are not depreciated. Other property, plant and equipment are stated at cost less accumulated depreciation and any provision for impairment. Depreciation commences when the assets are ready for their intended use. Depreciation is calculated on the depreciable amount, which is the cost of an asset less its residual value. Depreciation is provided at rates calculated to write off the cost, less estimated residual value, of each asset on a written down value basis over its expected useful life determined by the management and aligned to the schedule II to the Companies Act, 2013 in order to reflect the actual usage of assets. Major inspection and overhaul costs are depreciated over the estimated life of the economic benefit derived from such costs. The carrying amount of the remaining previous overhaul cost is charged to the statement of profit and loss if the next overhaul is undertaken earlier than the previously estimated life of the economic benefit. When significant spare parts of an item of property, plant and equipment have different useful lives, they are accounted for as separate items (major components) of property, plant and equipment. Depreciation methods, useful lives and residual values are reviewed at each financial year end and changes in estimates, if any, are accounted for prospectively.
B80: (c) | C80: Intangible assets
C81: Intangible assets acquired are measured on initial recognition at cost. Following initial recognition, intangible assets are carried at cost less any accumulated amortisation and accumulated impairment losses.
C82: The useful lives of intangible assets are assessed as either finite or indefinite. The Company currently does not have any intangible assets with indefinite useful life. Intangible assets are amortised over the useful economic life and assessed for impairment whenever there is an indication that the intangible asset may be impaired. The amortisation period and the amortisation method for an intangible asset are reviewed at least at the end of each reporting period. Changes in the expected useful life or the expected pattern of consumption of future economic benefits embodied in the asset are considered to modify the amortisation period or method, as appropriate, and are treated as changes in accounting estimates. The amortisation expense on intangible assets is recognised in the statement of profit and loss unless such expenditure forms part of carrying value of another asset.
C83: Gains or losses arising from derecognition of an intangible asset are measured as the difference between the net disposal proceeds and the carrying amount of the asset and are recognised in the statement of profit and loss when the asset is derecognised.
C84: The Company amortises intangible assets with a finite useful life using the straight-line method over the following periods: Computer Software/Website Development - 3 to 5 years.
C85: On transition to Ind AS, the Company has elected to continue with the carrying value of all of its intangible assets recognised as at 1 April 2016 measured as per the previous GAAP (Indian GAAP) and use that carrying value as the deemed cost of the intangible assets.
C86: Intangible assets are amortised on a Straight Line basis over their estimated useful lives. The amortisation period and the amortisation method are reviewed at least at each financial year end. If the expected useful life of the asset is significantly different from previous estimates, the amortisation period is changed accordingly.
C87: Brand acquired have been amortised over the estimated useful lives of 7 years.
B89: (d) | C89: Financial instruments
C90: A financial instrument is any contract that gives rise to a financial asset of one entity and a financial liability or equity instrument of another entity.
C91: Financial assets
C92: Initial recognition and measurement
C93: All financial assets are recognised initially at fair value plus, in the case of financial assets not recorded at fair value through statement of profit and loss, transaction costs that are attributable to the acquisition of the financial asset. Purchases or sales of financial assets that require delivery of assets within a time frame established by regulation or convention in the market place (regular way trades) are recognised on the trade date, i.e., the date that the Company commits to purchase or sell the asset.
C94: Subsequent measurement
C95: Subsequent measurement of financial assets is described below -
C96: Debt instruments at amortised cost
C97: A 'debt instrument' is measured at the amortised cost if both the following conditions are met:
B98: (i) | C98: The asset is held within a business model whose objective is to hold assets for collecting contractual cash flows, and
B99: (ii) | C99: Contractual terms of the asset give rise on specified dates to cash flows that are solely payments of principal and interest (SPPI) on the principal amount outstanding.
C101: After initial measurement, such financial assets are subsequently measured at amortised cost using the effective interest rate (EIR) method. Amortised cost is calculated by taking into account any discount or premium on acquisition and fees or costs that are an integral part of the EIR. The EIR amortisation is included in finance income in the statement of profit and loss. The losses arising from impairment are recognised in the statement of profit and loss. This category generally applies to trade and other receivables.
C102: Debt instrument at FVTOCI
C103: A ‘debt instrument’ is classified as at the FVTOCI if both of the following criteria are met:
B104: (i) | C104: The objective of the business model is achieved both by collecting contractual cash flows and selling the financial assets, and
B105: (ii) | C105: The asset’s contractual cash flows represent SPPI.
C106: Debt instruments included within the FVTOCI category are measured initially as well as at each reporting date at fair value. Fair value movements are recognized in the other comprehensive income (OCI). However, the Company recognizes interest income, impairment losses & reversals and foreign exchange gain or loss in the statement of profit and loss. On derecognition of the asset, cumulative gain or loss previously recognised in OCI is reclassified from the equity to statement of profit and loss. Interest earned while holding FVTOCI debt instrument is reported as interest income using the EIR method.
C107: Debt instrument at FVTPL
C108: FVTPL is a residual category for debt instruments. Any debt instrument, which does not meet the criteria for categorization as at amortized cost or as FVTOCI, is classified as at FVTPL.
C109: In addition, the Company may elect to designate a debt instrument, which otherwise meets amortized cost or FVTOCI criteria, as at FVTPL. However, such election is allowed only if doing so reduces or eliminates a measurement or recognition inconsistency (referred to as ‘accounting mismatch’). The Company has designated its investments in debt instruments as FVTPL. Debt instruments included within the FVTPL category are measured at fair value with all changes recognized in the statement of profit and loss.
C110: Financial Assets - Derecognition
C111: A financial asset (or, where applicable, a part of a financial asset or part of a Company of similar financial assets) is primarily derecognised (i.e. removed from the Company’s balance sheet) when:
B112: (i) | C112: The rights to receive cash flows from the asset have expired, or
B113: (ii) | C113: The Company has transferred its rights to receive cash flows from the asset or has assumed an obligation to pay the received cash flows in full without material delay to a third party under a ‘pass- through’ arrangement; and either (a) the Company has transferred substantially all the risks and rewards of the asset, or (b) the Company has neither transferred nor retained substantially all the risks and rewards of the asset, but has transferred control of the asset.
C114: When the Company has transferred its rights to receive cash flows from an asset or has entered into a pass-through arrangement, it evaluates if and to what extent it has retained the risks and rewards of ownership. When it has neither transferred nor retained substantially all of the risks and rewards of the asset, nor transferred control of the asset, the Company continues to recognise the transferred asset to the extent of the Company’s continuing involvement. In that case, the Company also recognises an associated liability. The transferred asset and the associated liability are measured on a basis that reflects the rights and obligations that the Company has retained. Continuing involvement that takes the form of a guarantee over the transferred asset is measured at the lower of the original carrying amount of the asset and the maximum amount of consideration that the Company could be required to repay.
C115: Impairment of financial assets
...

Sheet FA
A1: =+BS!A1 -> 1908 E-Ventures Private Limited
A2: Notes forming part of the financial statements
A3: =BS!A3 -> [Currency: Indian Rupees(Rs.'000)]
A5: 3. Property Plant & Equipment
B7: Gross block - at cost | H7: Depreciation/ Amortisation | M7: Net block
B8: As at | C8: GAAP | G8: As at | H8: As at | I8: For the | L8: As at | M8: As at
A9: Particulars | B9: 1 April 2022 | C9: Adjustments | D9: Additions | E9: Adjustments | F9: Deductions | G9: 31 March 2023 | H9: 1 April 2022 | I9: year | J9: Adjustments | K9: Deductions | L9: 31 March 2023 | M9: 31 March 2023
A11: Tangible assets
A13: Computers | B13: 1354117 | D13: 705874 | E13: 0 | F13: 169407 | G13: =ROUND(B13+D13+E13-F13-C13,0) -> 1890584 | H13: 781244 | I13: =598163+6630 -> 604793 | J13: =6630*0 -> 0 | K13: 126639 | L13: =ROUND(H13+I13+J13-K13,0) -> 1259398 | M13: =G13-L13 -> 631186
A15: Furniture and fixtures | B15: 1065072 | D15: 111300 | E15: 0 | F15: 0 | G15: =ROUND(B15+D15+E15-F15-C15,0) -> 1176372 | H15: 888571 | I15: 134972 | J15: =55507*0 -> 0 | K15: 0 | L15: =ROUND(H15+I15+J15-K15,0) -> 1023543 | M15: =G15-L15 -> 152829
A17: Electrical installations | B17: 187694 | D17: 0 | E17: 0 | F17: 0 | G17: =ROUND(B17+D17+E17-F17-C17,0) -> 187694 | H17: 157361 | I17: 7852 | J17: 0 | K17: 0 | L17: =ROUND(H17+I17+J17-K17,0) -> 165213 | M17: =G17-L17 -> 22481
A19: Office equipments | B19: 749321 | D19: 140169 | E19: 0 | F19: 0 | G19: =ROUND(B19+D19+E19-F19-C19,0) -> 889490 | H19: 567317 | I19: =128288+11113 -> 139401 | J19: =11113*0 -> 0 | K19: 0 | L19: =ROUND(H19+I19+J19-K19,0) -> 706718 | M19: =G19-L19 -> 182772 | O19: 15906 | P19: Extra Entry
O21: 28000 | P21: Extra Entry
A23: Total | B23: =SUM(B13:B20) -> 3356204 | C23: =SUM(C13:C20) -> 0 | D23: =SUM(D13:D20) -> 957343 | E23: =SUM(E13:E20) -> 0 | F23: =SUM(F13:F20) -> 169407 | G23: =SUM(G13:G20) -> 4144140 | H23: =SUM(H13:H20) -> 2394493 | I23: =SUM(I13:I20) -> 887018 | ... M23: =SUM(M13:M20) -> 989268 | O23: =+M23+M58 -> 15634555
B26: Gross block - at cost | H26: Depreciation/ Amortisation | M26: Net block
B27: As at | C27: GAAP | G27: As at | H27: As at | I27: For the | L27: As at | M27: As at
A28: Particulars | B28: 1 April 2021 | C28: Adjustments | D28: Additions | E28: Adjustments | F28: Deductions | G28: 31 March 2022 | H28: 1 April 2021 | I28: year | J28: Adjustments | K28: Deductions | L28: 31 March 2022 | M28: 31 March 2022
A30: Tangible assets
A32: Computers | B32: 803315 | D32: 506281 | E32: 44521 | F32: 0 | G32: =ROUND(B32+D32+E32-F32-C32,0) -> 1354117 | H32: 506141 | I32: 230582 | J32: 44521 | K32: 0 | L32: =ROUND(H32+I32+J32-K32,0) -> 781244 | M32: =G32-L32 -> 572873
A34: Furniture and fixtures | B34: 993947 | D34: 0 | E34: 71125 | F34: 0 | G34: =ROUND(B34+D34+E34-F34-C34,0) -> 1065072 | H34: 708852 | I34: 108594 | J34: 71125 | K34: 0 | L34: =ROUND(H34+I34+J34-K34,0) -> 888571 | M34: =G34-L34 -> 176501
A36: Electrical installations | B36: 168499 | D36: 0 | E36: 19195 | F36: 0 | G36: =ROUND(B36+D36+E36-F36-C36,0) -> 187694 | H36: 127571 | I36: 10595 | J36: 19195 | K36: 0 | L36: =ROUND(H36+I36+J36-K36,0) -> 157361 | M36: =G36-L36 -> 30333
A38: Office equipments | B38: 634116 | D38: 119246 | E38: 28259 | F38: 32300 | G38: =ROUND(B38+D38+E38-F38-C38,0) -> 749321 | H38: 519061 | I38: 49732 | J38: 28259 | K38: 29735 | L38: =ROUND(H38+I38+J38-K38,0) -> 567317 | M38: =G38-L38 -> 182004 | O38: 15906 | P38: Extra Entry
A42: Total | B42: =SUM(B32:B39) -> 2599877 | C42: =SUM(C32:C39) -> 0 | D42: =SUM(D32:D39) -> 625527 | E42: =SUM(E32:E39) -> 163100 | F42: =SUM(F32:F39) -> 32300 | G42: =SUM(G32:G39) -> 3356204 | H42: =SUM(H32:H39) -> 1861625 | I42: =SUM(I32:I39) -> 399503 | ... M42: =SUM(M32:M39) -> 961711
B44: Gross block - at cost | H44: Depreciation/ Amortisation | M44: Net block
B45: As at | C45: GAAP | G45: As at | H45: As at | I45: For the | L45: As at | M45: As at
A46: Particulars | B46: =+B9 -> 1 April 2022 | C46: Adjustments | D46: Additions | E46: Adjustments | F46: Deductions | G46: =+G9 -> 31 March 2023 | H46: =+H9 -> 1 April 2022 | I46: year | J46: Adjustments | K46: Deductions | L46: =+L9 -> 31 March 2023 | M46: =+M9 -> 31 March 2023
A49: Intangible assets
A51: Computer software | B51: 284438 | C51: - | D51: 136500 | E51: 0 | F51: 0 | G51: =B51+D51+E51-F51 -> 420938 | H51: 278349 | I51: 19694 | J51: 0 | K51: 0 | L51: =H51+I51+J51-K51 -> 298043 | M51: =G51-L51 -> 122895
A53: Brand acquisition | B53: 18525600 | D53: 0 | E53: 0 | F53: 0 | G53: =B53+D53+E53-F53 -> 18525600 | H53: 1358428 | I53: 2644780 | J53: 0 | K53: 0 | L53: =H53+I53+J53-K53 -> 4003208 | M53: =G53-L53 -> 14522392
A55: Website Development | B55: 927056 | C55: - | D55: 0 | E55: 0 | F55: 0 | G55: =B55+D55+E55-F55 -> 927056 | H55: 927056 | I55: 0 | J55: 0 | K55: 0 | L55: =H55+I55+J55-K55 -> 927056 | M55: =G55-L55 -> 0
A58: Total | B58: =SUM(B51:B55) -> 19737094 | C58: =SUM(C51:C55) -> 0 | D58: =SUM(D51:D55) -> 136500 | E58: =SUM(E51:E55) -> 0 | F58: =SUM(F51:F55) -> 0 | G58: =SUM(G51:G55) -> 19873594 | H58: =SUM(H51:H55) -> 2563833 | I58: =SUM(I51:I55) -> 2664474 | ... M58: =SUM(M51:M55) -> 14645287
B60: Gross block - at cost | H60: Depreciation/Amortisation | M60: Net block
B61: As at | C61: GAAP | G61: As at | H61: As at | I61: For the | L61: As at | M61: As at
A62: Particulars | B62: =+B28 -> 1 April 2021 | C62: Adjustments | D62: Additions | E62: Adjustments | F62: Deductions | G62: =+G28 -> 31 March 2022 | H62: =+H28 -> 1 April 2021 | I62: year | J62: Adjustments | K62: Deductions | L62: =+L28 -> 31 March 2022 | M62: =+M28 -> 31 March 2022
A65: Intangible assets
A67: Computer software | B67: 284438 | C67: 0 | D67: 0 | E67: 0 | F67: 0 | G67: =B67+D67+E67-F67 -> 284438 | H67: 222560 | I67: 55789 | J67: 0 | K67: 0 | L67: =H67+I67+J67-K67 -> 278349 | M67: =G67-L67 -> 6089
A69: Brand acquisition | B69: 6000000 | D69: 12525600 | E69: 0 | G69: =B69+D69+E69-F69 -> 18525600 | H69: 500000 | I69: 858428 | L69: =H69+I69+J69-K69 -> 1358428 | M69: =G69-L69 -> 17167172
A71: Website Development | B71: 927056 | D71: 0 | E71: 0 | F71: 0 | G71: =B71+D71+E71-F71 -> 927056 | H71: 927056 | I71: 0 | J71: 0 | K71: 0 | L71: =H71+I71+J71-K71 -> 927056 | M71: =G71-L71 -> 0
A74: Total | B74: =SUM(B67:B71) -> 7211494 | C74: =SUM(C67:C71) -> 0 | D74: =SUM(D67:D71) -> 12525600 | E74: =SUM(E67:E71) -> 0 | F74: =SUM(F67:F71) -> 0 | G74: =SUM(G67:G71) -> 19737094 | H74: =SUM(H67:H71) -> 1649616 | I74: =SUM(I67:I71) -> 914217 | ... M74: =SUM(M67:M71) -> 17173261
A80: 0

Sheet Employee benefits Note 35
A1: 1908 E-Ventures Private Limited
A2: Notes forming part of the financial statements
A3: =BS!A3 -> [Currency: Indian Rupees(Rs.'000)]
A5: =+Notes!A522+1 -> 35 | B5: Employee Benefits
B7: (i) Defined Contribution Plans: Provident Fund is a defined contribution scheme and the contributions as required by the statute are charged to the Statement of Profit and Loss as incurred. The contributions are made to a government administered Provident Fund.
B8: The Company recognised Rs. 921.02 (previous year Rs. 641.46) for Provident Fund contribution in the Statement of Profit and Loss. | I8: =+Notes!C442 -> 921025 | J8: =+Notes!D442 -> 641468
B10: (ii) Defined Benefit Plan:
B11: Liability towards long term defined employee benefits - leave encashment and gratuity are determined on actuarial valuation by independent actuaries at the year-end by using Projected Unit Credit method. Liability so determined is not funded.
B13: Gratuity
B14: A. Movement in net defined benefit (asset) liability
B16: The following table shows a reconciliation from the opening balances to the closing balances for net defined benefit (asset) liability and its components:
E17: Defined benefit obligation (Rs.)
B18: Particulars | E18: 31st March, 2023 | F18: 31st March, 2022 | G18: April 1, 2015
B19: Opening balance | E19: =+F38 -> 477450 | F19: =403312+607 -> 403919 | G19: =F19 -> 403919 | J19: 303312 | K19: 90033 | L19: 90033
B20: Included in profit or loss | G20: =ROUND(G14/G18,2) -> #VALUE! | L20: #VALUE!
B21: Current service cost | E21: 175419 | F21: 161311 | G21: 0 | J21: 116841 | K21: 39275 | L21: 0
B22: Interest cost | E22: 34991 | F22: 27675 | G22: 0 | J22: 20396 | K22: 7018 | L22: 0
E24: =SUM(E21:E23) -> 210410 | F24: =SUM(F21:F23) -> 188986 | G24: =SUM(G19:G22) -> #VALUE! | J24: 137237 | K24: 46293 | L24: #VALUE!
B25: Included in OCI
B26: Opening balance | E26: =F32 -> 157058 | F26: 155397 | J26: 192027 | K26: 25041
B27: Remeasurement loss or (gain):
B28: Actuarial loss or (gain) arising from:
B29: Changes in demographic assumptions | F29: 0 | G29: 0 | K29: 0 | L29: 0
B30: Financial assumptions | E30: -13597 | F30: -42918 | G30: 0 | J30: -12010 | K30: 52840 | L30: 0
B31: Experience adjustment | E31: 56046 | F31: 44579 | G31: 0 | J31: -24620 | K31: 114146 | L31: 0
E32: =SUM(E26:E31) -> 199507 | F32: =SUM(F26:F31) -> 157058 | G32: =SUM(G26:G31) -> 0 | J32: 155397 | K32: 192027 | L32: 0
B33: Other
B34: Liability Taken Over of Employees | E34: 0 | F34: 0
B35: Contributions paid by the employer
B36: Benefits paid | E36: 0 | F36: -117116 | G36: 0
E37: =SUM(E34:E36) -> 0 | F37: =SUM(F34:F36) -> -117116
B38: Closing balance | E38: =+E19+E24+E32-E26 -> 730309 | F38: =+F19+F24+F32-F26+F36 -> 477450 | G38: =+G24+G32+G36 -> #VALUE!
B40: B. Defined benefit obligations
B41: i. Actuarial assumptions
B42: The following were the weighted average assumptions used to determine benefit obligations at the reporting date.
E43: 31st March, 2023 | F43: 31st March, 2022 | G43: April 1, 2015
B44: Discount rate | E44: 0.075 | F44: 0.074 | G44: 0.0798
B45: Salary escalation rate | E45: 0.075 | F45: 0.075 | G45: 0.105
B46: Employee turnover rate | D46: Age(Years)
D47: 21-30 | E47: 0.05 | F47: 0.05
D48: 31-40 | E48: 0.03 | F48: 0.03
D49: 41-59 | E49: 0.02 | F49: 0.02
B50: Mortality rate during employment | E50: Indian Assured Lives Mortality (2012-14) | F50: Indian Assured Lives Mortality (2012-14)
B52: Assumption regarding the future mortality experience are set in accordance with the Indian Assured Live Mortality statistics (2012-14).
B53: Discount rate :- The discount rate is based on the prevailing market yields of Indian government securities at the end of the reporting period for the estimated terms of obligations
B54: Salary escalation rate:- The estimates of future salary increases take into account the inflation, seniority, promotion and other relevant factors, such as supply and demand in the employment market.
B55: ii. Sensitivity analysis
B56: Reasonably possible changes at the reporting date to one of the relevant actuarial assumptions, holding other assumptions constant, would have affected the defined benefit obligation by the amounts shown below.
C57: 31st March, 2023 | E57: 31st March, 2022
C58: Increase | D58: Decrease | E58: Increase | F58: Decrease
B59: Discount rate (0.5% movement) | C59: -0.0867 | D59: 0.0978 | E59: -0.0888 | F59: 0.1005
B60: Future salary growth (0.5% movement) | C60: 0.0973 | D60: -0.087 | E60: 0.0999 | F60: -0.0892
B63: iii. Expected future contributions to defined benefit plan
E64: 31st March, 2023 (Rs.) | F64: 31st March, 2022 (Rs.)
B65: 1st following year (next reporting period) | E65: 20802 | F65: 9203 | I65: =ROUND(9203,0) -> 9203
B66: 2nd following year | E66: 20779 | F66: 15613 | I66: =ROUND(15613,0) -> 15613
B67: 3rd following year | E67: 23591 | F67: 16503 | I67: =ROUND(16503,0) -> 16503
B68: 4th following year | E68: 27502 | F68: 17995 | I68: =ROUND(17995,0) -> 17995
B69: 5th following year | E69: 31414 | F69: 20251 | I69: =ROUND(20251,0) -> 20251
B70: 6th following year | E70: 30296 | F70: 20377 | I70: =ROUND(20377,0) -> 20377
B71: 7th following year | E71: 30735 | F71: 19546 | I71: =ROUND(19546,0) -> 19546
B72: 8th following year | E72: 29807 | F72: 20193 | I72: =ROUND(20193,0) -> 20193
B73: 9th following year | E73: 42893 | F73: 19368 | I73: =ROUND(19368,0) -> 19368
B74: 10th and following years | E74: 3600549 | F74: 2404691 | I74: =ROUND(2404691,0) -> 2404691
B76: The weighted average duration of the defined benefit obligation is 18.39 years (for 31st March, 2022: 18.88 years).
B78: Other long term retirement benefit
B79: The other long term retirement benefit compensated absences is recognised based on the acturial valuation report for the relevant period. During the year company has recognised liability for compensated absences of Rs. 479.27 (Previous year Rs. 493.37). | I79: =+Notes!C444 -> 479272 | J79: =+Notes!D444 -> 493373
A81: =+A5+1 -> 36 | B81: Related Party Disclosures :
A82: 1 | B82: Names of related parties and description of relationship
A84: A | B84: Enterprise where control exists
A85: i) | B85: Holding Company
B86: J. B. Advani & Company Pvt Ltd.
A88: B | B88: Others related party withwhom transactions have been taken place during the year
A89: i) | B89: Ador Multiproduct Limited
A90: ii) | B90: 3D Future Technologies Pvt. Ltd.
A91: iii) | B91: Ador Powertron Ltd.
A92: iv) | B92: Ador welding Ltd.
A93: v) | B93: Ador Fontech Ltd.
A95: ii) | B95: Key management personnel (KMP)
B96: Deep Lalvani
B97: Ninotchka Nagpal
B98: Reshma Lalwani
B99: Aditya Malkani
A101: iii) | B101: Relatives of Key Management Personnel where transactions have taken place
B102: None

Sheet Note 36
A1: 1908 E ventures Pvt. Ltd
A2: Notes forming part of the financial statements
A3: =BS!A3 -> [Currency: Indian Rupees(Rs.'000)]
A4: =+'Employee benefits Note 35'!A5+1 -> 36 | B4: Related Party Disclosures :
A5: 1 | B5: Names of related parties and description of relationship
A7: A | B7: Enterprise where control exists
A8: i) | B8: Holding Company
B9: Ador Multiproduct Limited
A11: B | B11: Others related party withwhom transactions have been taken place during the year
A12: i) | B12: 3D Future Technologies Pvt Ltd
A13: ii) | B13: Ador Powertron Ltd
A14: iii) | B14: Ador Welding Ltd
A15: iv) | B15: Ador Fontech Ltd
A16: v) | B16: Aditya Malkani
A17: vi) | B17: Shirin Neterwala Malkani
A18: vii) | B18: Anatomicals Ador India Pvt Ltd
A19: viii) | B19: Aruna Advani
A20: ix) | B20: 23 Yards India Pvt Ltd
A21: x) | B21: Every Last Details
A22: xi) | B22: Expressphotos
... A26: ii) | B26: Key management personnel (KMP)
B27: Deep Lalvani
B28: Ninotchka Nagpal
B29: Tanya Advani
A31: iii) | B31: Relatives of Key Management Personnel where transactions have taken place
B32: Reshma Lalvani
A34: B) | B34: Transactions with related parties for the year are as follows:
B36: Transaction during the year | C36: Holding Company | D36: Key management personnel (KMP) | E36: Relatives of Key Management Personnel | F36: Other related parties
B37: Purchases of Goods (Gross)
B38: Ador Multi Products Ltd. | C38: 1109218
C39: -2048416
B40: Ador Multi Products Ltd. - Santic | C40: 0
C41: -143000
B42: Anatomicals Ador India Pvt Ltd | F42: 700439
F43: -574093
B44: 23 Yards India Pvt Ltd | F44: 0
F45: -157762
B46: Every Last Details | F46: 1028500
F47: 0
B48: Expressphotos | F48: 733115
F49: 0
B50: Postage and courier charges recovered
B51: Ador Multiproducts Ltd. | C51: 0
C52: -30115
B53: Sale of personal Care Product (Gross)
B54: J. B. Advani & Company Pvt. Ltd. | F54: 32597
F55: -17885
B56: Ador Welding Ltd | F56: 383977
F57: -119187
B58: Ador Powertron Ltd. | F58: 0
F59: -66383
B60: Ador Fontech Ltd. | F60: 0
F61: -77768
B62: 23 Yards India Pvt Ltd | F62: 0
F63: -303659.66
B64: Anatomicals Ador India Pvt Ltd | F64: 0
F65: -232460
B66: Deep Lalvani | D66: 18075
D67: -22891.33
B68: Ninotchka Nagpal | D68: 27257
D69: -13035.52
B70: Tanya Advani | D70: 57200
D71: -2437.5
B72: Aditya Malkani | F72: 1693
F73: -6230.01
B74: 3D Future Technologies Pvt Ltd | F74: 49970
F75: -73713.35
B76: Sale of Capital Goods
B77: 3D Future Technologies Pvt. Ltd. | F77: 0
F78: -5000
B80: License fees and common area maintenance charges paid (Gross)
B81: J. B. Advani & Company Pvt. Ltd. | F81: 350175
F82: -364688
B84: Business support charges paid (Gross)
B85: J. B. Advani & Company Pvt. Ltd. | F85: 498211
F86: -200000
F87: Contd….
A88: B) | B88: Transactions with related parties for the year are as follows: (Contd….)
B90: Transaction during the year | C90: Holding Company | D90: Key management personnel (KMP) | E90: Relatives of Key Management Personnel | F90: Other related parties
B92: Reimbursement of Expenses
B93: J. B. Advani & Company Pvt. Ltd. | F93: 8414
F94: -5806
B95: 3D Future Technologies Pvt. Ltd. | F95: 0
F96: -5500
B97: Anatomicals Ador India Pvt. Ltd. | F97: 2100
F98: -29467.8
B99: 23 Yards India Pvt Ltd | F99: 0
F100: -248181
B101: Other Service Charges (Gross)
B102: J. B. Advani & Company Pvt. Ltd. | F102: 60000
F103: -60000
B104: Rent Paid
B105: Ador Fontech Ltd. | F105: 60000
F106: 0
B107: Investment Made
B108: Boofootel Private Limited | F108: 40000
F109: 0
B110: Business Support Service rendered
B111: Anatomicals Ador India Pvt Ltd | F111: 267335
F112: 0
...

Sheet Note 37 ratios
A1: 1908 E-Ventures Private Limited
A2: Notes forming part of the financial statements
A3: =FA!A3 -> [Currency: Indian Rupees(Rs.'000)]
A6: ='Note 36'!A4+1 -> 37 | B6: Ratios
B8: Particulars | C8: Numerator | D8: Denominator | E8: Ratio Current period | F8: Ratio Previous period | G8: % of Variance
B9: Current Ratio | C9: Current Assets | D9: Current Liabilities | E9: =BS!D26/BS!D52 -> 0.837842 | F9: =BS!E26/BS!E52 -> 2.2707842 | G9: =(E9-F9)/F9 -> -0.63103407
B10: Debt-Equity ratio | C10: Total Debt | D10: Shareholder’s Equity | E10: =(BS!D41+BS!D46)/BS!D35 -> 1.6038426 | F10: =(BS!E41+BS!E46)/BS!E35 -> 0.059150707 | G10: =(E10-F10)/F10 -> 26.114514
B11: Debt service coverage ratio | C11: Earnings available for debt service | D11: Debt Service | E11: =(PL!D23+PL!D16+PL!D17)/(BS!D46+PL!D16) -> -4.1453004 | F11: =(PL!E23+PL!E16+PL!E17)/(BS!E46+PL!E16) -> -7.2937795 | G11: =(E11-F11)/F11 -> -0.43166634
B12: Return on equity ratio | C12: Net Profits after taxes – Preference Dividend (if any) | D12: Average Shareholder’s Equity | E12: =PL!D27/((BS!D35+BS!E35)/2) -> -1.6116008 | F12: =PL!E27/((BS!E35+BS!F35)/2) -> -2.6554051 | G12: =(E12-F12)/F12 -> -0.39308665
B13: Inventory turnover ratio | C13: Cost of goods sold OR sales | D13: Average Inventory | E13: =(PL!D13+PL!D14)/((BS!D20+BS!E20)/2) -> 1.7696477 | F13: =(PL!E13+PL!E14)/((BS!E20+BS!F20)/2) -> 2.1708904 | G13: =(E13-F13)/F13 -> -0.18482864
B14: Trade receivables turnover ratio | C14: Net Credit Sales | D14: Average Accounts Receivable | E14: =(PL!D8)/((BS!D22+BS!E22)/2) -> 17.450107 | F14: =(PL!E8)/((BS!E22+BS!F22)/2) -> 13.334379 | G14: =(E14-F14)/F14 -> 0.30865547
B15: Trade payables turnover ratio | C15: Net Credit Purchases | D15: Average Trade Payables | E15: =PL!D13/((BS!D48+BS!D49+BS!E49+BS!E48)/2) -> 1.2015015 | F15: =PL!E13/((BS!E48+BS!E49+BS!F49+BS!F48)/2) -> 2.2211127 | G15: =(E15-F15)/F15 -> -0.45905422
B16: Net capital turnover ratio | C16: Net Sales | D16: Average Working Capital | E16: =PL!D8/((BS!D35+BS!E35)/2) -> 1.4779865 | F16: =PL!E8/((BS!E35+BS!F35)/2) -> 2.8473091 | G16: =(E16-F16)/F16 -> -0.48091814
B17: Net profit ratio | C17: Net Profit | D17: Net Sales | E17: =PL!D27/PL!D8 -> -1.0904029 | F17: =PL!E27/PL!E8 -> -0.93260159 | G17: =(E17-F17)/F17 -> 0.16920547
B18: Return on capital employed | C18: Earning before interest and taxes | D18: Net Sales | E18: =(PL!D21+PL!D16)/PL!D8 -> -1.0726011 | F18: =(PL!E21+PL!E16)/PL!E8 -> -0.86146854 | G18: =(E18-F18)/F18 -> 0.24508442
B19: Return on investment | C19: {MV(T1) – MV(T0) – Sum [C(t)]} | D19: {MV(T0) + Sum [W(t) * C(t)]} | E19: NA | F19: NA
B21: For Retun on investments
B22: T1 = End of time period
B23: T0 = Beginning of time period
B24: t = Specific date falling between T1 and T0
B25: MV(T1) = Market Value at T1
B26: MV(T0) = Market Value at T0
B27: C(t) = Cash inflow, cash outflow on specific date
B28: W(t) = Weight of the net cash flow (i.e. either net inflow or net outflow) on day ‘t’, calculated as [T1 – t] / T1

Sheet Note 38 FVM_1
A1: 1908 E-Ventures Private Limited
A2: Notes forming part of the financial statements
A3: =BS!A3 -> [Currency: Indian Rupees(Rs.'000)]
A5: ='Note 37 ratios'!A6+1 -> 38 | B5: Fair value measurements
A6: 1 | B6: Financial instruments by category:
B8: Particulars | C8: As at 31st March, 2023 | E8: As at 31st March, 2022
C9: FVTPL | D9: Amortised cost | E9: FVTPL | F9: Amortised cost
B10: Financial Assets - Non Current
B11: Other non-current financial assets | C11: =+Notes!C63 -> 275926 | D11: =+Notes!C62+Notes!C61 -> 129044 | E11: =+Notes!D63 -> 132339 | F11: =+Notes!D61+Notes!D62 -> 125000
B13: Financial Assets - Current
B14: Trade receivables | D14: =BS!D22 -> 2662259 | F14: =BS!E22 -> 4706908
B15: Cash and cash equivalents | D15: =BS!D23 -> 43169 | F15: =BS!E23 -> 41102092
B16: Other Bank balances
B17: Other current financial asset | D17: =BS!D24 -> 3679 | F17: =BS!E24 -> 93710
B18: Financial Liabilities - Non Current
B19: Long-term borrowings | D19: =+BS!D40 -> 0 | F19: =+BS!E40 -> 0
B20: Financial Liabilities - Current
B21: Trade payables | D21: =BS!D48+BS!D49 -> 48366092 | F21: =BS!E48+BSE28 -> 5514596
B22: Other current financial liabilities | D22: =BS!D50 -> 1893151 | F22: =BS!E50 -> 1762027
B24: I. Fair value hierarchy
B25: The fair values of the financial assets and liabilities are included at the amount that would be received to sell an asset or paid to transfer a liability in an orderly transaction between market participants at the measurement date. This section explains the judgements and estimates made in determining the fair values of the financial instruments that are (a) recognised and measured at fair value and (b) measured at amortised cost and for which fair values are disclosed in the financial statements. To provide an indication about the reliability of the inputs used in determining fair value, the group has classified its financial instruments into the three levels prescribed under the accounting standard. An explanation of each level follows underneath the table.
B26: Level 1: Level 1 hierarchy includes financial instruments measured using quoted prices. For example, listed equity instruments that have quoted market price.
B27: Level 2: The fair value of financial instruments that are not traded in an active market (for example, traded bonds, over-the- counter derivatives) is determined using valuation techniques which maximise the use of observable market data and rely as little as possible on entity-specific estimates. If all significant inputs required to fair value an instrument are observable, the instrument is included in level 2.
B28: Level 3: If one or more of the significant inputs is not based on observable market data, the instrument is included in level 3. This is the case for unlisted equity securities, contingent consideration and indemnification asset included in level 3.
B29: II. Valuation techniques used to determine fair value
B30: The fair values of security deposits are based on discounted cash flows using a discount rate being incremental borrowing rate (refer note III below)
B31: III. Financial assets and liabilities measured at fair value Fair value hierarchy - recurring fair value measurement:
B33: Particulars | C33: =++C8 -> As at 31st March, 2023 | F33: =+E8 -> As at 31st March, 2022 | I33: 42461
C34: Level 1 | D34: Level 2 | E34: Level 3 | F34: Level 1 | G34: Level 2 | H34: Level 3 | I34: Level 1 | J34: Level 2 | K34: Level 3
B35: Financial Assets - Non-current
B36: Deposits | C36: 0 | D36: 0 | E36: =+C11 -> 275926 | F36: 0 | G36: 0 | H36: =+E11 -> 132339 | J36: 0 | K36: 0
I37: 0 | J37: 0
B39: IV. Financial assets and liabilities measured at amortised cost for which fair values are disclosed:
B41: Particulars | C41: =+C33 -> As at 31st March, 2023 | F41: =+F33 -> As at 31st March, 2022 | I41: 42461
C42: Level 1 | D42: Level 2 | E42: Level 3 | F42: Level 1 | G42: Level 2 | H42: Level 3 | I42: Level 1 | J42: Level 2 | K42: Level 3
B43: Financial liabilities - Non-current
B44: Fully Compulsorily Convertible debentures | C44: 0 | D44: 0 | E44: =+D19 -> 0 | F44: 0 | G44: 0 | H44: =+F19 -> 0
B47: Note:
B48: During the periods mentioned above, there have been no transfers amongst the levels of hierarchy.
B49: The carrying amounts of trade receivables, cash and bank balances, other bank balances, non-current loans, current loans, other current financial asset, trade payables and other current financial liabilities are considered to be approximately equal to the fair value.
B50: The fair values computed above for assets and liabilities measured at amortised cost are based on discounted cash flows using a current borrowing rate. They are classified as level 2 fair values in the fair value hierarchy due to the use of observable inputs.

Sheet Note 38 FRM1_credit & liquidity
A1: 2 | B1: Financial risk management
B3: The Company’s principal financial liabilities comprise deposits, trade and other payables. The main purpose of these financial liabilities is to finance the Company’s operations. The Company’s principal financial assets include current loans, trade and other receivables, and cash and cash equivalents that derive directly from its operations. The Company is exposed to credit risk, market risk and liquidity risk. The Company’s senior management oversees the management of these risks.
A5: A | B5: Credit risk
B6: The company is exposed to credit risk from its operating activities (primarily for trade receivables) and from its financing activities (deposits with banks and other financial instruments).
B8: Credit risk management
B9: To manage credit risk, the Company follows a policy of providing 30-180 days credit to the customers basis the nature of customers. The credit limit policy is established considering the current economic trends of the industry in which the company is operating. However, the trade receivables are monitored on a periodic basis for assessing any significant risk of non-recoverability of dues and provision is created accordingly.
B10: Bank balances are held with only high rated banks and majority of other security deposits are placed majorly with government agencies/public sector undertakings.
B12: Age of receivables that are past due:
B13: Particulars | D13: =+Notes!C6 -> As at 31st March, 2023 | E13: =+Notes!D6 -> As at 31st March, 2022
B14: Upto 30 days | D14: 1045430 | E14: 3583245
B15: 30-60 days | D15: 1120823 | E15: 42102
B16: 60-90 days | D16: 111587 | E16: 474056
B17: More than 90 days | D17: 384419 | E17: 607505
B18: Total | D18: =SUM(D14:D17) -> 2662259 | E18: =SUM(E14:E17)+8 -> 4706916
A20: B | B20: Liquidity risk
B21: Liquidity risk is defined as the risk that the Company will not be able to settle or meet its obligations on time or at a reasonable price. For the Company, liquidity risk arises from obligations on account of financial liabilities – trade payables and other financial liabilities.
B23: Liquidity risk management
B24: The Company’s management is responsible for liquidity and funding as well as settlement management. In addition, processes and policies related to such risks are overseen by senior management. Management monitors the Company’s net liquidity position through rolling forecasts on the basis of expected cash flows.
A26: C | B26: Market risk
A28: (i) | B28: Price Risk
B29: The company is not exposed to any price risk.
B31: To manage its price risk arising from the investment, the Company has invested in the mutual fund and equity shares after considering the risk and return profile of the mutual funds and equity shares i.e. the debt profile indicates that the debt has been given to creditworthy parties and equity investment is made after considering the performance of the stock.. However, the entity being risk averse has opted to invest its substantial funds in debt oriented mutual funds.
B33: Sensitivity | D33: 2018-19 | E33: 2017-18
B34: Impact on profit after tax for 5% increase in NAV/price | D34: 0 | E34: =SUM('Note 38 FVM_1'!C39:C39)*5% -> 0
B35: Impact on profit after tax for 5% decrease in NAV/Price | D35: 0 | E35: =-SUM('Note 38 FVM_1'!C39:C39)*5% -> 0
A38: =+A1+1 -> 3 | B38: Capital Management
A40: a | B40: Risk management
B41: The company’s objectives when managing capital are to • safeguard their ability to continue as a going concern, so that they can continue to provide returns for shareholders and benefits for other stakeholders, and • maintain an optimal capital structure to reduce the cost of capital. Apart from trade payables and other current liabilities, there is no debt on the company. Therefore, the company manages its capital and return to shareholders by adequately investing in mutual funds and equity shares and adjusting the amount of dividend paid to the shareholders.

Sheet Note 38 FRM2_Currency & price
A1: C | B1: Market risk
A3: (i) | B3: Price Risk
B4: The company is exposed to price risk from its investment in mutual fund, investment in equity shares and investment in preference shares classified in the balance sheet at fair value through profit and loss.
B6: To manage its price risk arising from the investment, the Company has invested in the mutual fund and equity shares after considering the risk and return profile of the mutual funds and equity shares i.e. the debt profile indicates that the debt has been given to creditworthy parties and equity investment is made after considering the performance of the stock.. However, the entity being risk averse has opted to invest its substantial funds in debt oriented mutual funds.
B8: Sensitivity | F8: =+Notes!C6 -> As at 31st March, 2023 | G8: =+Notes!D6 -> As at 31st March, 2022
B9: Impact on profit after tax for 5% increase in NAV/price | F9: 0 | G9: =SUM('Note 38 FVM_1'!E13:E13)*5% -> 0
B10: Impact on profit after tax for 5% decrease in NAV/Price | F10: 0 | G10: =-SUM('Note 38 FVM_1'!E13:E13)*5% -> 0
A13: 3 | B13: Capital Management
A15: a | B15: Risk management
B16: The company’s objectives when managing capital are to • safeguard their ability to continue as a going concern, so that they can continue to provide returns for shareholders and benefits for other stakeholders, and • maintain an optimal capital structure to reduce the cost of capital. Apart from trade payables and other current liabilities, there is no debt on the company. Therefore, the company manages its capital and return to shareholders by adequately investing in mutual funds and equity shares and adjusting the amount of dividend paid to the shareholders.

Sheet Notes 39 to 41
A1: 1908 E-Ventures Private Limited
A2: Notes forming part of the financial statements
A3: =BS!A3 -> [Currency: Indian Rupees(Rs.'000)]
A5: ='Note 38 FVM_1'!A5+1 -> 39 | B5: Contingent liabilities and Commitments
B7: (a) Contingent liabilities
B8: There is no contingent liabilities of the company for the reporting periods.
B10: (b) Commitments
B11: For operating lease commitments, Refer Note 34
A13: =+A5+1 -> 40 | B13: Segment Information
B14: The Company is engaged in the business of trading of personal care products. The performance of the Company is assessed and reviewed by the Chief Operating Decision Maker (‘CODM’) as a single operating segment and accordingly "Personal care products" is the only operating segment.
B15: The company is domiciled in India. The amount of it's revenue from external customer broken down by location of the customers is shown in table below:
F16: (Amount in Rs.)
B17: Revenue from external customer | E17: ='Note 38 FRM2_Currency & price'!F8 -> As at 31st March, 2023 | F17: ='Note 38 FRM2_Currency & price'!G8 -> As at 31st March, 2022
B18: India | E18: =+PL!D8 -> 64296378 | F18: =+PL!E8 -> 64459893
B19: Outside India | E19: 0 | F19: 0
B20: Total Revenue | E20: =+SUM(E18:E19) -> 64296378 | F20: =+SUM(F18:F19) -> 64459893
B22: All Non-current assets of the Company are located in India.
A24: =A13+1 -> 41 | B24: Risk analysis
B25: Company is exposed to a number of risks in the defined benefit plans. Most significant risks pertaining to defined benefits plans and management estimation of the impact of these risks are as follows:
B26: The amount of defined benefit obligation, plan assets, the deficit thereof and the experience adjustments on plan assets and plan liabilities for the current and previous four years are as follows:
A27: (i) | B27: Salary growth risks
B28: The present value of the defined benefit plan liability is calculated by reference to the future salaries of plan participates. Salary increase considered @ 7.50%. As such, an increase in the salary of the plan participants will increase the plan's liability.
A30: (ii) | B30: Life expectancy / Longevity risks
B31: The present value of the defined benefit plan liability is calculated by reference to the best estimates of the mortality of plan participants both during and after their employment. Mortality tables as per Indian Assured Lives Mortality (2006-08) modified Ult. is used for during the employment and post retirement respectively. An increase in the life expectancy of the plan participants will increase the plan's liability. Since the benefits are lump sum in nature the plan is not subject to longevity risks.
A33: (iii) | B33: Interest rate risks
B34: A decrease in the bond interest rate will increase the plan liability.
A36: (iv) | B36: Inflation risks
B37: The present value of the defined benefit plan liability is calculated using 5% inflation rate. As such, a decrease in the inflation rate will increase the plan's liability.
A39: =A24+1 -> 42 | B39: Micro and small enterprises
B40: There are no Micro, Small and Medium Enterprises, to whom the Company owes dues, which are outstanding for more than 45 days as at 31 March 2018. This information as required to be disclosed under the Micro, Small and Medium Enterprises Development Act, 2006, has been determined to the extent such parties have been identified on the basis of information available with the Company.
B42: For Sunil Modi & Co
B43: Chartered Accountants
B44: Firm Registration No. 142806W

Sheet Notes 42 to 43
A1: 1908 E-Ventures Private Limited
A2: Notes forming part of the financial statements
A3: =BS!A3 -> [Currency: Indian Rupees(Rs.'000)]
A5: =+'Notes 39 to 41'!A24+1 -> 42 | B5: Details relating to Micro, Small and Medium Enterprises:
B6: Particulars | F6: ='Employee benefits Note 35'!E18 -> 31st March, 2023 | G6: ='Employee benefits Note 35'!F18 -> 31st March, 2022
B8: (a) | C8: the principal amount and the interest due thereon (to be shown separately) remaining unpaid to any supplier as at the end of each accounting year; | F8: =+BS!D48 -> 21277182 | G8: =+BS!E48 -> 5514596
B9: (b) | C9: the amount of interest paid by the buyer in terms section 16 of the Micro, Small and Medium Enterprises Development Act, 2006 along with the amounts of the payment made to the supplier beyond the appointed day during each accounting year; | F9: 0 | G9: 0
B10: (c) | C10: the amount of interest due and payable for the period of delay in making payment (which have been paid but beyond the appointed day during the year) but without adding the interest specified under the Micro, Small and Medium Enterprises Development Act, 2006; | F10: 0 | G10: 0
B11: (d) | C11: The amount of interest accrued and remaining unpaid at the end of each accounting year; and | F11: 0 | G11: 0
B12: (e) | C12: the amount of further interest remaining due and payable even in the succeeding year, until such date when the interest dues as above are actually paid to the small enterprise, for the purpose of disallowance as a deductible expenditure under section 23 of the Micro, Small and Medium Enterprises Development (MSMED) Act, 2006; | F12: 0 | G12: 0
A14: =A5+1 -> 43 | B14: Previous Year Comparative
B15: Previous year’s figures have been regrouped/reclassified wherever necessary to correspond with the current year's classification/disclosure.
B17: ="Signature to notes to Financial Statements 1 to " &A14 -> Signature to notes to Financial Statements 1 to 43
B19: For Sunil Modi & Co | E19: For and on behalf of the Board of Directors
B20: Chartered Accountants
B21: Firm Registration No. 142806W
B25: Sunil Modi | E25: =+BS!C63 -> Deep A. Lalvani | G25: =+BS!E63 -> Ninotchka Malkani Nagpal
B26: Partner | E26: =+BS!C64 -> Chairman | G26: =+BS!E64 -> Director
B27: Membership No. 042562 | E27: =+BS!C65 -> DIN: 01771000 | G27: =+BS!E65 -> DIN: 00031985
B28: =+BS!B66 -> UDIN: | E28: =+BS!C66 -> Place : Mumbai
B29: =+BS!B67 -> Place : Mumbai | E29: =+BS!C67 -> Date : 22 May 2023
B30: =+BS!B68 -> Date : 22 May 2023

Sheet BS Grouping
A1: =BS!A1 -> 1908 E-Ventures Private Limited | K1: =-K446-K452-K460-K469-K483-K487-K494-K508-K512-K519-K523-K527-K531-K596-K535-K544-K540-K549-K556-K473+K477 -> 0 | T1: =-T446-T452-T460-T469-T483-T487-T494-T508-T512-T519-T523-T527-T531-T596-T535-T544-T540-T549-T556-T473 -> 0
A2: Groupings BS | E2: =IFERROR(VLOOKUP(A2,'TB Other'!A:M,8,0),0)+IFERROR(VLOOKUP(A2,'TB Other'!A:M,9,0),0) -> 0 | G2: =IFERROR(VLOOKUP(A2,'TB Other'!A:M,4,0),0)+IFERROR(VLOOKUP(A2,'TB Other'!A:M,5,0),0) -> 0 | I2: =IFERROR(VLOOKUP(A2,'TB Other'!A:M,13,0),0)+IFERROR(VLOOKUP(A2,'TB Other'!A:M,12,0),0) -> 0 | K2: If eror | L2: =IFERROR(VLOOKUP(A2,'TB PY'!A:G,7,),0)+IFERROR(VLOOKUP(A2,'TB PY'!A:G,6,),0) -> 0
A4: Particulars | C4: For the year ended 31 March 2023 | L4: For the year ended 31 March 2022
A5: Particulars | B5: Reference | C5: Mumbai | D5: Adj | E5: Banglore | F5: Adj | G5: Delhi | H5: Adj | I5: Haryana | J5: Adj | K5: Total | L5: Mumbai | M5: Adj | N5: Banglore | O5: Adj | P5: Delhi | Q5: Adj | R5: Haryana | S5: Adj | T5: Total
A6: Equity & Reserves
A7: Equity Share Capital | B7: TB | C7: =IFERROR((VLOOKUP(A7,'TB CY'!A:G,6,)+VLOOKUP(A7,'TB CY'!A:G,7,0)),0) -> 59945140 | E7: =IFERROR(VLOOKUP(A7,'TB Other'!A:M,8,0),0)+IFERROR(VLOOKUP(A7,'TB Other'!A:M,9,0),0) -> 0 | G7: =IFERROR(VLOOKUP(A7,'TB Other'!A:M,4,0),0)+IFERROR(VLOOKUP(A7,'TB Other'!A:M,5,0),0) -> 0 | I7: =IFERROR(VLOOKUP(A7,'TB Other'!A:M,13,0),0)+IFERROR(VLOOKUP(A7,'TB Other'!A:M,12,0),0) -> 0 | K7: =SUM(C7:J7) -> 59945140 | L7: =VLOOKUP(A7,'TB PY'!A:G,7,)+VLOOKUP(A7,'TB PY'!A:G,6,) -> 59442630 | T7: =SUM(L7:S7) -> 59442630
A8: Reserves & Surplus | B8: TB | C8: =IFERROR((VLOOKUP(A8,'TB CY'!A:G,6,)+VLOOKUP(A8,'TB CY'!A:G,7,0)),0) -> 177191953 | E8: =IFERROR(VLOOKUP(A8,'TB Other'!A:M,8,0),0)+IFERROR(VLOOKUP(A8,'TB Other'!A:M,9,0),0) -> 0 | G8: =IFERROR(VLOOKUP(A8,'TB Other'!A:M,4,0),0)+IFERROR(VLOOKUP(A8,'TB Other'!A:M,5,0),0) -> 0 | I8: =IFERROR(VLOOKUP(A8,'TB Other'!A:M,13,0),0)+IFERROR(VLOOKUP(A8,'TB Other'!A:M,12,0),0) -> 0 | K8: =SUM(C8:J8) -> 177191953 | L8: =VLOOKUP(A8,'TB PY'!A:G,7,)+VLOOKUP(A8,'TB PY'!A:G,6,) -> 172694488 | T8: =SUM(L8:S8) -> 172694488
A9: Other Equity | B9: TB | C9: =IFERROR((VLOOKUP(A9,'TB CY'!A:G,6,)+VLOOKUP(A9,'TB CY'!A:G,7,0)),0) -> -42110032 | E9: =IFERROR(VLOOKUP(A9,'TB Other'!A:M,8,0),0)+IFERROR(VLOOKUP(A9,'TB Other'!A:M,9,0),0) -> 0 | G9: =IFERROR(VLOOKUP(A9,'TB Other'!A:M,4,0),0)+IFERROR(VLOOKUP(A9,'TB Other'!A:M,5,0),0) -> 0 | I9: =IFERROR(VLOOKUP(A9,'TB Other'!A:M,13,0),0)+IFERROR(VLOOKUP(A9,'TB Other'!A:M,12,0),0) -> 0 | K9: =SUM(C9:J9) -> -42110032 | L9: =VLOOKUP(A9,'TB PY'!A:G,7,)+VLOOKUP(A9,'TB PY'!A:G,6,) -> -42108371 | T9: =SUM(L9:S9) -> -42108371
A10: General Reserve | B10: TB | C10: =IFERROR((VLOOKUP(A10,'TB CY'!A:G,6,)+VLOOKUP(A10,'TB CY'!A:G,7,0)),0) -> 4500393 | E10: =IFERROR(VLOOKUP(A10,'TB Other'!A:M,8,0),0)+IFERROR(VLOOKUP(A10,'TB Other'!A:M,9,0),0) -> 0 | G10: =IFERROR(VLOOKUP(A10,'TB Other'!A:M,4,0),0)+IFERROR(VLOOKUP(A10,'TB Other'!A:M,5,0),0) -> 0 | I10: =IFERROR(VLOOKUP(A10,'TB Other'!A:M,13,0),0)+IFERROR(VLOOKUP(A10,'TB Other'!A:M,12,0),0) -> 0 | K10: =SUM(C10:J10) -> 4500393 | L10: =VLOOKUP(A10,'TB PY'!A:G,7,)+VLOOKUP(A10,'TB PY'!A:G,6,) -> 4500393 | T10: =SUM(L10:S10) -> 4500393
B11: Total | C11: =SUM(C7:C10) -> 1.9952745e+08 | D11: =SUM(D7:D10) -> 0 | E11: =SUM(E7:E10) -> 0 | F11: =SUM(F7:F10) -> 0 | G11: =SUM(G7:G10) -> 0 | H11: =SUM(H7:H10) -> 0 | I11: =SUM(I7:I10) -> 0 | J11: =SUM(J7:J10) -> 0 | ... T11: =SUM(T7:T10) -> 1.9452914e+08
A13: Profit & Loss A/c | B13: TB | C13: =IFERROR((VLOOKUP(A13,'TB CY'!A:G,6,)+VLOOKUP(A13,'TB CY'!A:G,7,0)),0) -> -1.1759983e+08 | E13: =IFERROR(VLOOKUP(A13,'TB Other'!A:M,8,0),0)+IFERROR(VLOOKUP(A13,'TB Other'!A:M,9,0),0) -> -139240.66 | G13: =IFERROR(VLOOKUP(A13,'TB Other'!A:M,4,0),0)+IFERROR(VLOOKUP(A13,'TB Other'!A:M,5,0),0) -> -335984.57 | I13: =IFERROR(VLOOKUP(A13,'TB Other'!A:M,13,0),0)+IFERROR(VLOOKUP(A13,'TB Other'!A:M,12,0),0) -> 0 | K13: =SUM(C13:J13) -> -1.1807505e+08 | L13: -58940389 | N13: -128397 | O13: 0 | P13: 735447 | Q13: 0 | T13: =SUM(L13:S13) -> -58333339
A14: Current year profit | B14: PL | C14: =+'PL Grouping'!C367 -> -69908947 | D14: =+'PL Grouping'!D367 -> -631744.33 | E14: =+'PL Grouping'!E367 -> -448376 | F14: =+'PL Grouping'!F367 -> 374337 | G14: =+'PL Grouping'!G367 -> 583903 | H14: =+'PL Grouping'!H367 -> 14412.333 | I14: =+'PL Grouping'!I367 -> -243654 | J14: =+'PL Grouping'!J367 -> 314712.34 | K14: =SUM(C14:J14) -> -69945357 | L14: -59547293 | M14: -76307 | N14: -15839 | O14: 0 | P14: -1071431 | Q14: 0 | T14: =SUM(L14:S14) -> -60710870
A15: Net | B15: Total | C15: =SUM(C13:C14) -> -1.8750878e+08 | D15: =SUM(D13:D14) -> -631744.33 | E15: =SUM(E13:E14) -> -587616.66 | F15: =SUM(F13:F14) -> 374337 | G15: =SUM(G13:G14) -> 247918.43 | H15: =SUM(H13:H14) -> 14412.333 | I15: =SUM(I13:I14) -> -243654 | J15: =SUM(J13:J14) -> 314712.34 | ... T15: =SUM(T13:T14) -> -1.1904421e+08
A17: Non-current liabilities
A18: (a) Financial Liabilities
A19: (i) Lease liabilities | B19: pending | D19: =-ROU!G52 -> -326037.69 | K19: =SUBTOTAL(9,C19:J19) -> -326037.69 | L19: 11004 | T19: =SUBTOTAL(9,L19:S19) -> 11004
A20: ROU Lease Liability | B20: TB | C20: =IFERROR((VLOOKUP(A20,'TB CY'!A:G,6,)+VLOOKUP(A20,'TB CY'!A:G,7,0)),0) -> 876273 | D20: =-ROU!F51 -> -274741 | E20: =IFERROR(VLOOKUP(A20,'TB Other'!A:M,8,0),0)+IFERROR(VLOOKUP(A20,'TB Other'!A:M,9,0),0) -> 0 | G20: =IFERROR(VLOOKUP(A20,'TB Other'!A:M,4,0),0)+IFERROR(VLOOKUP(A20,'TB Other'!A:M,5,0),0) -> 0 | I20: =IFERROR(VLOOKUP(A20,'TB Other'!A:M,13,0),0)+IFERROR(VLOOKUP(A20,'TB Other'!A:M,12,0),0) -> 0 | K20: =SUM(C20:J20) -> 601532 | L20: =IFERROR(VLOOKUP(A20,'TB PY'!A:G,7,),0)+IFERROR(VLOOKUP(A20,'TB PY'!A:G,6,),0) -> 0 | T20: =SUM(L20:S20) -> 0
B21: Total | C21: =SUM(C19:C20) -> 876273 | D21: =SUM(D19:D20) -> -600778.69 | E21: =SUM(E19:E20) -> 0 | F21: =SUM(F19:F20) -> 0 | G21: =SUM(G19:G20) -> 0 | H21: =SUM(H19:H20) -> 0 | I21: =SUM(I19:I20) -> 0 | J21: =SUM(J19:J20) -> 0 | ... T21: =SUM(T19:T20) -> 11004
A23: (i) Long-term borrowings
A24: From related parties;-Un secured
A25: 9.5 % Unsecured Fully Compulsorily Convertible Deb | B25: TB | C25: =IFERROR((VLOOKUP(A25,'TB CY'!A:G,6,)+VLOOKUP(A25,'TB CY'!A:G,7,0)),0) -> 0 | E25: =IFERROR(VLOOKUP(A25,'TB Other'!A:M,8,0),0)+IFERROR(VLOOKUP(A25,'TB Other'!A:M,9,0),0) -> 0 | G25: =IFERROR(VLOOKUP(A25,'TB Other'!A:M,4,0),0)+IFERROR(VLOOKUP(A25,'TB Other'!A:M,5,0),0) -> 0 | I25: =IFERROR(VLOOKUP(A25,'TB Other'!A:M,13,0),0)+IFERROR(VLOOKUP(A25,'TB Other'!A:M,12,0),0) -> 0 | K25: =SUM(C25:J25) -> 0 | L25: =IFERROR(VLOOKUP(A25,'TB PY'!A:G,7,),0)+IFERROR(VLOOKUP(A25,'TB PY'!A:G,6,),0) -> 0 | T25: =SUM(L25:S25) -> 0
B27: Total | C27: =SUM(C25:C26) -> 0 | D27: =SUM(D25:D26) -> 0 | E27: =SUM(E25:E26) -> 0 | F27: =SUM(F25:F26) -> 0 | G27: =SUM(G25:G26) -> 0 | H27: =SUM(H25:H26) -> 0 | I27: =SUM(I25:I26) -> 0 | J27: =SUM(J25:J26) -> 0 | ... T27: =SUM(T25:T26) -> 0
A29: Inter corporate deposits**
A30: Ador Multiproducts Ltd (Inter-Company Deposits) | B30: TB | C30: =IFERROR((VLOOKUP(A30,'TB CY'!A:G,6,)+VLOOKUP(A30,'TB CY'!A:G,7,0)),0) -> 0 | E30: =IFERROR(VLOOKUP(A30,'TB Other'!A:M,8,0),0)+IFERROR(VLOOKUP(A30,'TB Other'!A:M,9,0),0) -> 0 | G30: =IFERROR(VLOOKUP(A30,'TB Other'!A:M,4,0),0)+IFERROR(VLOOKUP(A30,'TB Other'!A:M,5,0),0) -> 0 | I30: =IFERROR(VLOOKUP(A30,'TB Other'!A:M,13,0),0)+IFERROR(VLOOKUP(A30,'TB Other'!A:M,12,0),0) -> 0 | K30: =SUM(C30:J30) -> 0 | L30: =IFERROR(VLOOKUP(A30,'TB PY'!A:G,7,),0)+IFERROR(VLOOKUP(A30,'TB PY'!A:G,6,),0) -> 0 | T30: =SUM(L30:S30) -> 0
B32: Total | C32: =SUM(C30:C31) -> 0 | D32: =SUM(D30:D31) -> 0 | E32: =SUM(E30:E31) -> 0 | F32: =SUM(F30:F31) -> 0 | G32: =SUM(G30:G31) -> 0 | H32: =SUM(H30:H31) -> 0 | I32: =SUM(I30:I31) -> 0 | J32: =SUM(J30:J31) -> 0 | ... T32: =SUM(T30:T31) -> 0
A34: Long-term provisions
A35: - Gratuity
A36: Provision for Gratuity | B36: TB | C36: =IFERROR((VLOOKUP(A36,'TB CY'!A:G,6,)+VLOOKUP(A36,'TB CY'!A:G,7,0)),0) -> 477450 | D36: ='AE 22_23'!D5 -> 252859 | E36: =IFERROR(VLOOKUP(A36,'TB Other'!A:M,8,0),0)+IFERROR(VLOOKUP(A36,'TB Other'!A:M,9,0),0) -> 0 | G36: =IFERROR(VLOOKUP(A36,'TB Other'!A:M,4,0),0)+IFERROR(VLOOKUP(A36,'TB Other'!A:M,5,0),0) -> 0 | I36: =IFERROR(VLOOKUP(A36,'TB Other'!A:M,13,0),0)+IFERROR(VLOOKUP(A36,'TB Other'!A:M,12,0),0) -> 0 | K36: =SUM(C36:J36) -> 730309 | L36: 477450 | M36: -9203 | T36: =SUM(L36:S36) -> 468247
A37: Current portion | D37: =-'AE 22_23'!C8 -> -20802 | K37: =SUM(C37:J37) -> -20802
B38: Total | C38: =SUM(C36:C37) -> 477450 | D38: =SUM(D36:D37) -> 232057 | E38: =SUM(E36:E37) -> 0 | F38: =SUM(F36:F37) -> 0 | G38: =SUM(G36:G37) -> 0 | H38: =SUM(H36:H37) -> 0 | I38: =SUM(I36:I37) -> 0 | J38: =SUM(J36:J37) -> 0 | ... T38: =SUM(T36:T37) -> 468247
A39: - Leave entitlement
A40: Provision for Leave Benefits | B40: TB | C40: =IFERROR((VLOOKUP(A40,'TB CY'!A:G,6,)+VLOOKUP(A40,'TB CY'!A:G,7,0)),0) -> 1312847 | D40: ='AE 22_23'!C13 -> 349231 | E40: =IFERROR(VLOOKUP(A40,'TB Other'!A:M,8,0),0)+IFERROR(VLOOKUP(A40,'TB Other'!A:M,9,0),0) -> 0 | G40: =IFERROR(VLOOKUP(A40,'TB Other'!A:M,4,0),0)+IFERROR(VLOOKUP(A40,'TB Other'!A:M,5,0),0) -> 0 | I40: =IFERROR(VLOOKUP(A40,'TB Other'!A:M,13,0),0)+IFERROR(VLOOKUP(A40,'TB Other'!A:M,12,0),0) -> 0 | K40: =SUM(C40:J40) -> 1662078 | L40: =IFERROR(VLOOKUP(A40,'TB PY'!A:G,7,),0)+IFERROR(VLOOKUP(A40,'TB PY'!A:G,6,),0) -> 1444736 | M40: -124009 | O40: -131889 | T40: =SUM(L40:S40) -> 1188838
A41: Short term leave | D41: =-'AE 22_23'!C18 -> -158061 | K41: =SUM(C41:J41) -> -158061
B42: Total | C42: =SUM(C40:C41) -> 1312847 | D42: =SUM(D40:D41) -> 191170 | E42: =SUM(E40:E41) -> 0 | F42: =SUM(F40:F41) -> 0 | G42: =SUM(G40:G41) -> 0 | H42: =SUM(H40:H41) -> 0 | I42: =SUM(I40:I41) -> 0 | J42: =SUM(J40:J41) -> 0 | ... T42: =SUM(T40:T41) -> 1188838
A44: (a) Financial Liabilities
A45: (i) Short-term borrowings
A46: Overdraft facility from bank*
A47: HDFC O/D 6905 | B47: TB | C47: =IFERROR((VLOOKUP(A47,'TB CY'!A:G,6,)+VLOOKUP(A47,'TB CY'!A:G,7,0)),0) -> 8952052.5 | E47: =IFERROR(VLOOKUP(A47,'TB Other'!A:M,8,0),0)+IFERROR(VLOOKUP(A47,'TB Other'!A:M,9,0),0) -> 0 | G47: =IFERROR(VLOOKUP(A47,'TB Other'!A:M,4,0),0)+IFERROR(VLOOKUP(A47,'TB Other'!A:M,5,0),0) -> 0 | I47: =IFERROR(VLOOKUP(A47,'TB Other'!A:M,13,0),0)+IFERROR(VLOOKUP(A47,'TB Other'!A:M,12,0),0) -> 0 | K47: =SUM(C47:J47) -> 8952052.5 | L47: =IFERROR(VLOOKUP(A47,'TB PY'!A:G,7,),0)+IFERROR(VLOOKUP(A47,'TB PY'!A:G,6,),0) -> 0 | T47: =SUM(L47:S47) -> 0
A48: HDFC Bank CA | B48: TB | C48: =IFERROR((VLOOKUP(A48,'TB CY'!A:G,6,)+VLOOKUP(A48,'TB CY'!A:G,7,0)),0)*-1 -> 652062.75 | E48: =IFERROR(VLOOKUP(A48,'TB Other'!A:M,8,0),0)+IFERROR(VLOOKUP(A48,'TB Other'!A:M,9,0),0) -> 0 | G48: =IFERROR(VLOOKUP(A48,'TB Other'!A:M,4,0),0)+IFERROR(VLOOKUP(A48,'TB Other'!A:M,5,0),0) -> 0 | I48: =IFERROR(VLOOKUP(A48,'TB Other'!A:M,13,0),0)+IFERROR(VLOOKUP(A48,'TB Other'!A:M,12,0),0) -> 0 | K48: =SUM(C48:J48) -> 652062.75 | L48: =IFERROR(VLOOKUP(A48,'TB PY'!A:G,7,),0)+IFERROR(VLOOKUP(A48,'TB PY'!A:G,6,),0)*0 -> 0 | T48: =SUM(L48:S48) -> 0
B50: Total | C50: =SUM(C47:C49) -> 9604115.2 | D50: =SUM(D47:D49) -> 0 | E50: =SUM(E47:E49) -> 0 | F50: =SUM(F47:F49) -> 0 | G50: =SUM(G47:G49) -> 0 | H50: =SUM(H47:H49) -> 0 | I50: =SUM(I47:I49) -> 0 | J50: =SUM(J47:J49) -> 0 | ... T50: =SUM(T47:T49) -> 0
A51: (i) Short-term borrowings
A52: From others
A53: Kudos Finance Ltd - Getvantage | B53: TB | C53: =IFERROR((VLOOKUP(A53,'TB CY'!A:G,6,)+VLOOKUP(A53,'TB CY'!A:G,7,0)),0) -> 5757554.7 | E53: =IFERROR(VLOOKUP(A53,'TB Other'!A:M,8,0),0)+IFERROR(VLOOKUP(A53,'TB Other'!A:M,9,0),0) -> 0 | G53: =IFERROR(VLOOKUP(A53,'TB Other'!A:M,4,0),0)+IFERROR(VLOOKUP(A53,'TB Other'!A:M,5,0),0) -> 0 | I53: =IFERROR(VLOOKUP(A53,'TB Other'!A:M,13,0),0)+IFERROR(VLOOKUP(A53,'TB Other'!A:M,12,0),0) -> 0 | J53: -50060 | K53: =SUM(C53:J53) -> 5707494.7 | L53: =IFERROR(VLOOKUP(A53,'TB PY'!A:G,7,),0)+IFERROR(VLOOKUP(A53,'TB PY'!A:G,6,),0) -> 0 | M53: 2843006.2 | T53: =SUM(L53:S53) -> 2843006.2
B55: Total | C55: =SUM(C53:C54) -> 5757554.7 | D55: =SUM(D53:D54) -> 0 | E55: =SUM(E53:E54) -> 0 | F55: =SUM(F53:F54) -> 0 | G55: =SUM(G53:G54) -> 0 | H55: =SUM(H53:H54) -> 0 | I55: =SUM(I53:I54) -> 0 | J55: =SUM(J53:J54) -> -50060 | ... T55: =SUM(T53:T54) -> 2843006.2
A56: Financial liabilities
A57: (ia) Lease liabilities | B57: IND AS | D57: =-D19 -> 326037.69 | K57: =SUBTOTAL(9,C57:J57) -> 326037.69 | L57: 11410 | T57: =SUBTOTAL(9,L57:S57) -> 11410
B58: Total | C58: =SUM(C56:C57) -> 0 | D58: =SUM(D56:D57) -> 326037.69 | E58: =SUM(E56:E57) -> 0 | F58: =SUM(F56:F57) -> 0 | G58: =SUM(G56:G57) -> 0 | H58: =SUM(H56:H57) -> 0 | I58: =SUM(I56:I57) -> 0 | J58: =SUM(J56:J57) -> 0 | ... T58: =SUM(T56:T57) -> 11410
A60: (ii) Other trade payables
A61: Dues to micro, small and medium enterprises | B61: Working | C61: 19954301 | K61: =SUBTOTAL(9,C61:J61) -> 19954301 | L61: 5514595.9 | T61: =SUBTOTAL(9,L61:S61) -> 5514595.9
B63: Total | C63: =SUM(C61:C62) -> 19954301 | D63: =SUM(D61:D62) -> 0 | E63: =SUM(E61:E62) -> 0 | F63: =SUM(F61:F62) -> 0 | G63: =SUM(G61:G62) -> 0 | H63: =SUM(H61:H62) -> 0 | I63: =SUM(I61:I62) -> 0 | J63: =SUM(J61:J62) -> 0 | ... T63: =SUM(T61:T62) -> 5514595.9
A64: Sundry Creditors | B64: TB | C64: =IFERROR((VLOOKUP(A64,'TB CY'!A:G,6,)+VLOOKUP(A64,'TB CY'!A:G,7,0)),0) -> 48901775 | E64: =IFERROR(VLOOKUP(A64,'TB Other'!A:M,8,0),0)+IFERROR(VLOOKUP(A64,'TB Other'!A:M,9,0),0) -> 0 | G64: =IFERROR(VLOOKUP(A64,'TB Other'!A:M,4,0),0)+IFERROR(VLOOKUP(A64,'TB Other'!A:M,5,0),0) -> -1397013.5 | I64: =IFERROR(VLOOKUP(A64,'TB Other'!A:M,13,0),0)+IFERROR(VLOOKUP(A64,'TB Other'!A:M,12,0),0) -> 761945.72 | J64: =332515.86+223.35+114333 -> 447072.21 | K64: =SUM(C64:J64) -> 48713779 | T64: =SUM(L64:S64) -> 0
A65: Dues to other than micro, small and medium enterprises | B65: Working | C65: ='TB CY'!G26-C61 -> -19954301 | J65: ='PL Grouping'!J168 -> -347699.27 | K65: =SUBTOTAL(9,C65:J65) -> -20302001 | L65: ='TB PY'!G26-L61 -> 29831995 | N65: 41778 | O65: -4995 | P65: -746918 | T65: =SUBTOTAL(9,L65:S65) -> 29121860
B67: Total | C67: =SUM(C64:C66) -> 28947473 | D67: =SUM(D64:D66) -> 0 | E67: =SUM(E64:E66) -> 0 | F67: =SUM(F64:F66) -> 0 | G67: =SUM(G64:G66) -> -1397013.5 | H67: =SUM(H64:H66) -> 0 | I67: =SUM(I64:I66) -> 761945.72 | J67: =SUM(J64:J66) -> 99372.94 | ... T67: =SUM(T64:T66) -> 29121860
A68: Other current financial liabilities
A69: Statutory dues payable
A70: TDS | B70: TB | C70: =IFERROR((VLOOKUP(A70,'TB CY'!A:G,6,)+VLOOKUP(A70,'TB CY'!A:G,7,0)),0) -> 0 | E70: =IFERROR(VLOOKUP(A70,'TB Other'!A:M,8,0),0)+IFERROR(VLOOKUP(A70,'TB Other'!A:M,9,0),0) -> 0 | G70: =IFERROR(VLOOKUP(A70,'TB Other'!A:M,4,0),0)+IFERROR(VLOOKUP(A70,'TB Other'!A:M,5,0),0) -> 0 | I70: =IFERROR(VLOOKUP(A70,'TB Other'!A:M,13,0),0)+IFERROR(VLOOKUP(A70,'TB Other'!A:M,12,0),0) -> 0 | K70: =SUM(C70:J70) -> 0 | L70: =VLOOKUP(A70,'TB PY'!A:G,7,)+VLOOKUP(A70,'TB PY'!A:G,6,) -> 609176.63 | N70: 2105 | P70: 473 | T70: =SUM(L70:S70) -> 611754.63
A71: Profession Tax | B71: TB | C71: =IFERROR((VLOOKUP(A71,'TB CY'!A:G,6,)+VLOOKUP(A71,'TB CY'!A:G,7,0)),0) -> 0 | E71: =IFERROR(VLOOKUP(A71,'TB Other'!A:M,8,0),0)+IFERROR(VLOOKUP(A71,'TB Other'!A:M,9,0),0) -> 0 | G71: =IFERROR(VLOOKUP(A71,'TB Other'!A:M,4,0),0)+IFERROR(VLOOKUP(A71,'TB Other'!A:M,5,0),0) -> 0 | I71: =IFERROR(VLOOKUP(A71,'TB Other'!A:M,13,0),0)+IFERROR(VLOOKUP(A71,'TB Other'!A:M,12,0),0) -> 0 | K71: =SUM(C71:J71) -> 0 | L71: =VLOOKUP(A71,'TB PY'!A:G,7,)+VLOOKUP(A71,'TB PY'!A:G,6,) -> 5600 | T71: =SUM(L71:S71) -> 5600
A72: Staff Income Tax | B72: TB | C72: =IFERROR((VLOOKUP(A72,'TB CY'!A:G,6,)+VLOOKUP(A72,'TB CY'!A:G,7,0)),0) -> 0 | E72: =IFERROR(VLOOKUP(A72,'TB Other'!A:M,8,0),0)+IFERROR(VLOOKUP(A72,'TB Other'!A:M,9,0),0) -> 0 | G72: =IFERROR(VLOOKUP(A72,'TB Other'!A:M,4,0),0)+IFERROR(VLOOKUP(A72,'TB Other'!A:M,5,0),0) -> 0 | I72: =IFERROR(VLOOKUP(A72,'TB Other'!A:M,13,0),0)+IFERROR(VLOOKUP(A72,'TB Other'!A:M,12,0),0) -> 0 | K72: =SUM(C72:J72) -> 0 | L72: =VLOOKUP(A72,'TB PY'!A:G,7,)+VLOOKUP(A72,'TB PY'!A:G,6,) -> 553500 | T72: =SUM(L72:S72) -> 553500
A73: Deposit Linked Insurance @ 0.50% | B73: TB | C73: =IFERROR((VLOOKUP(A73,'TB CY'!A:G,6,)+VLOOKUP(A73,'TB CY'!A:G,7,0)),0) -> 2302 | E73: =IFERROR(VLOOKUP(A73,'TB Other'!A:M,8,0),0)+IFERROR(VLOOKUP(A73,'TB Other'!A:M,9,0),0) -> 0 | G73: =IFERROR(VLOOKUP(A73,'TB Other'!A:M,4,0),0)+IFERROR(VLOOKUP(A73,'TB Other'!A:M,5,0),0) -> 0 | I73: =IFERROR(VLOOKUP(A73,'TB Other'!A:M,13,0),0)+IFERROR(VLOOKUP(A73,'TB Other'!A:M,12,0),0) -> 0 | K73: =SUM(C73:J73) -> 2302 | L73: =VLOOKUP(A73,'TB PY'!A:G,7,)+VLOOKUP(A73,'TB PY'!A:G,6,) -> 1946 | T73: =SUM(L73:S73) -> 1946
A74: PF Admin Charges @ 0.50% | B74: TB | C74: =IFERROR((VLOOKUP(A74,'TB CY'!A:G,6,)+VLOOKUP(A74,'TB CY'!A:G,7,0)),0) -> 2838 | E74: =IFERROR(VLOOKUP(A74,'TB Other'!A:M,8,0),0)+IFERROR(VLOOKUP(A74,'TB Other'!A:M,9,0),0) -> 0 | G74: =IFERROR(VLOOKUP(A74,'TB Other'!A:M,4,0),0)+IFERROR(VLOOKUP(A74,'TB Other'!A:M,5,0),0) -> 0 | I74: =IFERROR(VLOOKUP(A74,'TB Other'!A:M,13,0),0)+IFERROR(VLOOKUP(A74,'TB Other'!A:M,12,0),0) -> 0 | K74: =SUM(C74:J74) -> 2838 | L74: =VLOOKUP(A74,'TB PY'!A:G,7,)+VLOOKUP(A74,'TB PY'!A:G,6,) -> 2209 | T74: =SUM(L74:S74) -> 2209
A75: PF Employees Contribution @ 12% | B75: TB | C75: =IFERROR((VLOOKUP(A75,'TB CY'!A:G,6,)+VLOOKUP(A75,'TB CY'!A:G,7,0)),0) -> 67457 | E75: =IFERROR(VLOOKUP(A75,'TB Other'!A:M,8,0),0)+IFERROR(VLOOKUP(A75,'TB Other'!A:M,9,0),0) -> 0 | G75: =IFERROR(VLOOKUP(A75,'TB Other'!A:M,4,0),0)+IFERROR(VLOOKUP(A75,'TB Other'!A:M,5,0),0) -> 0 | I75: =IFERROR(VLOOKUP(A75,'TB Other'!A:M,13,0),0)+IFERROR(VLOOKUP(A75,'TB Other'!A:M,12,0),0) -> 0 | K75: =SUM(C75:J75) -> 67457 | L75: =VLOOKUP(A75,'TB PY'!A:G,7,)+VLOOKUP(A75,'TB PY'!A:G,6,) -> 52383 | T75: =SUM(L75:S75) -> 52383
A76: ESIC 0.75% | B76: TB | C76: =IFERROR((VLOOKUP(A76,'TB CY'!A:G,6,)+VLOOKUP(A76,'TB CY'!A:G,7,0)),0) -> 687 | E76: =IFERROR(VLOOKUP(A76,'TB Other'!A:M,8,0),0)+IFERROR(VLOOKUP(A76,'TB Other'!A:M,9,0),0) -> 0 | G76: =IFERROR(VLOOKUP(A76,'TB Other'!A:M,4,0),0)+IFERROR(VLOOKUP(A76,'TB Other'!A:M,5,0),0) -> 0 | I76: =IFERROR(VLOOKUP(A76,'TB Other'!A:M,13,0),0)+IFERROR(VLOOKUP(A76,'TB Other'!A:M,12,0),0) -> 0 | K76: =SUM(C76:J76) -> 687 | L76: =VLOOKUP(A76,'TB PY'!A:G,7,)+VLOOKUP(A76,'TB PY'!A:G,6,) -> 378 | T76: =SUM(L76:S76) -> 378
A77: PF Payable | B77: TB | C77: =IFERROR((VLOOKUP(A77,'TB CY'!A:G,6,)+VLOOKUP(A77,'TB CY'!A:G,7,0)),0) -> 67457 | E77: =IFERROR(VLOOKUP(A77,'TB Other'!A:M,8,0),0)+IFERROR(VLOOKUP(A77,'TB Other'!A:M,9,0),0) -> 0 | G77: =IFERROR(VLOOKUP(A77,'TB Other'!A:M,4,0),0)+IFERROR(VLOOKUP(A77,'TB Other'!A:M,5,0),0) -> 0 | I77: =IFERROR(VLOOKUP(A77,'TB Other'!A:M,13,0),0)+IFERROR(VLOOKUP(A77,'TB Other'!A:M,12,0),0) -> 0 | K77: =SUM(C77:J77) -> 67457 | L77: =VLOOKUP(A77,'TB PY'!A:G,7,)+VLOOKUP(A77,'TB PY'!A:G,6,) -> 52383 | T77: =SUM(L77:S77) -> 52383
B78: Total | C78: =SUM(C70:C77) -> 140741 | D78: =SUM(D70:D77) -> 0 | E78: =SUM(E70:E77) -> 0 | F78: =SUM(F70:F77) -> 0 | G78: =SUM(G70:G77) -> 0 | H78: =SUM(H70:H77) -> 0 | I78: =SUM(I70:I77) -> 0 | J78: =SUM(J70:J77) -> 0 | ... T78: =SUM(T70:T77) -> 1280153.6
A80: Advance from customers | B80: Working | K80: =SUBTOTAL(9,C80:J80) -> 0 | L80: - | T80: =SUBTOTAL(9,L80:S80) -> 0
B82: Total | C82: =SUM(C80:C81) -> 0 | D82: =SUM(D80:D81) -> 0 | E82: =SUM(E80:E81) -> 0 | F82: =SUM(F80:F81) -> 0 | G82: =SUM(G80:G81) -> 0 | H82: =SUM(H80:H81) -> 0 | I82: =SUM(I80:I81) -> 0 | J82: =SUM(J80:J81) -> 0 | ... T82: =SUM(T80:T81) -> 0
A84: OSL
A85: Outstanding Expenses | B85: TB | C85: =IFERROR((VLOOKUP(A85,'TB CY'!A:G,6,)+VLOOKUP(A85,'TB CY'!A:G,7,0)),0) -> 242136 | E85: =IFERROR(VLOOKUP(A85,'TB Other'!A:M,8,0),0)+IFERROR(VLOOKUP(A85,'TB Other'!A:M,9,0),0) -> 0 | G85: =IFERROR(VLOOKUP(A85,'TB Other'!A:M,4,0),0)+IFERROR(VLOOKUP(A85,'TB Other'!A:M,5,0),0) -> 0 | I85: =IFERROR(VLOOKUP(A85,'TB Other'!A:M,13,0),0)+IFERROR(VLOOKUP(A85,'TB Other'!A:M,12,0),0) -> 0 | K85: =SUM(C85:J85) -> 242136 | L85: =VLOOKUP(A85,'TB PY'!A:G,7,)+VLOOKUP(A85,'TB PY'!A:G,6,) -> 443588.86 | T85: =SUM(L85:S85) -> 443588.86
A86: Corporate Credit Card No 4718 6501 0001 4304 | B86: TB | C86: =IFERROR((VLOOKUP(A86,'TB CY'!A:G,6,)+VLOOKUP(A86,'TB CY'!A:G,7,0)),0) -> 1517 | E86: =IFERROR(VLOOKUP(A86,'TB Other'!A:M,8,0),0)+IFERROR(VLOOKUP(A86,'TB Other'!A:M,9,0),0) -> 0 | G86: =IFERROR(VLOOKUP(A86,'TB Other'!A:M,4,0),0)+IFERROR(VLOOKUP(A86,'TB Other'!A:M,5,0),0) -> 0 | I86: =IFERROR(VLOOKUP(A86,'TB Other'!A:M,13,0),0)+IFERROR(VLOOKUP(A86,'TB Other'!A:M,12,0),0) -> 0 | K86: =SUM(C86:J86) -> 1517 | L86: =VLOOKUP(A86,'TB PY'!A:G,7,)+VLOOKUP(A86,'TB PY'!A:G,6,) -> 38158.24 | T86: =SUM(L86:S86) -> 38158.24
B88: Total | C88: =SUM(C85:C87) -> 243653 | D88: =SUM(D85:D87) -> 0 | E88: =SUM(E85:E87) -> 0 | F88: =SUM(F85:F87) -> 0 | G88: =SUM(G85:G87) -> 0 | H88: =SUM(H85:H87) -> 0 | I88: =SUM(I85:I87) -> 0 | J88: =SUM(J85:J87) -> 0 | ... T88: =SUM(T85:T87) -> 481747.1
A90: Employee related dues
A91: Salary Payable | B91: TB | C91: =IFERROR((VLOOKUP(A91,'TB CY'!A:G,6,)+VLOOKUP(A91,'TB CY'!A:G,7,0)),0) -> 1472312 | K91: =SUM(C91:H91) -> 1472312 | L91: =VLOOKUP(A91,'TB PY'!A:G,7,)+VLOOKUP(A91,'TB PY'!A:G,6,) -> 126 | T91: =SUM(L91:Q91) -> 126
A92: Stipend Payable | B92: TB | C92: =IFERROR((VLOOKUP(A92,'TB CY'!A:G,6,)+VLOOKUP(A92,'TB CY'!A:G,7,0)),0) -> 36444 | E92: =IFERROR(VLOOKUP(A92,'TB Other'!A:M,8,0),0)+IFERROR(VLOOKUP(A92,'TB Other'!A:M,9,0),0) -> 0 | G92: =IFERROR(VLOOKUP(A92,'TB Other'!A:M,4,0),0)+IFERROR(VLOOKUP(A92,'TB Other'!A:M,5,0),0) -> 0 | I92: =IFERROR(VLOOKUP(A92,'TB Other'!A:M,13,0),0)+IFERROR(VLOOKUP(A92,'TB Other'!A:M,12,0),0) -> 0 | K92: =SUM(C92:J92) -> 36444 | L92: =IFERROR(VLOOKUP(A92,'TB PY'!A:G,7,),0)+IFERROR(VLOOKUP(A92,'TB PY'!A:G,6,),0) -> 0 | T92: =SUM(L92:S92) -> 0
B94: Total | C94: =SUM(C91:C93) -> 1508756 | D94: =SUM(D91:D93) -> 0 | E94: =SUM(E91:E93) -> 0 | F94: =SUM(F91:F93) -> 0 | G94: =SUM(G91:G93) -> 0 | H94: =SUM(H91:H93) -> 0 | I94: =SUM(I91:I93) -> 0 | J94: =SUM(J91:J93) -> 0 | ... T94: =SUM(T91:T93) -> 126
A95: Short-term provisions
A96: Employee Bonus payable
A97: Bonus Payable | B97: TB | C97: =IFERROR((VLOOKUP(A97,'TB CY'!A:G,6,)+VLOOKUP(A97,'TB CY'!A:G,7,0)),0) -> 458087 | E97: =IFERROR(VLOOKUP(A97,'TB Other'!A:M,8,0),0)+IFERROR(VLOOKUP(A97,'TB Other'!A:M,9,0),0) -> 0 | G97: =IFERROR(VLOOKUP(A97,'TB Other'!A:M,4,0),0)+IFERROR(VLOOKUP(A97,'TB Other'!A:M,5,0),0) -> 0 | I97: =IFERROR(VLOOKUP(A97,'TB Other'!A:M,13,0),0)+IFERROR(VLOOKUP(A97,'TB Other'!A:M,12,0),0) -> 0 | K97: =SUM(C97:J97) -> 458087 | L97: =VLOOKUP(A97,'TB PY'!A:G,7,)+VLOOKUP(A97,'TB PY'!A:G,6,) -> 351236 | T97: =SUM(L97:S97) -> 351236
B99: Total | C99: =SUM(C97:C98) -> 458087 | D99: =SUM(D97:D98) -> 0 | E99: =SUM(E97:E98) -> 0 | F99: =SUM(F97:F98) -> 0 | G99: =SUM(G97:G98) -> 0 | H99: =SUM(H97:H98) -> 0 | I99: =SUM(I97:I98) -> 0 | J99: =SUM(J97:J98) -> 0 | ... T99: =SUM(T97:T98) -> 351236
A100: Gratuity | B100: IND AS | K100: =SUBTOTAL(9,C100:J100) -> 0 | M100: 9203 | T100: =SUBTOTAL(9,L100:S100) -> 9203
A101: Gratuity current portion | B101: IND AS | D101: =-D37 -> 20802 | K101: =SUBTOTAL(9,C101:J101) -> 20802
B102: Total | C102: =SUM(C100:C101) -> 0 | D102: =SUM(D100:D101) -> 20802 | E102: =SUM(E100:E101) -> 0 | F102: =SUM(F100:F101) -> 0 | G102: =SUM(G100:G101) -> 0 | H102: =SUM(H100:H101) -> 0 | I102: =SUM(I100:I101) -> 0 | J102: =SUM(J100:J101) -> 0 | ... T102: =SUM(T100:T101) -> 9203
A104: Leave entitlement | B104: IND AS | K104: =SUBTOTAL(9,C104:J104) -> 0 | M104: 124009 | T104: =SUBTOTAL(9,L104:S104) -> 124009
A105: Short term | D105: =-D41 -> 158061 | K105: =SUBTOTAL(9,C105:J105) -> 158061
B106: Total | C106: =SUM(C104:C105) -> 0 | D106: =SUM(D104:D105) -> 158061 | E106: =SUM(E104:E105) -> 0 | F106: =SUM(F104:F105) -> 0 | G106: =SUM(G104:G105) -> 0 | H106: =SUM(H104:H105) -> 0 | I106: =SUM(I104:I105) -> 0 | J106: =SUM(J104:J105) -> 0 | ... T106: =SUM(T104:T105) -> 124009
A107: Assets
A108: (a) Property, Plant and Equipment
A109: Fixed Assets | B109: TB | C109: =IFERROR((VLOOKUP(A109,'TB CY'!A:G,6,)+VLOOKUP(A109,'TB CY'!A:G,7,0)),0) -> 19022289 | E109: =IFERROR(VLOOKUP(A109,'TB Other'!A:M,8,0),0)+IFERROR(VLOOKUP(A109,'TB Other'!A:M,9,0),0) -> 0 | G109: =IFERROR(VLOOKUP(A109,'TB Other'!A:M,4,0),0)+IFERROR(VLOOKUP(A109,'TB Other'!A:M,5,0),0) -> 0 | I109: =IFERROR(VLOOKUP(A109,'TB Other'!A:M,13,0),0)+IFERROR(VLOOKUP(A109,'TB Other'!A:M,12,0),0) -> 34968.86 | K109: =SUM(C109:J109) -> 19057258 | L109: =IFERROR(VLOOKUP(A109,'TB PY'!A:G,7,),0)+IFERROR(VLOOKUP(A109,'TB PY'!A:G,6,),0) -> 16639106 | T109: =SUM(L109:S109) -> 16639106
B111: Total | C111: =SUM(C109:C110) -> 19022289 | D111: =SUM(D109:D110) -> 0 | E111: =SUM(E109:E110) -> 0 | F111: =SUM(F109:F110) -> 0 | G111: =SUM(G109:G110) -> 0 | H111: =SUM(H109:H110) -> 0 | I111: =SUM(I109:I110) -> 34968.86 | J111: =SUM(J109:J110) -> 0 | ... T111: =SUM(T109:T110) -> 16639106
A112: Lease related assets net
A113: ROU Asset | B113: TB | C113: =IFERROR((VLOOKUP(A113,'TB CY'!A:G,6,)+VLOOKUP(A113,'TB CY'!A:G,7,0)),0) -> 872850 | D113: =-ROU!J40 -> -303131 | E113: =IFERROR(VLOOKUP(A113,'TB Other'!A:M,8,0),0)+IFERROR(VLOOKUP(A113,'TB Other'!A:M,9,0),0) -> 0 | G113: =IFERROR(VLOOKUP(A113,'TB Other'!A:M,4,0),0)+IFERROR(VLOOKUP(A113,'TB Other'!A:M,5,0),0) -> 0 | I113: =IFERROR(VLOOKUP(A113,'TB Other'!A:M,13,0),0)+IFERROR(VLOOKUP(A113,'TB Other'!A:M,12,0),0) -> 0 | K113: =SUM(C113:J113) -> 569719 | L113: =IFERROR(VLOOKUP(A113,'TB PY'!A:G,7,),0)+IFERROR(VLOOKUP(A113,'TB PY'!A:G,6,),0) -> 0 | T113: =SUM(L113:S113) -> 0 | U113: as per tb
B115: Total | C115: =SUM(C113:C114) -> 872850 | D115: =SUM(D113:D114) -> -303131 | E115: =SUM(E113:E114) -> 0 | F115: =SUM(F113:F114) -> 0 | G115: =SUM(G113:G114) -> 0 | H115: =SUM(H113:H114) -> 0 | I115: =SUM(I113:I114) -> 0 | J115: =SUM(J113:J114) -> 0 | ... T115: =SUM(T113:T114) -> 0
A117: Assets
A118: Deferred Tax Asset | B118: TB | C118: =IFERROR((VLOOKUP(A118,'TB CY'!A:G,6,)+VLOOKUP(A118,'TB CY'!A:G,7,0)),0) -> 8165446 | E118: =IFERROR(VLOOKUP(A118,'TB Other'!A:M,8,0),0)+IFERROR(VLOOKUP(A118,'TB Other'!A:M,9,0),0) -> 0 | G118: =IFERROR(VLOOKUP(A118,'TB Other'!A:M,4,0),0)+IFERROR(VLOOKUP(A118,'TB Other'!A:M,5,0),0) -> 0 | I118: =IFERROR(VLOOKUP(A118,'TB Other'!A:M,13,0),0)+IFERROR(VLOOKUP(A118,'TB Other'!A:M,12,0),0) -> 0 | K118: =SUM(C118:J118) -> 8165446 | L118: =VLOOKUP(A118,'TB PY'!A:G,7,)+VLOOKUP(A118,'TB PY'!A:G,6,) -> 8165446 | T118: =SUM(L118:S118) -> 8165446
B120: Total | C120: =SUM(C118:C119) -> 8165446 | D120: =SUM(D118:D119) -> 0 | E120: =SUM(E118:E119) -> 0 | F120: =SUM(F118:F119) -> 0 | G120: =SUM(G118:G119) -> 0 | H120: =SUM(H118:H119) -> 0 | I120: =SUM(I118:I119) -> 0 | J120: =SUM(J118:J119) -> 0 | ... T120: =SUM(T118:T119) -> 8165446
A121: Investments
A122: Investment In Boofotel | B122: TB | C122: =IFERROR((VLOOKUP(A122,'TB CY'!A:G,6,)+VLOOKUP(A122,'TB CY'!A:G,7,0)),0) -> 40000 | E122: =IFERROR(VLOOKUP(A122,'TB Other'!A:M,8,0),0)+IFERROR(VLOOKUP(A122,'TB Other'!A:M,9,0),0) -> 0 | G122: =IFERROR(VLOOKUP(A122,'TB Other'!A:M,4,0),0)+IFERROR(VLOOKUP(A122,'TB Other'!A:M,5,0),0) -> 0 | I122: =IFERROR(VLOOKUP(A122,'TB Other'!A:M,13,0),0)+IFERROR(VLOOKUP(A122,'TB Other'!A:M,12,0),0) -> 0 | K122: =SUM(C122:J122) -> 40000 | L122: =IFERROR(VLOOKUP(A122,'TB PY'!A:G,7,),0)+IFERROR(VLOOKUP(A122,'TB PY'!A:G,6,),0) -> 0 | T122: =SUM(L122:S122) -> 0
A123: BOOFOOTEL PRIVATE LIMITED
B124: Total | C124: =SUM(C122:C123) -> 40000 | D124: =SUM(D122:D123) -> 0 | E124: =SUM(E122:E123) -> 0 | F124: =SUM(F122:F123) -> 0 | G124: =SUM(G122:G123) -> 0 | H124: =SUM(H122:H123) -> 0 | I124: =SUM(I122:I123) -> 0 | J124: =SUM(J122:J123) -> 0 | ... T124: =SUM(T122:T123) -> 0
A125: Deposit with maturity more than 12 months from reporting date
A126: FD with HDFC Bank | B126: TB | C126: =IFERROR((VLOOKUP(A126,'TB CY'!A:G,6,)+VLOOKUP(A126,'TB CY'!A:G,7,0)),0) -> 100000 | E126: =IFERROR(VLOOKUP(A126,'TB Other'!A:M,8,0),0)+IFERROR(VLOOKUP(A126,'TB Other'!A:M,9,0),0) -> 0 | G126: =IFERROR(VLOOKUP(A126,'TB Other'!A:M,4,0),0)+IFERROR(VLOOKUP(A126,'TB Other'!A:M,5,0),0) -> 0 | I126: =IFERROR(VLOOKUP(A126,'TB Other'!A:M,13,0),0)+IFERROR(VLOOKUP(A126,'TB Other'!A:M,12,0),0) -> 0 | K126: =SUM(C126:J126) -> 100000 | L126: =VLOOKUP(A126,'TB PY'!A:G,7,)+VLOOKUP(A126,'TB PY'!A:G,6,) -> 100000 | T126: =SUM(L126:S126) -> 100000
...

Sheet TB Other
A1: Trial Balance | E1: =C1-B1 -> 0
B2: 1908 Eventures Pvt Ltd (Delhi) | F2: 1908 E Ventures Pvt Ltd - Bangalore | J2: 1908 E-Ventures Pvt Ltd- Haryana | N2: vloo bs | O2: vlook pl
A3: Particulars | B3: 1-Apr-22 to 31-Mar-23 | F3: 1-Apr-22 to 31-Mar-23 | J3: 1-Apr-22 to 31-Mar-23
B4: Closing Balance | F4: Closing Balance | J4: Closing Balance
B5: Debit | C5: Credit | F5: Debit | G5: Credit | J5: Debit | K5: Credit
A6: Current Liabilities | B6: 1481328.9 | C6: 77001.87 | F6: 123604.74 | G6: 3957.86 | J6: 214694.49 | K6: 782945.52
A7: Duties & Taxes | B7: 31046.34 | C7: 23624.65 | D7: =B7-C7 -> 7421.69 | F7: 123604.74 | G7: 3957.86 | H7: =F7-G7 -> 119646.88 | J7: 194253.69 | L7: =J7-K7 -> 194253.69 | N7: =VLOOKUP(A7,'BS Grouping'!A:A,1,) -> Duties & Taxes
A8: Sundry Creditors | B8: 1450282.5 | C8: 53269.02 | E8: =C8-B8 -> -1397013.5 | J8: 20440.8 | K8: 782386.52 | M8: =K8-J8 -> 761945.72 | N8: =VLOOKUP(A8,'BS Grouping'!A:A,1,) -> Sundry Creditors
A9: Tds on Advertisement | C9: 0.2 | E9: =C9-B9 -> 0.2 | N9: =VLOOKUP(A9,'BS Grouping'!A:A,1,) -> #N/A
A10: Tds on Commission | C10: 71 | E10: =C10-B10 -> 71 | N10: =VLOOKUP(A10,'BS Grouping'!A:A,1,) -> #N/A
A11: Tds on Contract | C11: 37 | E11: =C11-B11 -> 37 | N11: =VLOOKUP(A11,'BS Grouping'!A:A,1,) -> #N/A
A12: Tds on Rent | E12: =C12-B12 -> 0 | N12: =VLOOKUP(A12,'BS Grouping'!A:A,1,) -> #N/A
A13: Fixed Assets | J13: 34968.86 | L13: =J13-K13 -> 34968.86 | N13: =VLOOKUP(A13,'BS Grouping'!A:A,1,) -> Fixed Assets
A14: Computer System | J14: 34968.86
A15: Current Assets | B15: 194334.29 | C15: 12003.6 | F15: 182204.04 | J15: 5747.03 | L15: =J15-K15 -> 5747.03
A16: Opening Stock | B16: 10401.65 | D16: =B16-C16 -> 10401.65 | F16: 51847.94 | H16: =F16+G16 -> 51847.94 | L16: =J16-K16 -> 0 | N16: =VLOOKUP(A16,'BS Grouping'!A:A,1,) -> #N/A
A17: Deposits (Asset) | F17: 130350 | H17: =F17+G17 -> 130350 | L17: =J17-K17 -> 0 | N17: =VLOOKUP(A17,'BS Grouping'!A:A,1,) -> #N/A
A18: Loans & Advances (Asset) | D18: =B18-C18 -> 0 | H18: =F18+G18 -> 0 | L18: =J18-K18 -> 0 | N18: =VLOOKUP(A18,'BS Grouping'!A:A,1,) -> #N/A
A19: Sundry Debtors | B19: 179547.69 | C19: 12003.6 | D19: =B19-C19 -> 167544.09 | F19: 6.1 | H19: =F19+G19 -> 6.1 | J19: 5747.03 | L19: =J19-K19 -> 5747.03 | N19: =VLOOKUP(A19,'BS Grouping'!A:A,1,) -> Sundry Debtors
A20: TCS AY 22-23 | B20: 4384.95 | D20: =B20-C20 -> 4384.95 | H20: =F20+G20 -> 0 | L20: =J20-K20 -> 0 | N20: =VLOOKUP(A20,'BS Grouping'!A:A,1,) -> TCS AY 22-23
A21: Branch / Divisions | C21: 1381731.8 | G21: 953094.25 | K21: 620149 | N21: =VLOOKUP(A21,'BS Grouping'!A:A,1,) -> #N/A
A22: Head Office - Mumbai | C22: 1381731.8 | D22: =B22-C22 -> -1381731.8 | G22: 953094.25 | H22: =F22-G22 -> -953094.25 | K22: 620149 | L22: =J22-K22 -> -620149 | N22: =VLOOKUP(A22,'BS Grouping'!A:A,1,) -> Head Office - Mumbai
A23: Sales Accounts | C23: 91360.19 | E23: =C23-B23 -> 91360.19 | G23: 159005.92 | I23: =G23+F23 -> 159005.92 | K23: 406946.2 | M23: =K23-J23 -> 406946.2 | O23: =VLOOKUP(A23,'PL Grouping'!A:A,1,) -> Sales Accounts
A24: Branch-Sales | C24: 10953.46 | E24: =C24-B24 -> 10953.46 | M24: =K24-J24 -> 0 | O24: =VLOOKUP(A24,'PL Grouping'!A:A,1,) -> #N/A
A25: Interstate@5% | E25: =C25-B25 -> 0 | M25: =K25-J25 -> 0 | O25: =VLOOKUP(A25,'PL Grouping'!A:A,1,) -> #N/A
A26: Interstate Sales | E26: =C26-B26 -> 0 | G26: 127227.57 | I26: =G26+F26 -> 127227.57 | M26: =K26-J26 -> 0 | O26: =VLOOKUP(A26,'PL Grouping'!A:A,1,) -> #N/A
A27: Local Sales | E27: =C27-B27 -> 0 | G27: 31778.35 | I27: =G27+F27 -> 31778.35 | M27: =K27-J27 -> 0 | O27: =VLOOKUP(A27,'PL Grouping'!A:A,1,) -> #N/A
A28: Sales- Interstate | C28: 68964.38 | E28: =C28-B28 -> 68964.38 | I28: =G28+F28 -> 0 | M28: =K28-J28 -> 0 | O28: =VLOOKUP(A28,'PL Grouping'!A:A,1,) -> #N/A
A29: SALES LOCAL | C29: 11442.35 | E29: =C29-B29 -> 11442.35 | I29: =G29+F29 -> 0 | K29: 406946.2 | M29: =K29-J29 -> 406946.2 | O29: =VLOOKUP(A29,'PL Grouping'!A:A,1,) -> #N/A
A30: Purchase Accounts | B30: 95909.75 | D30: =B30-C30 -> 95909.75 | F30: 125415.76 | H30: =F30+G30 -> 125415.76 | J30: 1221116.9 | L30: =J30-K30 -> 1221116.9 | O30: =VLOOKUP(A30,'PL Grouping'!A:A,1,) -> #N/A
A31: Branch Purchase Account | B31: 95909.75 | D31: =B31-C31 -> 95909.75 | F31: 125415.76 | H31: =F31+G31 -> 125415.76 | L31: =J31-K31 -> 0 | O31: =VLOOKUP(A31,'PL Grouping'!A:A,1,) -> Branch purchase account
A32: Purchase Interstate | D32: =B32-C32 -> 0 | H32: =F32+G32 -> 0 | J32: 998095.52 | L32: =J32-K32 -> 998095.52 | O32: =VLOOKUP(A32,'PL Grouping'!A:A,1,) -> Purchase Interstate
A33: Purchase Local | D33: =B33-C33 -> 0 | H33: =F33+G33 -> 0 | J33: 223021 | L33: =J33-K33 -> 223021 | O33: =VLOOKUP(A33,'PL Grouping'!A:A,1,) -> Purchase Local
A34: Indirect Incomes | C34: 33.9 | E34: =C34-B34 -> 33.9 | G34: 1928.01 | I34: =G34+F34 -> 1928.01 | O34: =VLOOKUP(A34,'PL Grouping'!A:A,1,) -> #N/A
A35: Shipping Charges | C35: 33.9 | E35: =C35-B35 -> 33.9 | G35: 1928.01 | I35: =G35+F35 -> 1928.01 | M35: =K35-J35 -> 0 | O35: =VLOOKUP(A35,'PL Grouping'!A:A,1,) -> Shipping Charges
A36: Indirect Expenses | B36: 50086.74 | C36: 595512.9 | D36: =B36-C36 -> -545426.16 | F36: 547520.84 | J36: 333519.71 | K36: 6.31 | O36: =VLOOKUP(A36,'PL Grouping'!A:A,1,) -> #N/A
A37: Amazon Storage, Pick Pack, Transp and Shipping Fees | B37: 28691.86 | D37: =B37-C37 -> 28691.86 | H37: =F37+G37 -> 0 | L37: =J37-K37 -> 0 | O37: =VLOOKUP(A37,'PL Grouping'!A:A,1,) -> Amazon Storage, Pick Pack, Transp and Shipping Fees
A38: Business Promotion Expenses | D38: =B38-C38 -> 0 | H38: =F38+G38 -> 0 | J38: 24039 | L38: =J38-K38 -> 24039 | O38: =VLOOKUP(A38,'PL Grouping'!A:A,1,) -> Business Promotion Expenses
A39: Business Support Service | B39: 9900 | D39: =B39-C39 -> 9900 | H39: =F39+G39 -> 0 | L39: =J39-K39 -> 0 | O39: =VLOOKUP(A39,'PL Grouping'!A:A,1,) -> Business Support Service
A40: Commission | B40: 11394.88 | D40: =B40-C40 -> 11394.88 | F40: 27234.76 | H40: =F40+G40 -> 27234.76 | L40: =J40-K40 -> 0 | O40: =VLOOKUP(A40,'PL Grouping'!A:A,1,) -> Commission
A41: Conveyance Expenses | D41: =B41-C41 -> 0 | H41: =F41+G41 -> 0 | J41: =32788+150 -> 32938 | L41: =J41-K41 -> 32938 | O41: =VLOOKUP(A41,'PL Grouping'!A:A,1,) -> Conveyance Expenses
A42: Electricity Expenses | D42: =B42-C42 -> 0 | H42: =F42+G42 -> 0 | J42: 42840 | L42: =J42-K42 -> 42840 | O42: =VLOOKUP(A42,'PL Grouping'!A:A,1,) -> Electricity Expenses
A43: GST Late Fees | D43: =B43-C43 -> 0 | H43: =F43+G43 -> 0 | J43: 100 | L43: =J43-K43 -> 100 | O43: =VLOOKUP(A43,'PL Grouping'!A:A,1,) -> GST Late Fees
A44: Gst Late Filing Fees | B44: 100 | D44: =B44-C44 -> 100 | H44: =F44+G44 -> 0 | L44: =J44-K44 -> 0 | O44: =VLOOKUP(A44,'PL Grouping'!A:A,1,) -> Gst Late Filing Fees
A45: Legal & Professional Charges | D45: =B45-C45 -> 0 | H45: =F45+G45 -> 0 | J45: 13000 | L45: =J45-K45 -> 13000 | O45: =VLOOKUP(A45,'PL Grouping'!A:A,1,) -> Legal & Professional Charges
A46: Maintenance Expenses | D46: =B46-C46 -> 0 | H46: =F46+G46 -> 0 | J46: 62314.3 | L46: =J46-K46 -> 62314.3 | O46: =VLOOKUP(A46,'PL Grouping'!A:A,1,) -> Maintenance Expenses
A47: Marketing Expenses | C47: 595511 | D47: =B47-C47 -> -595511 | H47: =F47+G47 -> 0 | L47: =J47-K47 -> 0 | O47: =VLOOKUP(A47,'PL Grouping'!A:A,1,) -> Marketing Expenses
A48: Rent | D48: =B48-C48 -> 0 | F48: 457629 | H48: =F48+G48 -> 457629 | J48: 157729.41 | L48: =J48-K48 -> 157729.41 | O48: =VLOOKUP(A48,'PL Grouping'!A:A,1,) -> Rent
A49: Rounding Off | D49: =B49-C49 -> 0 | F49: 2.92 | H49: =F49+G49 -> 2.92 | K49: 6.31 | L49: =J49-K49 -> -6.31 | O49: =VLOOKUP(A49,'PL Grouping'!A:A,1,) -> Rounding Off
A50: RoundOff | C50: 1.9 | D50: =B50-C50 -> -1.9 | F50: 0.08 | H50: =F50+G50 -> 0.08 | L50: =J50-K50 -> 0 | O50: =VLOOKUP(A50,'PL Grouping'!A:A,1,) -> RoundOff
A51: Shipping Charges | D51: =B51-C51 -> 0 | H51: =F51+G51 -> 0 | L51: =J51-K51 -> 0 | O51: =VLOOKUP(A51,'PL Grouping'!A:A,1,) -> Shipping Charges
A52: Storage, Shipping and Pick and Pack Fees | D52: =B52-C52 -> 0 | F52: 62654.08 | H52: =F52+G52 -> 62654.08 | L52: =J52-K52 -> 0 | O52: =VLOOKUP(A52,'PL Grouping'!A:A,1,) -> Storage, Shipping and Pick and Pack Fees
A53: Profit & Loss A/c | B53: 335984.57 | E53: =C53-B53 -> -335984.57 | F53: 139240.66 | I53: =G53-F53 -> -139240.66 | L53: =J53-K53 -> 0 | M53: =K53-J53 -> 0 | O53: =VLOOKUP(A53,'PL Grouping'!A:A,1,) -> #N/A
A54: Grand Total | B54: 2157644.2 | C54: 2157644.2 | F54: 1117986 | G54: 1117986 | J54: 1810047 | K54: 1810047

Sheet PL Grouping
A1: =BS!A1 -> 1908 E-Ventures Private Limited | D1: Total | K1: =-K588-K594-K602-K611-K625-K629-K636-K650-K654-K661-K665-K669-K673-K738-K677-K686-K682-K691-K698-K615+K619 -> 0 | T1: =-T588-T594-T602-T611-T625-T629-T636-T650-T654-T661-T665-T669-T673-T738-T677-T686-T682-T691-T698-T615 -> 0
A2: Groupings PL | K2: if error exp | L2: =IFERROR(VLOOKUP(A2,'TB PY'!A:G,7,),0)+IFERROR(VLOOKUP(A2,'TB PY'!A:G,6,),0) -> 0
G3: 18640762 | H3: 18509809 | I3: =G3-H3 -> 130953
A4: Particulars | C4: For the year ended 31 March 2023 | L4: For the year ended 31 March 2022
B5: Reference | C5: Mumbai | D5: Adj | E5: Banglore | F5: Adj | G5: Delhi | H5: Adj | I5: Haryana | J5: Adj | K5: Total | L5: Mumbai | M5: Adj | N5: Banglore | O5: Adj | P5: Delhi | Q5: Adj | R5: haryana | S5: Adj | T5: Total | U5: Just check | X5: 24500 | Y5: Bhadu
A6: Revenue from operations | X6: 9000 | Y6: Aunty
A7: Sale of products | K7: =SUM(C7:H7) -> 0 | T7: =SUM(L7:Q7) -> 0 | X7: 10000 | Y7: Cash
A8: Sales Accounts | B8: TB | C8: =IFERROR(VLOOKUP(A8,'TB CY'!A:G,7,)+VLOOKUP(A8,'TB CY'!A:G,6,),0) -> 63860391 | E8: =IFERROR(VLOOKUP(A8,'TB Other'!A:I,8,0),0)+IFERROR(VLOOKUP(A8,'TB Other'!A:I,9,0),0) -> 159005.92 | F8: =F87 -> -125415.76 | G8: =IFERROR(VLOOKUP(A8,'TB Other'!A:E,4,),0)+IFERROR(VLOOKUP(A8,'TB Other'!A:E,5,),0) -> 91360.19 | H8: =H87 -> -95909.75 | I8: =IFERROR(VLOOKUP(A8,'TB Other'!A:M,12,0),0)+IFERROR(VLOOKUP(A8,'TB Other'!A:M,13,0),0) -> 406946.2 | K8: =SUM(C8:J8) -> 64296378 | L8: =VLOOKUP(A8,'TB PY'!A:G,7,)+VLOOKUP(A8,'TB PY'!A:G,6,) -> 60671546 | N8: 315818 | O8: =+O68 -> -201412 | P8: 3683319 | Q8: =+Q68 -> -9378 | T8: =SUM(L8:S8) -> 64459893 | X8: 13000 | Y8: EMI
T9: =SUM(L9:Q9) -> 0 | X9: 5000 | Y9: Dhupani
B10: Total | C10: =SUM(C7:C9) -> 63860391 | D10: =SUM(D7:D9) -> 0 | E10: =SUM(E7:E9) -> 159005.92 | F10: =SUM(F7:F9) -> -125415.76 | G10: =SUM(G7:G9) -> 91360.19 | H10: =SUM(H7:H9) -> -95909.75 | I10: =SUM(I7:I9) -> 406946.2 | J10: =SUM(J7:J9) -> 0 | ... T10: =SUM(T7:T9) -> 64459893 | U10: =K10-T10 -> -163514.79 | X10: 11000 | Y10: Bank transfer
A12: Other operating revenue | B12: pending | K12: =SUM(C12:J12) -> 0 | T12: =SUM(L12:S12) -> 0 | X12: =SUM(X5:X11) -> 72500
A15: Other income
A17: Interest on bank deposit
A18: Interest on FD | B18: TB | C18: =IFERROR(VLOOKUP(A18,'TB CY'!A:G,7,)+VLOOKUP(A18,'TB CY'!A:G,6,),0) -> 5186 | E18: =IFERROR(VLOOKUP(A18,'TB Other'!A:I,8,0),0)+IFERROR(VLOOKUP(A18,'TB Other'!A:I,9,0),0) -> 0 | G18: =IFERROR(VLOOKUP(A18,'TB Other'!A:E,4,),0)+IFERROR(VLOOKUP(A18,'TB Other'!A:E,5,),0) -> 0 | I18: =IFERROR(VLOOKUP(A18,'TB Other'!A:M,12,0),0)+IFERROR(VLOOKUP(A18,'TB Other'!A:M,13,0),0) -> 0 | K18: =SUM(C18:J18) -> 5186 | L18: =VLOOKUP(A18,'TB PY'!A:G,7,)+VLOOKUP(A18,'TB PY'!A:G,6,) -> 4729 | T18: =SUM(L18:S18) -> 4729
B20: Total | C20: =SUM(C18:C19) -> 5186 | D20: =SUM(D18:D19) -> 0 | E20: =SUM(E18:E19) -> 0 | F20: =SUM(F18:F19) -> 0 | G20: =SUM(G18:G19) -> 0 | H20: =SUM(H18:H19) -> 0 | I20: =SUM(I18:I19) -> 0 | J20: =SUM(J18:J19) -> 0 | ... T20: =SUM(T18:T19) -> 4729 | U20: =K20-T20 -> 457
A22: Interest on income tax refunds
A23: Interest on Income Tax Refund | B23: TB | C23: =IFERROR(VLOOKUP(A23,'TB CY'!A:G,7,)+VLOOKUP(A23,'TB CY'!A:G,6,),0) -> 2797 | E23: =IFERROR(VLOOKUP(A23,'TB Other'!A:I,8,0),0)+IFERROR(VLOOKUP(A23,'TB Other'!A:I,9,0),0) -> 0 | G23: =IFERROR(VLOOKUP(A23,'TB Other'!A:E,4,),0)+IFERROR(VLOOKUP(A23,'TB Other'!A:E,5,),0) -> 0 | I23: =IFERROR(VLOOKUP(A23,'TB Other'!A:M,12,0),0)+IFERROR(VLOOKUP(A23,'TB Other'!A:M,13,0),0) -> 0 | K23: =SUM(C23:J23) -> 2797 | L23: =VLOOKUP(A23,'TB PY'!A:G,7,)+VLOOKUP(A23,'TB PY'!A:G,6,) -> 8748 | T23: =SUM(L23:S23) -> 8748
B25: Total | C25: =SUM(C23:C24) -> 2797 | D25: =SUM(D23:D24) -> 0 | E25: =SUM(E23:E24) -> 0 | F25: =SUM(F23:F24) -> 0 | G25: =SUM(G23:G24) -> 0 | H25: =SUM(H23:H24) -> 0 | I25: =SUM(I23:I24) -> 0 | J25: =SUM(J23:J24) -> 0 | ... T25: =SUM(T23:T24) -> 8748 | U25: =K25-T25 -> -5951
A27: exchange gain
A28: Exchange rate difference | B28: TB | C28: =IFERROR(VLOOKUP(A28,'TB CY'!A:G,7,)+VLOOKUP(A28,'TB CY'!A:G,6,),0) -> 0 | E28: =IFERROR(VLOOKUP(A28,'TB Other'!A:I,8,0),0)+IFERROR(VLOOKUP(A28,'TB Other'!A:I,9,0),0) -> 0 | G28: =IFERROR(VLOOKUP(A28,'TB Other'!A:E,4,),0)+IFERROR(VLOOKUP(A28,'TB Other'!A:E,5,),0) -> 0 | I28: =IFERROR(VLOOKUP(A28,'TB Other'!A:M,12,0),0)+IFERROR(VLOOKUP(A28,'TB Other'!A:M,13,0),0) -> 0 | K28: =SUM(C28:J28) -> 0 | T28: =SUM(L28:S28) -> 0
B30: Total | C30: =SUM(C28:C29) -> 0 | D30: =SUM(D28:D29) -> 0 | E30: =SUM(E28:E29) -> 0 | F30: =SUM(F28:F29) -> 0 | G30: =SUM(G28:G29) -> 0 | H30: =SUM(H28:H29) -> 0 | I30: =SUM(I28:I29) -> 0 | J30: =SUM(J28:J29) -> 0 | ... T30: =SUM(T28:T29) -> 0 | U30: =K30-T30 -> 0
A31: Profit on sale of assets
A32: Profit on sale of fixed assets | B32: TB | C32: =IFERROR(VLOOKUP(A32,'TB CY'!A:G,7,)+VLOOKUP(A32,'TB CY'!A:G,6,),0) -> 0 | E32: =IFERROR(VLOOKUP(A32,'TB Other'!A:I,8,0),0)+IFERROR(VLOOKUP(A32,'TB Other'!A:I,9,0),0) -> 0 | G32: =IFERROR(VLOOKUP(A32,'TB Other'!A:E,4,),0)+IFERROR(VLOOKUP(A32,'TB Other'!A:E,5,),0) -> 0 | I32: =IFERROR(VLOOKUP(A32,'TB Other'!A:M,12,0),0)+IFERROR(VLOOKUP(A32,'TB Other'!A:M,13,0),0) -> 0 | K32: =SUM(C32:J32) -> 0 | L32: =VLOOKUP(A32,'TB PY'!A:G,7,)+VLOOKUP(A32,'TB PY'!A:G,6,) -> 2435 | T32: =SUM(L32:S32) -> 2435
A33: Loss on Sale of Assets | B33: TB | C33: =IFERROR(VLOOKUP(A33,'TB CY'!A:G,7,)+VLOOKUP(A33,'TB CY'!A:G,6,),0)*0 -> 0 | E33: =IFERROR(VLOOKUP(A33,'TB Other'!A:I,8,0),0)+IFERROR(VLOOKUP(A33,'TB Other'!A:I,9,0),0) -> 0 | G33: =IFERROR(VLOOKUP(A33,'TB Other'!A:E,4,),0)+IFERROR(VLOOKUP(A33,'TB Other'!A:E,5,),0) -> 0 | I33: =IFERROR(VLOOKUP(A33,'TB Other'!A:M,12,0),0)+IFERROR(VLOOKUP(A33,'TB Other'!A:M,13,0),0) -> 0 | K33: =SUM(C33:J33) -> 0 | L33: =IFERROR(VLOOKUP(A33,'TB PY'!A:G,7,),0)+IFERROR(VLOOKUP(A33,'TB PY'!A:G,6,),0) -> 0 | T33: =SUM(L33:S33) -> 0
B35: Total | C35: =SUM(C32:C34) -> 0 | D35: =SUM(D32:D34) -> 0 | E35: =SUM(E32:E34) -> 0 | F35: =SUM(F32:F34) -> 0 | G35: =SUM(G32:G34) -> 0 | H35: =SUM(H32:H34) -> 0 | I35: =SUM(I32:I34) -> 0 | J35: =SUM(J32:J34) -> 0 | ... T35: =SUM(T32:T34) -> 2435 | U35: =K35-T35 -> -2435
A36: Sundry balances written back
A37: Sundry Advances / Debit Balance Written Off | B37: TB | C37: =IFERROR(VLOOKUP(A37,'TB CY'!A:G,7,)+VLOOKUP(A37,'TB CY'!A:G,6,),0)*-1 -> -23932 | D37: =-C37 -> 23932 | E37: =IFERROR(VLOOKUP(A37,'TB Other'!A:I,8,0),0)+IFERROR(VLOOKUP(A37,'TB Other'!A:I,9,0),0) -> 0 | G37: =IFERROR(VLOOKUP(A37,'TB Other'!A:E,4,),0)+IFERROR(VLOOKUP(A37,'TB Other'!A:E,5,),0) -> 0 | I37: =IFERROR(VLOOKUP(A37,'TB Other'!A:M,12,0),0)+IFERROR(VLOOKUP(A37,'TB Other'!A:M,13,0),0) -> 0 | K37: =SUM(C37:J37) -> 0 | L37: =IFERROR(VLOOKUP(A37,'TB PY'!A:G,7,),0)+IFERROR(VLOOKUP(A37,'TB PY'!A:G,6,),0) -> 0 | M37: 40000 | T37: =SUM(L37:S37) -> 40000
A38: Sundry Advances / Credit Balance Written Off | B38: TB | C38: =IFERROR(VLOOKUP(A38,'TB CY'!A:G,7,)+VLOOKUP(A38,'TB CY'!A:G,6,),0) -> 13411.11 | E38: =IFERROR(VLOOKUP(A38,'TB Other'!A:I,8,0),0)+IFERROR(VLOOKUP(A38,'TB Other'!A:I,9,0),0) -> 0 | G38: =IFERROR(VLOOKUP(A38,'TB Other'!A:E,4,),0)+IFERROR(VLOOKUP(A38,'TB Other'!A:E,5,),0) -> 0 | I38: =IFERROR(VLOOKUP(A38,'TB Other'!A:M,12,0),0)+IFERROR(VLOOKUP(A38,'TB Other'!A:M,13,0),0) -> 0 | J38: =12765.52+14892.02-223.35 -> 27434.19 | K38: =SUM(C38:J38) -> 40845.3 | L38: =VLOOKUP(A38,'TB PY'!A:G,7,)+VLOOKUP(A38,'TB PY'!A:G,6,) -> 224249.5 | O38: =4337+658 -> 4995 | T38: =SUM(L38:S38) -> 229244.5
B40: Total | C40: =SUM(C37:C39) -> -10520.89 | D40: =SUM(D37:D39) -> 23932 | E40: =SUM(E37:E39) -> 0 | F40: =SUM(F37:F39) -> 0 | G40: =SUM(G37:G39) -> 0 | H40: =SUM(H37:H39) -> 0 | I40: =SUM(I37:I39) -> 0 | J40: =SUM(J37:J39) -> 27434.19 | ... T40: =SUM(T37:T39) -> 269244.5 | U40: =K40-T40 -> -228399.2
A41: Sundry receipts
A42: Discount Given (Non GST) | B42: TB | C42: =IFERROR(VLOOKUP(A42,'TB CY'!A:G,7,)+VLOOKUP(A42,'TB CY'!A:G,6,),0) -> 0 | E42: =IFERROR(VLOOKUP(A42,'TB Other'!A:I,8,0),0)+IFERROR(VLOOKUP(A42,'TB Other'!A:I,9,0),0) -> 0 | G42: =IFERROR(VLOOKUP(A42,'TB Other'!A:E,4,),0)+IFERROR(VLOOKUP(A42,'TB Other'!A:E,5,),0) -> 0 | I42: =IFERROR(VLOOKUP(A42,'TB Other'!A:M,12,0),0)+IFERROR(VLOOKUP(A42,'TB Other'!A:M,13,0),0) -> 0 | K42: =SUM(C42:J42) -> 0 | L42: =IFERROR(VLOOKUP(A42,'TB PY'!A:G,7,),0)+IFERROR(VLOOKUP(A42,'TB PY'!A:G,6,),0) -> 0 | T42: =SUM(L42:S42) -> 0
A43: Discount Received( Sales) | B43: TB | C43: =IFERROR(VLOOKUP(A43,'TB CY'!A:G,7,)+VLOOKUP(A43,'TB CY'!A:G,6,),0) -> 0 | E43: =IFERROR(VLOOKUP(A43,'TB Other'!A:I,8,0),0)+IFERROR(VLOOKUP(A43,'TB Other'!A:I,9,0),0) -> 0 | G43: =IFERROR(VLOOKUP(A43,'TB Other'!A:E,4,),0)+IFERROR(VLOOKUP(A43,'TB Other'!A:E,5,),0) -> 0 | I43: =IFERROR(VLOOKUP(A43,'TB Other'!A:M,12,0),0)+IFERROR(VLOOKUP(A43,'TB Other'!A:M,13,0),0) -> 0 | K43: =SUM(C43:J43) -> 0 | L43: =IFERROR(VLOOKUP(A43,'TB PY'!A:G,7,),0)+IFERROR(VLOOKUP(A43,'TB PY'!A:G,6,),0) -> 0 | T43: =SUM(L43:S43) -> 0
A44: Discount Recieved | B44: TB | C44: =IFERROR(VLOOKUP(A44,'TB CY'!A:G,7,)+VLOOKUP(A44,'TB CY'!A:G,6,),0) -> 999.46 | E44: =IFERROR(VLOOKUP(A44,'TB Other'!A:I,8,0),0)+IFERROR(VLOOKUP(A44,'TB Other'!A:I,9,0),0) -> 0 | G44: =IFERROR(VLOOKUP(A44,'TB Other'!A:E,4,),0)+IFERROR(VLOOKUP(A44,'TB Other'!A:E,5,),0) -> 0 | I44: =IFERROR(VLOOKUP(A44,'TB Other'!A:M,12,0),0)+IFERROR(VLOOKUP(A44,'TB Other'!A:M,13,0),0) -> 0 | K44: =SUM(C44:J44) -> 999.46 | L44: =VLOOKUP(A44,'TB PY'!A:G,7,)+VLOOKUP(A44,'TB PY'!A:G,6,) -> 750 | T44: =SUM(L44:S44) -> 750
A45: Freight on Sales | B45: TB | C45: =IFERROR(VLOOKUP(A45,'TB CY'!A:G,7,)+VLOOKUP(A45,'TB CY'!A:G,6,),0) -> 0 | E45: =IFERROR(VLOOKUP(A45,'TB Other'!A:I,8,0),0)+IFERROR(VLOOKUP(A45,'TB Other'!A:I,9,0),0) -> 0 | G45: =IFERROR(VLOOKUP(A45,'TB Other'!A:E,4,),0)+IFERROR(VLOOKUP(A45,'TB Other'!A:E,5,),0) -> 0 | I45: =IFERROR(VLOOKUP(A45,'TB Other'!A:M,12,0),0)+IFERROR(VLOOKUP(A45,'TB Other'!A:M,13,0),0) -> 0 | K45: =SUM(C45:J45) -> 0 | L45: =IFERROR(VLOOKUP(A45,'TB PY'!A:G,7,),0)+IFERROR(VLOOKUP(A45,'TB PY'!A:G,6,),0) -> 0 | N45: 0 | P45: 126741 | T45: =SUM(L45:S45) -> 126741
A46: Freight on SL Sales | B46: TB | C46: =IFERROR(VLOOKUP(A46,'TB CY'!A:G,7,)+VLOOKUP(A46,'TB CY'!A:G,6,),0) -> 0 | E46: =IFERROR(VLOOKUP(A46,'TB Other'!A:I,8,0),0)+IFERROR(VLOOKUP(A46,'TB Other'!A:I,9,0),0) -> 0 | G46: =IFERROR(VLOOKUP(A46,'TB Other'!A:E,4,),0)+IFERROR(VLOOKUP(A46,'TB Other'!A:E,5,),0) -> 0 | I46: =IFERROR(VLOOKUP(A46,'TB Other'!A:M,12,0),0)+IFERROR(VLOOKUP(A46,'TB Other'!A:M,13,0),0) -> 0 | K46: =SUM(C46:J46) -> 0 | L46: =IFERROR(VLOOKUP(A46,'TB PY'!A:G,7,),0)+IFERROR(VLOOKUP(A46,'TB PY'!A:G,6,),0) -> 0 | T46: =SUM(L46:S46) -> 0
A47: Miscellenous Income | B47: TB | C47: =IFERROR(VLOOKUP(A47,'TB CY'!A:G,7,)+VLOOKUP(A47,'TB CY'!A:G,6,),0) -> 14892.02 | E47: =IFERROR(VLOOKUP(A47,'TB Other'!A:I,8,0),0)+IFERROR(VLOOKUP(A47,'TB Other'!A:I,9,0),0) -> 0 | G47: =IFERROR(VLOOKUP(A47,'TB Other'!A:E,4,),0)+IFERROR(VLOOKUP(A47,'TB Other'!A:E,5,),0) -> 0 | I47: =IFERROR(VLOOKUP(A47,'TB Other'!A:M,12,0),0)+IFERROR(VLOOKUP(A47,'TB Other'!A:M,13,0),0) -> 0 | J47: =37294.48-14892.02 -> 22402.46 | K47: =SUM(C47:J47) -> 37294.48 | L47: =VLOOKUP(A47,'TB PY'!A:G,7,)+VLOOKUP(A47,'TB PY'!A:G,6,) -> 66627.52 | T47: =SUM(L47:S47) -> 66627.52
A48: Sales Interstate ( Damage Stock ) | B48: TB | C48: =IFERROR(VLOOKUP(A48,'TB CY'!A:G,7,)+VLOOKUP(A48,'TB CY'!A:G,6,),0) -> 0 | E48: =IFERROR(VLOOKUP(A48,'TB Other'!A:I,8,0),0)+IFERROR(VLOOKUP(A48,'TB Other'!A:I,9,0),0) -> 0 | G48: =IFERROR(VLOOKUP(A48,'TB Other'!A:E,4,),0)+IFERROR(VLOOKUP(A48,'TB Other'!A:E,5,),0) -> 0 | I48: =IFERROR(VLOOKUP(A48,'TB Other'!A:M,12,0),0)+IFERROR(VLOOKUP(A48,'TB Other'!A:M,13,0),0) -> 0 | K48: =SUM(C48:J48) -> 0 | L48: =IFERROR(VLOOKUP(A48,'TB PY'!A:G,7,),0)+IFERROR(VLOOKUP(A48,'TB PY'!A:G,6,),0) -> 0 | T48: =SUM(L48:S48) -> 0
A49: Shipping Charges | B49: TB | C49: =IFERROR(VLOOKUP(A49,'TB CY'!A:G,7,)+VLOOKUP(A49,'TB CY'!A:G,6,),0) -> 644327.69 | E49: =IFERROR(VLOOKUP(A49,'TB Other'!A:I,8,0),0)+IFERROR(VLOOKUP(A49,'TB Other'!A:I,9,0),0) -> 1928.01 | G49: =IFERROR(VLOOKUP(A49,'TB Other'!A:E,4,),0)+IFERROR(VLOOKUP(A49,'TB Other'!A:E,5,),0) -> 33.9 | I49: =IFERROR(VLOOKUP(A49,'TB Other'!A:M,12,0),0)+IFERROR(VLOOKUP(A49,'TB Other'!A:M,13,0),0) -> 0 | K49: =SUM(C49:J49) -> 646289.6 | L49: =VLOOKUP(A49,'TB PY'!A:G,7,)+VLOOKUP(A49,'TB PY'!A:G,6,) -> 625921.77 | N49: 970 | T49: =SUM(L49:S49) -> 626891.77
A50: Marketing Charges | B50: TB | C50: =IFERROR(VLOOKUP(A50,'TB CY'!A:G,7,)+VLOOKUP(A50,'TB CY'!A:G,6,),0) -> 19500 | E50: =IFERROR(VLOOKUP(A50,'TB Other'!A:I,8,0),0)+IFERROR(VLOOKUP(A50,'TB Other'!A:I,9,0),0) -> 0 | G50: =IFERROR(VLOOKUP(A50,'TB Other'!A:E,4,),0)+IFERROR(VLOOKUP(A50,'TB Other'!A:E,5,),0) -> 0 | I50: =IFERROR(VLOOKUP(A50,'TB Other'!A:M,12,0),0)+IFERROR(VLOOKUP(A50,'TB Other'!A:M,13,0),0) -> 0 | K50: =SUM(C50:J50) -> 19500 | L50: =IFERROR(VLOOKUP(A50,'TB PY'!A:G,7,),0)+IFERROR(VLOOKUP(A50,'TB PY'!A:G,6,),0) -> 0 | T50: =SUM(L50:S50) -> 0
A51: Marketing Activities ( Advertisement ) | B51: TB | C51: =IFERROR(VLOOKUP(A51,'TB CY'!A:G,7,)+VLOOKUP(A51,'TB CY'!A:G,6,),0) -> 1548651.9 | E51: =IFERROR(VLOOKUP(A51,'TB Other'!A:I,8,0),0)+IFERROR(VLOOKUP(A51,'TB Other'!A:I,9,0),0) -> 0 | G51: =IFERROR(VLOOKUP(A51,'TB Other'!A:E,4,),0)+IFERROR(VLOOKUP(A51,'TB Other'!A:E,5,),0) -> 0 | I51: =IFERROR(VLOOKUP(A51,'TB Other'!A:M,12,0),0)+IFERROR(VLOOKUP(A51,'TB Other'!A:M,13,0),0) -> 0 | K51: =SUM(C51:J51) -> 1548651.9 | L51: =VLOOKUP(A51,'TB PY'!A:G,7,)+VLOOKUP(A51,'TB PY'!A:G,6,) -> 380600 | T51: =SUM(L51:S51) -> 380600
K52: =SUM(C52:J52) -> 0
A53: Sundry Receipts | B53: TB | C53: =IFERROR(VLOOKUP(A53,'TB CY'!A:G,7,)+VLOOKUP(A53,'TB CY'!A:G,6,),0) -> 0 | E53: =IFERROR(VLOOKUP(A53,'TB Other'!A:I,8,0),0)+IFERROR(VLOOKUP(A53,'TB Other'!A:I,9,0),0) -> 0 | G53: =IFERROR(VLOOKUP(A53,'TB Other'!A:E,4,),0)+IFERROR(VLOOKUP(A53,'TB Other'!A:E,5,),0) -> 0 | I53: =IFERROR(VLOOKUP(A53,'TB Other'!A:M,12,0),0)+IFERROR(VLOOKUP(A53,'TB Other'!A:M,13,0),0) -> 0 | K53: =SUM(C53:J53) -> 0 | L53: =IFERROR(VLOOKUP(A53,'TB PY'!A:G,7,),0)+IFERROR(VLOOKUP(A53,'TB PY'!A:G,6,),0) -> 0 | T53: =SUM(L53:S53) -> 0
B55: Total | C55: =SUM(C42:C54) -> 2228371.1 | D55: =SUM(D42:D54) -> 0 | E55: =SUM(E42:E54) -> 1928.01 | F55: =SUM(F42:F54) -> 0 | G55: =SUM(G42:G54) -> 33.9 | H55: =SUM(H42:H54) -> 0 | I55: =SUM(I42:I54) -> 0 | J55: =SUM(J42:J54) -> 22402.46 | ... T55: =SUM(T42:T54) -> 1201610.3 | U55: =K55-T55 -> 1051125.2
A56: Finance income on interest free security deposits | B56: IND AS | D56: ='SDS JBA'!C86 -> 13234 | K56: =SUM(C56:J56) -> 13234
A57: Notional Interest Income | B57: TB | C57: =IFERROR(VLOOKUP(A57,'TB CY'!A:G,7,)+VLOOKUP(A57,'TB CY'!A:G,6,),0) -> 0 | E57: =IFERROR(VLOOKUP(A57,'TB Other'!A:I,8,0),0)+IFERROR(VLOOKUP(A57,'TB Other'!A:I,9,0),0) -> 0 | G57: =IFERROR(VLOOKUP(A57,'TB Other'!A:E,4,),0)+IFERROR(VLOOKUP(A57,'TB Other'!A:E,5,),0) -> 0 | I57: =IFERROR(VLOOKUP(A57,'TB Other'!A:M,12,0),0)+IFERROR(VLOOKUP(A57,'TB Other'!A:M,13,0),0) -> 0 | K57: =SUM(C57:J57) -> 0 | L57: =VLOOKUP(A57,'TB PY'!A:G,7,)+VLOOKUP(A57,'TB PY'!A:G,6,) -> 24198 | T57: =SUM(L57:S57) -> 24198
B59: Total | C59: =SUM(C56:C58) -> 0 | D59: =SUM(D56:D58) -> 13234 | E59: =SUM(E56:E58) -> 0 | F59: =SUM(F56:F58) -> 0 | G59: =SUM(G56:G58) -> 0 | H59: =SUM(H56:H58) -> 0 | I59: =SUM(I56:I58) -> 0 | J59: =SUM(J56:J58) -> 0 | ... T59: =SUM(T56:T58) -> 24198 | U59: =K59-T59 -> -10964
A61: Business Support Services
A62: Business Support Service Charges | B62: TB | C62: =IFERROR(VLOOKUP(A62,'TB CY'!A:G,7,)+VLOOKUP(A62,'TB CY'!A:G,6,),0) -> 480535 | E62: =IFERROR(VLOOKUP(A62,'TB Other'!A:I,8,0),0)+IFERROR(VLOOKUP(A62,'TB Other'!A:I,9,0),0) -> 0 | G62: =IFERROR(VLOOKUP(A62,'TB Other'!A:E,4,),0)+IFERROR(VLOOKUP(A62,'TB Other'!A:E,5,),0) -> 0 | I62: =IFERROR(VLOOKUP(A62,'TB Other'!A:M,12,0),0)+IFERROR(VLOOKUP(A62,'TB Other'!A:M,13,0),0) -> 0 | K62: =SUM(C62:J62) -> 480535 | L62: =VLOOKUP(A62,'TB PY'!A:G,7,)+VLOOKUP(A62,'TB PY'!A:G,6,) -> 266584 | T62: =SUM(L62:S62) -> 266584
B64: Total | C64: =SUM(C62:C63) -> 480535 | D64: =SUM(D62:D63) -> 0 | E64: =SUM(E62:E63) -> 0 | F64: =SUM(F62:F63) -> 0 | G64: =SUM(G62:G63) -> 0 | H64: =SUM(H62:H63) -> 0 | I64: =SUM(I62:I63) -> 0 | J64: =SUM(J62:J63) -> 0 | ... T64: =SUM(T62:T63) -> 266584 | U64: =K64-T64 -> 213951
A65: Purchases of Stock-in-Trade
A67: Custom Duty | B67: TB | C67: =IFERROR(VLOOKUP(A67,'TB CY'!A:G,7,)+VLOOKUP(A67,'TB CY'!A:G,6,),0) -> 2453558 | E67: =IFERROR(VLOOKUP(A67,'TB Other'!A:I,8,0),0)+IFERROR(VLOOKUP(A67,'TB Other'!A:I,9,0),0) -> 0 | G67: =IFERROR(VLOOKUP(A67,'TB Other'!A:E,4,),0)+IFERROR(VLOOKUP(A67,'TB Other'!A:E,5,),0) -> 0 | I67: =IFERROR(VLOOKUP(A67,'TB Other'!A:M,12,0),0)+IFERROR(VLOOKUP(A67,'TB Other'!A:M,13,0),0) -> 0 | K67: =SUM(C67:J67) -> 2453558 | L67: =VLOOKUP(A67,'TB PY'!A:G,7,)+VLOOKUP(A67,'TB PY'!A:G,6,) -> 832926 | T67: =SUM(L67:S67) -> 832926 | U67: =K67-T67 -> 1620632
A68: Branch purchase account | B68: TB | C68: =IFERROR(VLOOKUP(A68,'TB CY'!A:G,7,)+VLOOKUP(A68,'TB CY'!A:G,6,),0) -> 0 | E68: =IFERROR(VLOOKUP(A68,'TB Other'!A:I,8,0),0)+IFERROR(VLOOKUP(A68,'TB Other'!A:I,9,0),0) -> 125415.76 | F68: =-E68 -> -125415.76 | G68: =IFERROR(VLOOKUP(A68,'TB Other'!A:E,4,),0)+IFERROR(VLOOKUP(A68,'TB Other'!A:E,5,),0) -> 95909.75 | H68: =-G68 -> -95909.75 | I68: =IFERROR(VLOOKUP(A68,'TB Other'!A:M,12,0),0)+IFERROR(VLOOKUP(A68,'TB Other'!A:M,13,0),0) -> 0 | K68: =SUM(C68:J68) -> 0 | L68: =IFERROR(VLOOKUP(A68,'TB PY'!A:G,7,),0)+IFERROR(VLOOKUP(A68,'TB PY'!A:G,6,),0) -> 0 | N68: 201412 | O68: =-N68 -> -201412 | P68: 9378 | Q68: =-P68 -> -9378 | T68: =SUM(L68:S68) -> 0 | U68: =K68-T68 -> 0
A69: Branch purchase | B69: TB | C69: =IFERROR(VLOOKUP(A69,'TB CY'!A:G,7,)+VLOOKUP(A69,'TB CY'!A:G,6,),0) -> 10953.46 | E69: =IFERROR(VLOOKUP(A69,'TB Other'!A:I,8,0),0)+IFERROR(VLOOKUP(A69,'TB Other'!A:I,9,0),0) -> 0 | G69: =IFERROR(VLOOKUP(A69,'TB Other'!A:E,4,),0)+IFERROR(VLOOKUP(A69,'TB Other'!A:E,5,),0) -> 0 | I69: =IFERROR(VLOOKUP(A69,'TB Other'!A:M,12,0),0)+IFERROR(VLOOKUP(A69,'TB Other'!A:M,13,0),0) -> 0 | K69: =SUM(C69:J69) -> 10953.46 | L69: =VLOOKUP(A69,'TB PY'!A:G,7,)+VLOOKUP(A69,'TB PY'!A:G,6,) -> 51883.26 | T69: =SUM(L69:S69) -> 51883.26 | U69: =K69-T69 -> -40929.8
A70: Purchase Import | B70: TB | C70: =IFERROR(VLOOKUP(A70,'TB CY'!A:G,7,)+VLOOKUP(A70,'TB CY'!A:G,6,),0) -> 10522980 | E70: =IFERROR(VLOOKUP(A70,'TB Other'!A:I,8,0),0)+IFERROR(VLOOKUP(A70,'TB Other'!A:I,9,0),0) -> 0 | G70: =IFERROR(VLOOKUP(A70,'TB Other'!A:E,4,),0)+IFERROR(VLOOKUP(A70,'TB Other'!A:E,5,),0) -> 0 | I70: =IFERROR(VLOOKUP(A70,'TB Other'!A:M,12,0),0)+IFERROR(VLOOKUP(A70,'TB Other'!A:M,13,0),0) -> 0 | K70: =SUM(C70:J70) -> 10522980 | L70: =VLOOKUP(A70,'TB PY'!A:G,7,)+VLOOKUP(A70,'TB PY'!A:G,6,) -> 2065760.2 | T70: =SUM(L70:S70) -> 2065760.2 | U70: =K70-T70 -> 8457219.5
A71: Purchase Interstate | B71: TB | C71: =IFERROR(VLOOKUP(A71,'TB CY'!A:G,7,)+VLOOKUP(A71,'TB CY'!A:G,6,),0) -> 13931209 | E71: =IFERROR(VLOOKUP(A71,'TB Other'!A:I,8,0),0)+IFERROR(VLOOKUP(A71,'TB Other'!A:I,9,0),0) -> 0 | G71: =IFERROR(VLOOKUP(A71,'TB Other'!A:E,4,),0)+IFERROR(VLOOKUP(A71,'TB Other'!A:E,5,),0) -> 0 | I71: =IFERROR(VLOOKUP(A71,'TB Other'!A:M,12,0),0)+IFERROR(VLOOKUP(A71,'TB Other'!A:M,13,0),0) -> 998095.52 | K71: =SUM(C71:J71) -> 14929304 | L71: =VLOOKUP(A71,'TB PY'!A:G,7,)+VLOOKUP(A71,'TB PY'!A:G,6,) -> 20092177 | M71: 374192 | P71: 450185 | T71: =SUM(L71:S71) -> 20916554 | U71: =K71-T71 -> -5987250
A72: Purchase Interstate@0.25% | B72: TB | C72: =IFERROR(VLOOKUP(A72,'TB CY'!A:G,7,)+VLOOKUP(A72,'TB CY'!A:G,6,),0) -> 0 | E72: =IFERROR(VLOOKUP(A72,'TB Other'!A:I,8,0),0)+IFERROR(VLOOKUP(A72,'TB Other'!A:I,9,0),0) -> 0 | G72: =IFERROR(VLOOKUP(A72,'TB Other'!A:E,4,),0)+IFERROR(VLOOKUP(A72,'TB Other'!A:E,5,),0) -> 0 | I72: =IFERROR(VLOOKUP(A72,'TB Other'!A:M,12,0),0)+IFERROR(VLOOKUP(A72,'TB Other'!A:M,13,0),0) -> 0 | K72: =SUM(C72:J72) -> 0 | L72: =IFERROR(VLOOKUP(A72,'TB PY'!A:G,7,),0)+IFERROR(VLOOKUP(A72,'TB PY'!A:G,6,),0) -> 0 | T72: =SUM(L72:S72) -> 0 | U72: =K72-T72 -> 0
A73: Purchase Interstate@12% | B73: TB | C73: =IFERROR(VLOOKUP(A73,'TB CY'!A:G,7,)+VLOOKUP(A73,'TB CY'!A:G,6,),0) -> 47490.02 | E73: =IFERROR(VLOOKUP(A73,'TB Other'!A:I,8,0),0)+IFERROR(VLOOKUP(A73,'TB Other'!A:I,9,0),0) -> 0 | G73: =IFERROR(VLOOKUP(A73,'TB Other'!A:E,4,),0)+IFERROR(VLOOKUP(A73,'TB Other'!A:E,5,),0) -> 0 | I73: =IFERROR(VLOOKUP(A73,'TB Other'!A:M,12,0),0)+IFERROR(VLOOKUP(A73,'TB Other'!A:M,13,0),0) -> 0 | J73: 96893 | K73: =SUM(C73:J73) -> 144383.02 | L73: =VLOOKUP(A73,'TB PY'!A:G,7,)+VLOOKUP(A73,'TB PY'!A:G,6,) -> 585480.65 | T73: =SUM(L73:S73) -> 585480.65 | U73: =K73-T73 -> -441097.63
A74: Purchase Interstate@28% | B74: TB | C74: =IFERROR(VLOOKUP(A74,'TB CY'!A:G,7,)+VLOOKUP(A74,'TB CY'!A:G,6,),0) -> 11271.13 | E74: =IFERROR(VLOOKUP(A74,'TB Other'!A:I,8,0),0)+IFERROR(VLOOKUP(A74,'TB Other'!A:I,9,0),0) -> 0 | G74: =IFERROR(VLOOKUP(A74,'TB Other'!A:E,4,),0)+IFERROR(VLOOKUP(A74,'TB Other'!A:E,5,),0) -> 0 | I74: =IFERROR(VLOOKUP(A74,'TB Other'!A:M,12,0),0)+IFERROR(VLOOKUP(A74,'TB Other'!A:M,13,0),0) -> 0 | K74: =SUM(C74:J74) -> 11271.13 | L74: =IFERROR(VLOOKUP(A74,'TB PY'!A:G,7,),0)+IFERROR(VLOOKUP(A74,'TB PY'!A:G,6,),0) -> 0 | T74: =SUM(L74:S74) -> 0 | U74: =K74-T74 -> 11271.13
A75: Purchase Interstate@5% | B75: TB | C75: =IFERROR(VLOOKUP(A75,'TB CY'!A:G,7,)+VLOOKUP(A75,'TB CY'!A:G,6,),0) -> 43662.67 | E75: =IFERROR(VLOOKUP(A75,'TB Other'!A:I,8,0),0)+IFERROR(VLOOKUP(A75,'TB Other'!A:I,9,0),0) -> 0 | G75: =IFERROR(VLOOKUP(A75,'TB Other'!A:E,4,),0)+IFERROR(VLOOKUP(A75,'TB Other'!A:E,5,),0) -> 0 | I75: =IFERROR(VLOOKUP(A75,'TB Other'!A:M,12,0),0)+IFERROR(VLOOKUP(A75,'TB Other'!A:M,13,0),0) -> 0 | K75: =SUM(C75:J75) -> 43662.67 | L75: =VLOOKUP(A75,'TB PY'!A:G,7,)+VLOOKUP(A75,'TB PY'!A:G,6,) -> 88766.78 | T75: =SUM(L75:S75) -> 88766.78 | U75: =K75-T75 -> -45104.11
A76: Purchase Local | B76: TB | C76: =IFERROR(VLOOKUP(A76,'TB CY'!A:G,7,)+VLOOKUP(A76,'TB CY'!A:G,6,),0) -> 18509810 | E76: =IFERROR(VLOOKUP(A76,'TB Other'!A:I,8,0),0)+IFERROR(VLOOKUP(A76,'TB Other'!A:I,9,0),0) -> 0 | G76: =IFERROR(VLOOKUP(A76,'TB Other'!A:E,4,),0)+IFERROR(VLOOKUP(A76,'TB Other'!A:E,5,),0) -> 0 | I76: =IFERROR(VLOOKUP(A76,'TB Other'!A:M,12,0),0)+IFERROR(VLOOKUP(A76,'TB Other'!A:M,13,0),0) -> 223021 | K76: =SUM(C76:J76) -> 18732831 | L76: =VLOOKUP(A76,'TB PY'!A:G,7,)+VLOOKUP(A76,'TB PY'!A:G,6,) -> 31036133 | P76: -17358 | T76: =SUM(L76:S76) -> 31018775 | U76: =K76-T76 -> -12285945
A77: Purchase Local@12% | B77: TB | C77: =IFERROR(VLOOKUP(A77,'TB CY'!A:G,7,)+VLOOKUP(A77,'TB CY'!A:G,6,),0) -> 91236.24 | E77: =IFERROR(VLOOKUP(A77,'TB Other'!A:I,8,0),0)+IFERROR(VLOOKUP(A77,'TB Other'!A:I,9,0),0) -> 0 | G77: =IFERROR(VLOOKUP(A77,'TB Other'!A:E,4,),0)+IFERROR(VLOOKUP(A77,'TB Other'!A:E,5,),0) -> 0 | I77: =IFERROR(VLOOKUP(A77,'TB Other'!A:M,12,0),0)+IFERROR(VLOOKUP(A77,'TB Other'!A:M,13,0),0) -> 0 | K77: =SUM(C77:J77) -> 91236.24 | L77: =VLOOKUP(A77,'TB PY'!A:G,7,)+VLOOKUP(A77,'TB PY'!A:G,6,) -> 164959.57 | T77: =SUM(L77:S77) -> 164959.57 | U77: =K77-T77 -> -73723.33
A78: Purchase Local@3% | B78: TB | C78: =IFERROR(VLOOKUP(A78,'TB CY'!A:G,7,)+VLOOKUP(A78,'TB CY'!A:G,6,),0) -> 0 | E78: =IFERROR(VLOOKUP(A78,'TB Other'!A:I,8,0),0)+IFERROR(VLOOKUP(A78,'TB Other'!A:I,9,0),0) -> 0 | G78: =IFERROR(VLOOKUP(A78,'TB Other'!A:E,4,),0)+IFERROR(VLOOKUP(A78,'TB Other'!A:E,5,),0) -> 0 | I78: =IFERROR(VLOOKUP(A78,'TB Other'!A:M,12,0),0)+IFERROR(VLOOKUP(A78,'TB Other'!A:M,13,0),0) -> 0 | J78: =38330*0 -> 0 | K78: =SUM(C78:J78) -> 0 | L78: =IFERROR(VLOOKUP(A78,'TB PY'!A:G,7,),0)+IFERROR(VLOOKUP(A78,'TB PY'!A:G,6,),0) -> 0 | M78: 76823 | T78: =SUM(L78:S78) -> 76823 | U78: =K78-T78 -> -76823
A79: Local@0% | B79: TB | C79: =IFERROR(VLOOKUP(A79,'TB CY'!A:G,7,)+VLOOKUP(A79,'TB CY'!A:G,6,),0) -> 0 | E79: =IFERROR(VLOOKUP(A79,'TB Other'!A:I,8,0),0)+IFERROR(VLOOKUP(A79,'TB Other'!A:I,9,0),0) -> 0 | G79: =IFERROR(VLOOKUP(A79,'TB Other'!A:E,4,),0)+IFERROR(VLOOKUP(A79,'TB Other'!A:E,5,),0) -> 0 | I79: =IFERROR(VLOOKUP(A79,'TB Other'!A:M,12,0),0)+IFERROR(VLOOKUP(A79,'TB Other'!A:M,13,0),0) -> 0 | K79: =SUM(C79:J79) -> 0 | L79: =VLOOKUP(A79,'TB PY'!A:G,7,)+VLOOKUP(A79,'TB PY'!A:G,6,) -> -24526.44 | T79: =SUM(L79:S79) -> -24526.44 | U79: =K79-T79 -> 24526.44
A80: Purchase Interstate@3% | B80: TB | C80: =IFERROR(VLOOKUP(A80,'TB CY'!A:G,7,)+VLOOKUP(A80,'TB CY'!A:G,6,),0) -> 0 | E80: =IFERROR(VLOOKUP(A80,'TB Other'!A:I,8,0),0)+IFERROR(VLOOKUP(A80,'TB Other'!A:I,9,0),0) -> 0 | G80: =IFERROR(VLOOKUP(A80,'TB Other'!A:E,4,),0)+IFERROR(VLOOKUP(A80,'TB Other'!A:E,5,),0) -> 0 | I80: =IFERROR(VLOOKUP(A80,'TB Other'!A:M,12,0),0)+IFERROR(VLOOKUP(A80,'TB Other'!A:M,13,0),0) -> 0 | K80: =SUM(C80:J80) -> 0 | L80: =VLOOKUP(A80,'TB PY'!A:G,7,)+VLOOKUP(A80,'TB PY'!A:G,6,) -> 74541.19 | T80: =SUM(L80:S80) -> 74541.19 | U80: =K80-T80 -> -74541.19
A81: Purchase Local@0% | B81: TB | C81: =IFERROR(VLOOKUP(A81,'TB CY'!A:G,7,)+VLOOKUP(A81,'TB CY'!A:G,6,),0) -> 0 | E81: =IFERROR(VLOOKUP(A81,'TB Other'!A:I,8,0),0)+IFERROR(VLOOKUP(A81,'TB Other'!A:I,9,0),0) -> 0 | G81: =IFERROR(VLOOKUP(A81,'TB Other'!A:E,4,),0)+IFERROR(VLOOKUP(A81,'TB Other'!A:E,5,),0) -> 0 | I81: =IFERROR(VLOOKUP(A81,'TB Other'!A:M,12,0),0)+IFERROR(VLOOKUP(A81,'TB Other'!A:M,13,0),0) -> 0 | K81: =SUM(C81:J81) -> 0 | L81: =VLOOKUP(A81,'TB PY'!A:G,7,)+VLOOKUP(A81,'TB PY'!A:G,6,) -> 299286.13 | T81: =SUM(L81:S81) -> 299286.13 | U81: =K81-T81 -> -299286.13
A82: Clearing & Forwarding Charges (Import) | B82: TB | C82: =IFERROR(VLOOKUP(A82,'TB CY'!A:G,7,)+VLOOKUP(A82,'TB CY'!A:G,6,),0) -> 1370119.6 | E82: =IFERROR(VLOOKUP(A82,'TB Other'!A:I,8,0),0)+IFERROR(VLOOKUP(A82,'TB Other'!A:I,9,0),0) -> 0 | G82: =IFERROR(VLOOKUP(A82,'TB Other'!A:E,4,),0)+IFERROR(VLOOKUP(A82,'TB Other'!A:E,5,),0) -> 0 | I82: =IFERROR(VLOOKUP(A82,'TB Other'!A:M,12,0),0)+IFERROR(VLOOKUP(A82,'TB Other'!A:M,13,0),0) -> 0 | K82: =SUM(C82:J82) -> 1370119.6 | L82: =IFERROR(VLOOKUP(A82,'TB PY'!A:G,7,),0)+IFERROR(VLOOKUP(A82,'TB PY'!A:G,6,),0) -> 0 | T82: =SUM(L82:S82) -> 0 | U82: =K82-T82 -> 1370119.6
A83: Transportation Expenses (Import) | B83: TB | C83: =IFERROR(VLOOKUP(A83,'TB CY'!A:G,7,)+VLOOKUP(A83,'TB CY'!A:G,6,),0) -> 7750 | E83: =IFERROR(VLOOKUP(A83,'TB Other'!A:I,8,0),0)+IFERROR(VLOOKUP(A83,'TB Other'!A:I,9,0),0) -> 0 | G83: =IFERROR(VLOOKUP(A83,'TB Other'!A:E,4,),0)+IFERROR(VLOOKUP(A83,'TB Other'!A:E,5,),0) -> 0 | I83: =IFERROR(VLOOKUP(A83,'TB Other'!A:M,12,0),0)+IFERROR(VLOOKUP(A83,'TB Other'!A:M,13,0),0) -> 0 | K83: =SUM(C83:J83) -> 7750 | L83: =IFERROR(VLOOKUP(A83,'TB PY'!A:G,7,),0)+IFERROR(VLOOKUP(A83,'TB PY'!A:G,6,),0) -> 0 | T83: =SUM(L83:S83) -> 0 | U83: =K83-T83 -> 7750
A84: Purchase Account - Packing Material | B84: TB | C84: =IFERROR(VLOOKUP(A84,'TB CY'!A:G,7,)+VLOOKUP(A84,'TB CY'!A:G,6,),0) -> 1545796.3 | E84: =IFERROR(VLOOKUP(A84,'TB Other'!A:I,8,0),0)+IFERROR(VLOOKUP(A84,'TB Other'!A:I,9,0),0) -> 0 | G84: =IFERROR(VLOOKUP(A84,'TB Other'!A:E,4,),0)+IFERROR(VLOOKUP(A84,'TB Other'!A:E,5,),0) -> 0 | I84: =IFERROR(VLOOKUP(A84,'TB Other'!A:M,12,0),0)+IFERROR(VLOOKUP(A84,'TB Other'!A:M,13,0),0) -> 0 | K84: =SUM(C84:J84) -> 1545796.3 | L84: =IFERROR(VLOOKUP(A84,'TB PY'!A:G,7,),0)+IFERROR(VLOOKUP(A84,'TB PY'!A:G,6,),0) -> 0 | T84: =SUM(L84:S84) -> 0 | U84: =K84-T84 -> 1545796.3
A85: Purchase Local@5% | B85: TB | C85: =IFERROR(VLOOKUP(A85,'TB CY'!A:G,7,)+VLOOKUP(A85,'TB CY'!A:G,6,),0) -> 0 | E85: =IFERROR(VLOOKUP(A85,'TB Other'!A:I,8,0),0)+IFERROR(VLOOKUP(A85,'TB Other'!A:I,9,0),0) -> 0 | G85: =IFERROR(VLOOKUP(A85,'TB Other'!A:E,4,),0)+IFERROR(VLOOKUP(A85,'TB Other'!A:E,5,),0) -> 0 | I85: =IFERROR(VLOOKUP(A85,'TB Other'!A:M,12,0),0)+IFERROR(VLOOKUP(A85,'TB Other'!A:M,13,0),0) -> 0 | K85: =SUM(C85:J85) -> 0 | L85: =VLOOKUP(A85,'TB PY'!A:G,7,)+VLOOKUP(A85,'TB PY'!A:G,6,) -> 77950 | T85: =SUM(L85:S85) -> 77950 | U85: =K85-T85 -> -77950
B87: Total | C87: =SUM(C66:C85) -> 48545836 | D87: =SUM(D66:D85) -> 0 | E87: =SUM(E66:E85) -> 125415.76 | F87: =SUM(F66:F85) -> -125415.76 | G87: =SUM(G66:G85) -> 95909.75 | H87: =SUM(H66:H85) -> -95909.75 | I87: =SUM(I66:I85) -> 1221116.5 | J87: =SUM(J66:J85) -> 96893 | ... T87: =SUM(T66:T85) -> 56229180 | U87: =K87-T87 -> -6365334.9
A88: Changes in inventories | U88: =K88-T88 -> 0
A89: Closing Stock | B89: Working | C89: 27004217 | E89: 115474 | G89: 53395 | I89: 903470 | J89: =-15605-J8 -> -15605 | K89: =SUM(C89:J89) -> 28060951 | L89: 26585645 | M89: =-374192 -> -374192 | N89: 51847 | P89: 10401 | T89: =SUM(L89:S89) -> 26273701 | U89: =K89-T89 -> 1787250.3 | V89: =J89+C89 -> 26988612
C90: =SUM(C88:C89) -> 27004217 | D90: =SUM(D88:D89) -> 0 | E90: =SUM(E88:E89) -> 115474 | F90: =SUM(F88:F89) -> 0 | G90: =SUM(G88:G89) -> 53395 | H90: =SUM(H88:H89) -> 0 | I90: =SUM(I88:I89) -> 903470 | J90: =SUM(J88:J89) -> -15605 | ... T90: =SUM(T88:T89) -> 26273701 | U90: =K90-T90 -> 1787250.3 | V90: 26988612 | W90: =V89-V90 -> 0.28
U91: =K91-T91 -> 0
U92: =K92-T92 -> 0
A93: opening Stock | B93: TB | C93: =IFERROR(VLOOKUP(A93,'TB CY'!A:G,7,)+VLOOKUP(A93,'TB CY'!A:G,6,),0) -> 26585645 | E93: 51847 | F93: =M89 -> -374192 | G93: =IFERROR(VLOOKUP(A93,'TB Other'!A:E,4,),0)+IFERROR(VLOOKUP(A93,'TB Other'!A:E,5,),0) -> 10401.65 | I93: =IFERROR(VLOOKUP(A93,'TB Other'!A:M,12,0),0)+IFERROR(VLOOKUP(A93,'TB Other'!A:M,13,0),0) -> 0 | K93: =SUM(C93:J93) -> 26273702 | L93: 14745293 | M93: -76823 | N93: 99243 | P93: 2041375 | T93: =SUM(L93:S93) -> 16809088 | U93: =K93-T93 -> 9464613.8
C94: =SUM(C92:C93) -> 26585645 | D94: =SUM(D92:D93) -> 0 | E94: =SUM(E92:E93) -> 51847 | F94: =SUM(F92:F93) -> -374192 | G94: =SUM(G92:G93) -> 10401.65 | H94: =SUM(H92:H93) -> 0 | I94: =SUM(I92:I93) -> 0 | J94: =SUM(J92:J93) -> 0 | ... T94: =SUM(T92:T93) -> 16809088 | U94: =K94-T94 -> 9464613.8
B96: Total | C96: =+C94-C90 -> -418571.97 | D96: =+D94-D90 -> 0 | E96: =+E94-E90 -> -63627 | F96: =+F94-F90 -> -374192 | G96: =+G94-G90 -> -42993.35 | H96: =+H94-H90 -> 0 | I96: =+I94-I90 -> -903470 | J96: =+J94-J90 -> 15605 | ... T96: =+T94-T90 -> -9464612.8 | U96: =K96-T96 -> 7677363.5
A97: Employee benefit expenses
A98: Salaries, wages and bonus
A99: Basic Salary | B99: TB | C99: =IFERROR(VLOOKUP(A99,'TB CY'!A:G,7,)+VLOOKUP(A99,'TB CY'!A:G,6,),0) -> 6862368 | E99: =IFERROR(VLOOKUP(A99,'TB Other'!A:I,8,0),0)+IFERROR(VLOOKUP(A99,'TB Other'!A:I,9,0),0) -> 0 | G99: =IFERROR(VLOOKUP(A99,'TB Other'!A:E,4,),0)+IFERROR(VLOOKUP(A99,'TB Other'!A:E,5,),0) -> 0 | I99: =IFERROR(VLOOKUP(A99,'TB Other'!A:M,12,0),0)+IFERROR(VLOOKUP(A99,'TB Other'!A:M,13,0),0) -> 0 | K99: =SUM(C99:J99) -> 6862368 | L99: =VLOOKUP(A99,'TB PY'!A:G,7,)+VLOOKUP(A99,'TB PY'!A:G,6,) -> 4895721 | T99: =SUM(L99:S99) -> 4895721
A100: Conveyance Allowance | B100: TB | C100: =IFERROR(VLOOKUP(A100,'TB CY'!A:G,7,)+VLOOKUP(A100,'TB CY'!A:G,6,),0) -> 1315769 | E100: =IFERROR(VLOOKUP(A100,'TB Other'!A:I,8,0),0)+IFERROR(VLOOKUP(A100,'TB Other'!A:I,9,0),0) -> 0 | G100: =IFERROR(VLOOKUP(A100,'TB Other'!A:E,4,),0)+IFERROR(VLOOKUP(A100,'TB Other'!A:E,5,),0) -> 0 | I100: =IFERROR(VLOOKUP(A100,'TB Other'!A:M,12,0),0)+IFERROR(VLOOKUP(A100,'TB Other'!A:M,13,0),0) -> 0 | K100: =SUM(C100:J100) -> 1315769 | L100: =VLOOKUP(A100,'TB PY'!A:G,7,)+VLOOKUP(A100,'TB PY'!A:G,6,) -> 865981 | T100: =SUM(L100:S100) -> 865981
A101: House Rent Allowance | B101: TB | C101: =IFERROR(VLOOKUP(A101,'TB CY'!A:G,7,)+VLOOKUP(A101,'TB CY'!A:G,6,),0) -> 2700980 | E101: =IFERROR(VLOOKUP(A101,'TB Other'!A:I,8,0),0)+IFERROR(VLOOKUP(A101,'TB Other'!A:I,9,0),0) -> 0 | G101: =IFERROR(VLOOKUP(A101,'TB Other'!A:E,4,),0)+IFERROR(VLOOKUP(A101,'TB Other'!A:E,5,),0) -> 0 | I101: =IFERROR(VLOOKUP(A101,'TB Other'!A:M,12,0),0)+IFERROR(VLOOKUP(A101,'TB Other'!A:M,13,0),0) -> 0 | K101: =SUM(C101:J101) -> 2700980 | L101: =VLOOKUP(A101,'TB PY'!A:G,7,)+VLOOKUP(A101,'TB PY'!A:G,6,) -> 1937453 | T101: =SUM(L101:S101) -> 1937453
A102: Leave Travel Allowance | B102: TB | C102: =IFERROR(VLOOKUP(A102,'TB CY'!A:G,7,)+VLOOKUP(A102,'TB CY'!A:G,6,),0) -> 316701 | E102: =IFERROR(VLOOKUP(A102,'TB Other'!A:I,8,0),0)+IFERROR(VLOOKUP(A102,'TB Other'!A:I,9,0),0) -> 0 | G102: =IFERROR(VLOOKUP(A102,'TB Other'!A:E,4,),0)+IFERROR(VLOOKUP(A102,'TB Other'!A:E,5,),0) -> 0 | I102: =IFERROR(VLOOKUP(A102,'TB Other'!A:M,12,0),0)+IFERROR(VLOOKUP(A102,'TB Other'!A:M,13,0),0) -> 0 | K102: =SUM(C102:J102) -> 316701 | L102: =VLOOKUP(A102,'TB PY'!A:G,7,)+VLOOKUP(A102,'TB PY'!A:G,6,) -> 281330 | T102: =SUM(L102:S102) -> 281330
A103: Medical Allowance | B103: TB | C103: =IFERROR(VLOOKUP(A103,'TB CY'!A:G,7,)+VLOOKUP(A103,'TB CY'!A:G,6,),0) -> 437324 | E103: =IFERROR(VLOOKUP(A103,'TB Other'!A:I,8,0),0)+IFERROR(VLOOKUP(A103,'TB Other'!A:I,9,0),0) -> 0 | G103: =IFERROR(VLOOKUP(A103,'TB Other'!A:E,4,),0)+IFERROR(VLOOKUP(A103,'TB Other'!A:E,5,),0) -> 0 | I103: =IFERROR(VLOOKUP(A103,'TB Other'!A:M,12,0),0)+IFERROR(VLOOKUP(A103,'TB Other'!A:M,13,0),0) -> 0 | K103: =SUM(C103:J103) -> 437324 | L103: =VLOOKUP(A103,'TB PY'!A:G,7,)+VLOOKUP(A103,'TB PY'!A:G,6,) -> 287391 | T103: =SUM(L103:S103) -> 287391
A104: Other Allowance | B104: TB | C104: =IFERROR(VLOOKUP(A104,'TB CY'!A:G,7,)+VLOOKUP(A104,'TB CY'!A:G,6,),0) -> 1632173 | E104: =IFERROR(VLOOKUP(A104,'TB Other'!A:I,8,0),0)+IFERROR(VLOOKUP(A104,'TB Other'!A:I,9,0),0) -> 0 | G104: =IFERROR(VLOOKUP(A104,'TB Other'!A:E,4,),0)+IFERROR(VLOOKUP(A104,'TB Other'!A:E,5,),0) -> 0 | I104: =IFERROR(VLOOKUP(A104,'TB Other'!A:M,12,0),0)+IFERROR(VLOOKUP(A104,'TB Other'!A:M,13,0),0) -> 0 | K104: =SUM(C104:J104) -> 1632173 | L104: =VLOOKUP(A104,'TB PY'!A:G,7,)+VLOOKUP(A104,'TB PY'!A:G,6,) -> 1126753 | T104: =SUM(L104:S104) -> 1126753
A105: Special Allowance | B105: TB | C105: =IFERROR(VLOOKUP(A105,'TB CY'!A:G,7,)+VLOOKUP(A105,'TB CY'!A:G,6,),0) -> 2483267 | E105: =IFERROR(VLOOKUP(A105,'TB Other'!A:I,8,0),0)+IFERROR(VLOOKUP(A105,'TB Other'!A:I,9,0),0) -> 0 | G105: =IFERROR(VLOOKUP(A105,'TB Other'!A:E,4,),0)+IFERROR(VLOOKUP(A105,'TB Other'!A:E,5,),0) -> 0 | I105: =IFERROR(VLOOKUP(A105,'TB Other'!A:M,12,0),0)+IFERROR(VLOOKUP(A105,'TB Other'!A:M,13,0),0) -> 0 | K105: =SUM(C105:J105) -> 2483267 | L105: =VLOOKUP(A105,'TB PY'!A:G,7,)+VLOOKUP(A105,'TB PY'!A:G,6,) -> 1816054 | T105: =SUM(L105:S105) -> 1816054
A106: Supplementary Allowance | B106: TB | C106: =IFERROR(VLOOKUP(A106,'TB CY'!A:G,7,)+VLOOKUP(A106,'TB CY'!A:G,6,),0) -> 1972030 | E106: =IFERROR(VLOOKUP(A106,'TB Other'!A:I,8,0),0)+IFERROR(VLOOKUP(A106,'TB Other'!A:I,9,0),0) -> 0 | G106: =IFERROR(VLOOKUP(A106,'TB Other'!A:E,4,),0)+IFERROR(VLOOKUP(A106,'TB Other'!A:E,5,),0) -> 0 | I106: =IFERROR(VLOOKUP(A106,'TB Other'!A:M,12,0),0)+IFERROR(VLOOKUP(A106,'TB Other'!A:M,13,0),0) -> 0 | K106: =SUM(C106:J106) -> 1972030 | L106: =VLOOKUP(A106,'TB PY'!A:G,7,)+VLOOKUP(A106,'TB PY'!A:G,6,) -> 1491418 | T106: =SUM(L106:S106) -> 1491418
A107: Telephone Allowance | B107: TB | C107: =IFERROR(VLOOKUP(A107,'TB CY'!A:G,7,)+VLOOKUP(A107,'TB CY'!A:G,6,),0) -> 492977 | E107: =IFERROR(VLOOKUP(A107,'TB Other'!A:I,8,0),0)+IFERROR(VLOOKUP(A107,'TB Other'!A:I,9,0),0) -> 0 | G107: =IFERROR(VLOOKUP(A107,'TB Other'!A:E,4,),0)+IFERROR(VLOOKUP(A107,'TB Other'!A:E,5,),0) -> 0 | I107: =IFERROR(VLOOKUP(A107,'TB Other'!A:M,12,0),0)+IFERROR(VLOOKUP(A107,'TB Other'!A:M,13,0),0) -> 0 | K107: =SUM(C107:J107) -> 492977 | L107: =VLOOKUP(A107,'TB PY'!A:G,7,)+VLOOKUP(A107,'TB PY'!A:G,6,) -> 354324 | T107: =SUM(L107:S107) -> 354324
A108: Variable Incentives | B108: TB | C108: =IFERROR(VLOOKUP(A108,'TB CY'!A:G,7,)+VLOOKUP(A108,'TB CY'!A:G,6,),0) -> 389239 | E108: =IFERROR(VLOOKUP(A108,'TB Other'!A:I,8,0),0)+IFERROR(VLOOKUP(A108,'TB Other'!A:I,9,0),0) -> 0 | G108: =IFERROR(VLOOKUP(A108,'TB Other'!A:E,4,),0)+IFERROR(VLOOKUP(A108,'TB Other'!A:E,5,),0) -> 0 | I108: =IFERROR(VLOOKUP(A108,'TB Other'!A:M,12,0),0)+IFERROR(VLOOKUP(A108,'TB Other'!A:M,13,0),0) -> 0 | K108: =SUM(C108:J108) -> 389239 | L108: =VLOOKUP(A108,'TB PY'!A:G,7,)+VLOOKUP(A108,'TB PY'!A:G,6,) -> 589828 | T108: =SUM(L108:S108) -> 589828
A109: Bonus | B109: TB | C109: =IFERROR(VLOOKUP(A109,'TB CY'!A:G,7,)+VLOOKUP(A109,'TB CY'!A:G,6,),0) -> 437075 | E109: =IFERROR(VLOOKUP(A109,'TB Other'!A:I,8,0),0)+IFERROR(VLOOKUP(A109,'TB Other'!A:I,9,0),0) -> 0 | G109: =IFERROR(VLOOKUP(A109,'TB Other'!A:E,4,),0)+IFERROR(VLOOKUP(A109,'TB Other'!A:E,5,),0) -> 0 | I109: =IFERROR(VLOOKUP(A109,'TB Other'!A:M,12,0),0)+IFERROR(VLOOKUP(A109,'TB Other'!A:M,13,0),0) -> 0 | K109: =SUM(C109:J109) -> 437075 | L109: =VLOOKUP(A109,'TB PY'!A:G,7,)+VLOOKUP(A109,'TB PY'!A:G,6,) -> 351236 | T109: =SUM(L109:S109) -> 351236
A110: Stipend | B110: TB | C110: =IFERROR(VLOOKUP(A110,'TB CY'!A:G,7,)+VLOOKUP(A110,'TB CY'!A:G,6,),0) -> 378547 | E110: =IFERROR(VLOOKUP(A110,'TB Other'!A:I,8,0),0)+IFERROR(VLOOKUP(A110,'TB Other'!A:I,9,0),0) -> 0 | G110: =IFERROR(VLOOKUP(A110,'TB Other'!A:E,4,),0)+IFERROR(VLOOKUP(A110,'TB Other'!A:E,5,),0) -> 0 | I110: =IFERROR(VLOOKUP(A110,'TB Other'!A:M,12,0),0)+IFERROR(VLOOKUP(A110,'TB Other'!A:M,13,0),0) -> 0 | K110: =SUM(C110:J110) -> 378547 | L110: =VLOOKUP(A110,'TB PY'!A:G,7,)+VLOOKUP(A110,'TB PY'!A:G,6,) -> 306791 | T110: =SUM(L110:S110) -> 306791
A111: Overtime Allowance | B111: TB | C111: =IFERROR(VLOOKUP(A111,'TB CY'!A:G,7,)+VLOOKUP(A111,'TB CY'!A:G,6,),0) -> 0 | E111: =IFERROR(VLOOKUP(A111,'TB Other'!A:I,8,0),0)+IFERROR(VLOOKUP(A111,'TB Other'!A:I,9,0),0) -> 0 | G111: =IFERROR(VLOOKUP(A111,'TB Other'!A:E,4,),0)+IFERROR(VLOOKUP(A111,'TB Other'!A:E,5,),0) -> 0 | I111: =IFERROR(VLOOKUP(A111,'TB Other'!A:M,12,0),0)+IFERROR(VLOOKUP(A111,'TB Other'!A:M,13,0),0) -> 0 | K111: =SUM(C111:J111) -> 0 | L111: =VLOOKUP(A111,'TB PY'!A:G,7,)+VLOOKUP(A111,'TB PY'!A:G,6,) -> 9900 | T111: =SUM(L111:S111) -> 9900
B113: Total | C113: =SUM(C99:C111) -> 19418450 | D113: =SUM(D99:D111) -> 0 | E113: =SUM(E99:E111) -> 0 | F113: =SUM(F99:F111) -> 0 | G113: =SUM(G99:G111) -> 0 | H113: =SUM(H99:H111) -> 0 | I113: =SUM(I99:I111) -> 0 | J113: =SUM(J99:J111) -> 0 | ... T113: =SUM(T99:T111) -> 14314180 | U113: =K113-T113 -> 5104270
A115: Contribution to provident and other funds
A116: Family Pension @ 8.33% | B116: TB | C116: =IFERROR(VLOOKUP(A116,'TB CY'!A:G,7,)+VLOOKUP(A116,'TB CY'!A:G,6,),0) -> 433270 | E116: =IFERROR(VLOOKUP(A116,'TB Other'!A:I,8,0),0)+IFERROR(VLOOKUP(A116,'TB Other'!A:I,9,0),0) -> 0 | G116: =IFERROR(VLOOKUP(A116,'TB Other'!A:E,4,),0)+IFERROR(VLOOKUP(A116,'TB Other'!A:E,5,),0) -> 0 | I116: =IFERROR(VLOOKUP(A116,'TB Other'!A:M,12,0),0)+IFERROR(VLOOKUP(A116,'TB Other'!A:M,13,0),0) -> 0 | K116: =SUM(C116:J116) -> 433270 | L116: =VLOOKUP(A116,'TB PY'!A:G,7,)+VLOOKUP(A116,'TB PY'!A:G,6,) -> 355405 | T116: =SUM(L116:S116) -> 355405
A117: PF Administrative Expenses | B117: TB | C117: =IFERROR(VLOOKUP(A117,'TB CY'!A:G,7,)+VLOOKUP(A117,'TB CY'!A:G,6,),0) -> 63190 | E117: =IFERROR(VLOOKUP(A117,'TB Other'!A:I,8,0),0)+IFERROR(VLOOKUP(A117,'TB Other'!A:I,9,0),0) -> 0 | G117: =IFERROR(VLOOKUP(A117,'TB Other'!A:E,4,),0)+IFERROR(VLOOKUP(A117,'TB Other'!A:E,5,),0) -> 0 | I117: =IFERROR(VLOOKUP(A117,'TB Other'!A:M,12,0),0)+IFERROR(VLOOKUP(A117,'TB Other'!A:M,13,0),0) -> 0 | K117: =SUM(C117:J117) -> 63190 | L117: =VLOOKUP(A117,'TB PY'!A:G,7,)+VLOOKUP(A117,'TB PY'!A:G,6,) -> 46503 | T117: =SUM(L117:S117) -> 46503
A118: PF Employers Contribution @ 3.67% | B118: TB | C118: =IFERROR(VLOOKUP(A118,'TB CY'!A:G,7,)+VLOOKUP(A118,'TB CY'!A:G,6,),0) -> 398536 | E118: =IFERROR(VLOOKUP(A118,'TB Other'!A:I,8,0),0)+IFERROR(VLOOKUP(A118,'TB Other'!A:I,9,0),0) -> 0 | G118: =IFERROR(VLOOKUP(A118,'TB Other'!A:E,4,),0)+IFERROR(VLOOKUP(A118,'TB Other'!A:E,5,),0) -> 0 | I118: =IFERROR(VLOOKUP(A118,'TB Other'!A:M,12,0),0)+IFERROR(VLOOKUP(A118,'TB Other'!A:M,13,0),0) -> 0 | K118: =SUM(C118:J118) -> 398536 | L118: =VLOOKUP(A118,'TB PY'!A:G,7,)+VLOOKUP(A118,'TB PY'!A:G,6,) -> 237921 | T118: =SUM(L118:S118) -> 237921
A119: Esic 3.25% | B119: TB | C119: =IFERROR(VLOOKUP(A119,'TB CY'!A:G,7,)+VLOOKUP(A119,'TB CY'!A:G,6,),0) -> 26029 | E119: =IFERROR(VLOOKUP(A119,'TB Other'!A:I,8,0),0)+IFERROR(VLOOKUP(A119,'TB Other'!A:I,9,0),0) -> 0 | G119: =IFERROR(VLOOKUP(A119,'TB Other'!A:E,4,),0)+IFERROR(VLOOKUP(A119,'TB Other'!A:E,5,),0) -> 0 | I119: =IFERROR(VLOOKUP(A119,'TB Other'!A:M,12,0),0)+IFERROR(VLOOKUP(A119,'TB Other'!A:M,13,0),0) -> 0 | K119: =SUM(C119:J119) -> 26029 | L119: =VLOOKUP(A119,'TB PY'!A:G,7,)+VLOOKUP(A119,'TB PY'!A:G,6,) -> 1639 | T119: =SUM(L119:S119) -> 1639
B121: Total | C121: =SUM(C115:C120) -> 921025 | D121: =SUM(D115:D120) -> 0 | E121: =SUM(E115:E120) -> 0 | F121: =SUM(F115:F120) -> 0 | G121: =SUM(G115:G120) -> 0 | H121: =SUM(H115:H120) -> 0 | I121: =SUM(I115:I120) -> 0 | J121: =SUM(J115:J120) -> 0 | ... T121: =SUM(T115:T120) -> 641468 | U121: =K121-T121 -> 279557
...

Sheet TB CY
A1: 1908 E-Ventures Pvt. Ltd.
A2: Ador House, 5th Floor, | G2: 188986 | I2: Security deposit in detail
A3: 6 - K. Dubash Marg, Fort, | G3: 1661
A4: Mumbai - 400 001. | H4: 190647
A5: Trial Balance
A6: 1-Apr-22 to 31-Mar-23
B7: 1908 E-Ventures Pvt. Ltd. (01/04/18 -
A8: Particulars | B8: 1-Apr-22 to 31-Mar-23
B9: Closing Balance | D9: Adjustments | F9: Final closing balance
B10: Debit | C10: Credit | D10: Debit | E10: Credit | F10: Debit | G10: Credit | H10: 0 | I10: Balancesheet | J10: 0 | K10: PL
A11: Capital Account | B11: 42201187 | C11: 241728641
A12: Reserves & Surplus | B12: 91155 | C12: 177283108 | G12: =+C12-B12+E12-D12 -> 177191953 | I12: =VLOOKUP(A12,'BS Grouping'!A:A,1,) -> Reserves & Surplus
A13: Other Equity | B13: 42110032 | G13: =+C13-B13+E13-D13 -> -42110032 | I13: =VLOOKUP(A13,'BS Grouping'!A:A,1,) -> Other Equity
A14: Equity Share Capital | C14: 59945140 | G14: =+C14-B14+E14-D14 -> 59945140 | I14: =VLOOKUP(A14,'BS Grouping'!A:A,1,) -> Equity Share Capital
A15: General Reserve | C15: 4500393 | G15: =+C15-B15+E15-D15 -> 4500393 | I15: =VLOOKUP(A15,'BS Grouping'!A:A,1,) -> General Reserve
A16: Loans (Liability) | C16: 14709607 | I16: =VLOOKUP(A16,'BS Grouping'!A:A,1,) -> #N/A
A17: Bank OD A/c | C17: 8952052.5 | I17: =VLOOKUP(A17,'BS Grouping'!A:A,1,) -> #N/A
A18: HDFC O/D 6905 | C18: 8952052.5 | G18: =+C18-B18+E18-D18 -> 8952052.5 | I18: =VLOOKUP(A18,'BS Grouping'!A:A,1,) -> HDFC O/D 6905
A19: Kudos Finance Ltd - Getvantage | C19: 5757554.7 | G19: =+C19-B19+E19-D19 -> 5757554.7 | I19: =VLOOKUP(A19,'BS Grouping'!A:A,1,) -> Kudos Finance Ltd - Getvantage
A20: Current Liabilities | B20: 25047054 | C20: 56182173 | G20: =+C20-B20+E20-D20 -> 31135119 | I20: =VLOOKUP(A20,'BS Grouping'!A:A,1,) -> #N/A
A21: Duties & Taxes | B21: 24882056 | C21: 2097593.9 | F21: =+B21+D21-C21-E21 -> 22784462 | I21: =VLOOKUP(A21,'BS Grouping'!A:A,1,) -> Duties & Taxes
A22: Sundry Creditors | B22: 164997.5 | C22: 49066772 | G22: =+C22-B22+E22-D22 -> 48901775 | I22: =VLOOKUP(A22,'BS Grouping'!A:A,1,) -> Sundry Creditors
A23: Bonus Payable | C23: 458087 | G23: =+C23-B23+E23-D23 -> 458087 | I23: =VLOOKUP(A23,'BS Grouping'!A:A,1,) -> Bonus Payable
A24: Corporate Credit Card No 4718 6501 0001 4304 | C24: 1517 | G24: =+C24-B24+E24-D24 -> 1517 | I24: =VLOOKUP(A24,'BS Grouping'!A:A,1,) -> Corporate Credit Card No 4718 6501 0001 4304
A25: Deposit Linked Insurance @ 0.50% | C25: 2302 | G25: =+C25-B25+E25-D25 -> 2302 | I25: =VLOOKUP(A25,'BS Grouping'!A:A,1,) -> Deposit Linked Insurance @ 0.50%
A26: Donation Received | B26: 0.42 | G26: =+C26-B26+E26-D26 -> -0.42 | I26: =VLOOKUP(A26,'BS Grouping'!A:A,1,) -> #N/A
A27: Esic 0.75% | C27: 687 | G27: =+C27-B27+E27-D27 -> 687 | I27: =VLOOKUP(A27,'BS Grouping'!A:A,1,) -> ESIC 0.75%
A28: Outstanding Expenses | C28: 242136 | G28: =+C28-B28+E28-D28 -> 242136 | I28: =VLOOKUP(A28,'BS Grouping'!A:A,1,) -> Outstanding Expenses
A29: PF Admin Charges @ 0.50% | C29: 2838 | G29: =+C29-B29+E29-D29 -> 2838 | I29: =VLOOKUP(A29,'BS Grouping'!A:A,1,) -> PF Admin Charges @ 0.50%
A30: PF Employees Contribution @ 12% | C30: 67457 | G30: =+C30-B30+E30-D30 -> 67457 | I30: =VLOOKUP(A30,'BS Grouping'!A:A,1,) -> PF Employees Contribution @ 12%
A31: PF Payable | C31: 67457 | G31: =+C31-B31+E31-D31 -> 67457 | I31: =VLOOKUP(A31,'BS Grouping'!A:A,1,) -> PF Payable
A32: Provision for Gratuity | C32: 477450 | G32: =+C32-B32+E32-D32 -> 477450 | I32: =VLOOKUP(A32,'BS Grouping'!A:A,1,) -> Provision for Gratuity
A33: Provision for Leave Benefits | C33: 1312847 | G33: =+C33-B33+E33-D33 -> 1312847 | I33: =VLOOKUP(A33,'BS Grouping'!A:A,1,) -> Provision for Leave Benefits
A34: ROU Lease Liability | C34: 876273 | G34: =+C34-B34+E34-D34 -> 876273 | I34: =VLOOKUP(A34,'BS Grouping'!A:A,1,) -> ROU Lease Liability
A35: Salary Payable | C35: 1472312 | G35: =+C35-B35+E35-D35 -> 1472312 | I35: =VLOOKUP(A35,'BS Grouping'!A:A,1,) -> Salary Payable
A36: Stipend Payable | C36: 36444 | G36: =+C36-B36+E36-D36 -> 36444 | I36: =VLOOKUP(A36,'BS Grouping'!A:A,1,) -> Stipend Payable
A37: Fixed Assets | B37: 22922260 | C37: 3899970.6 | F37: =+B37+D37-C37-E37 -> 19022289 | I37: =VLOOKUP(A37,'BS Grouping'!A:A,1,) -> Fixed Assets | L37: =B37-C37 -> 19022289
A38: Furniture & Fixtures | B38: 27337 | F38: =+B38+D38-C38-E38 -> 27337 | I38: =VLOOKUP(A38,'BS Grouping'!A:A,1,) -> #N/A | L38: =PL!D17-Notes!C463 -> 3551492
A39: Computers | B39: 1777725.6 | F39: =+B39+D39-C39-E39 -> 1777725.6 | I39: =VLOOKUP(A39,'BS Grouping'!A:A,1,) -> #N/A
A40: Intangible Assets | B40: 19336432 | C40: 569569 | F40: =+B40+D40-C40-E40 -> 18766863 | I40: =VLOOKUP(A40,'BS Grouping'!A:A,1,) -> #N/A
A41: Office Equipment | B41: 638207.96 | C41: 20722.62 | F41: =+B41+D41-C41-E41 -> 617485.34 | I41: =VLOOKUP(A41,'BS Grouping'!A:A,1,) -> #N/A
A42: Accumulated Depreciation | C42: 3309679 | F42: =+B42+D42-C42-E42 -> -3309679 | I42: =VLOOKUP(A42,'BS Grouping'!A:A,1,) -> #N/A
A43: Bar Code Printer | B43: 13420 | F43: =+B43+D43-C43-E43 -> 13420 | I43: =VLOOKUP(A43,'BS Grouping'!A:A,1,) -> #N/A
A44: Electrical Installations | B44: 157348 | F44: =+B44+D44-C44-E44 -> 157348 | I44: =VLOOKUP(A44,'BS Grouping'!A:A,1,) -> #N/A
A45: Furniture & Fixtures | B45: 940311 | F45: =+B45+D45-C45-E45 -> 940311 | I45: =VLOOKUP(A45,'BS Grouping'!A:A,1,) -> #N/A
A46: Tablet | B46: 31478 | F46: =+B46+D46-C46-E46 -> 31478 | I46: =VLOOKUP(A46,'BS Grouping'!A:A,1,) -> #N/A
A47: Investments | B47: 40000 | F47: =+B47+D47-C47-E47 -> 40000 | I47: =VLOOKUP(A47,'BS Grouping'!A:A,1,) -> Investments
A48: Investment In Boofotel | B48: 40000 | F48: =+B48+D48-C48-E48 -> 40000 | I48: =VLOOKUP(A48,'BS Grouping'!A:A,1,) -> Investment In Boofotel
A49: Current Assets | B49: 40171091 | C49: 716553.21 | F49: =+B49+D49-C49-E49 -> 39454537 | I49: =VLOOKUP(A49,'BS Grouping'!A:A,1,) -> #N/A
A50: Opening Stock | B50: 26585645 | F50: =+B50+D50-C50-E50 -> 26585645 | I50: =VLOOKUP(A50,'BS Grouping'!A:A,1,) -> #N/A
A51: Deposits (Asset) | B51: 161383.46 | F51: =+B51+D51-C51-E51 -> 161383.46 | I51: =VLOOKUP(A51,'BS Grouping'!A:A,1,) -> #N/A
A52: MVAT Deposit | B52: 25000 | F52: =+B52+D52-C52-E52 -> 25000 | I52: =VLOOKUP(A52,'BS Grouping'!A:A,1,) -> MVAT Deposit
A53: Security Deposit | B53: 136383.46 | F53: =+B53+D53-C53-E53 -> 136383.46 | I53: =VLOOKUP(A53,'BS Grouping'!A:A,1,) -> Security Deposit
A54: Loans & Advances (Asset) | B54: 1575121.4 | F54: =+B54+D54-C54-E54 -> 1575121.4 | I54: =VLOOKUP(A54,'BS Grouping'!A:A,1,) -> #N/A
A55: Advance Income Tax | B55: 127251.53 | F55: =+B55+D55-C55-E55 -> 127251.53 | I55: =VLOOKUP(A55,'BS Grouping'!A:A,1,) -> Advance Income Tax
A56: Loans & Advances to Employees | F56: =+B56+D56-C56-E56 -> 0 | I56: =VLOOKUP(A56,'BS Grouping'!A:A,1,) -> Loans & Advances to Employees
A57: Advance for Expenses | B57: 882050.61 | F57: =+B57+D57-C57-E57 -> 882050.61 | I57: =VLOOKUP(A57,'BS Grouping'!A:A,1,) -> Advance for Expenses
A58: Flipkart Tds | B58: 30.49 | F58: =+B58+D58-C58-E58 -> 30.49 | I58: =VLOOKUP(A58,'BS Grouping'!A:A,1,) -> Flipkart Tds
A59: Prepaid Expenses | B59: 532840.95 | F59: =+B59+D59-C59-E59 -> 532840.95 | I59: =VLOOKUP(A59,'BS Grouping'!A:A,1,) -> Prepaid expenses
A60: TCS (GST) FY 20-21 | B60: 73.11 | F60: =+B60+D60-C60-E60 -> 73.11 | I60: =VLOOKUP(A60,'BS Grouping'!A:A,1,) -> TCS (GST) FY 20-21
A61: TCS (GST) FY 22-23 | B61: 32874.69 | F61: =+B61+D61-C61-E61 -> 32874.69 | I61: =VLOOKUP(A61,'BS Grouping'!A:A,1,) -> TCS (GST) FY 22-23
A62: Sundry Debtors | B62: 2599896.9 | C62: 64490.46 | F62: =+B62+D62-C62-E62 -> 2535406.4 | I62: =VLOOKUP(A62,'BS Grouping'!A:A,1,) -> Sundry Debtors
A63: Bank Accounts | B63: 43169.82 | C63: 652062.75 | F63: =+B63+D63-C63-E63 -> -608892.93 | I63: =VLOOKUP(A63,'BS Grouping'!A:A,1,) -> #N/A
A64: Cash-in-Hand | B64: 11768.42 | F64: =+B64+D64-C64-E64 -> 11768.42 | I64: =VLOOKUP(A64,'BS Grouping'!A:A,1,) -> Cash-in-Hand
A65: HDFC Bank CA | C65: 652062.75 | F65: =+B65+D65-C65-E65 -> -652062.75 | I65: =VLOOKUP(A65,'BS Grouping'!A:A,1,) -> HDFC Bank CA
A66: Union Bank of India - 510101005905914 | B66: 31401.4 | F66: =+B66+D66-C66-E66 -> 31401.4 | I66: =VLOOKUP(A66,'BS Grouping'!A:A,1,) -> Union Bank of India - 510101005905914
A67: Deferred Rent Expense (Ind-AS Asset) | B67: 41320 | F67: =+B67+D67-C67-E67 -> 41320 | I67: =VLOOKUP(A67,'BS Grouping'!A:A,1,) -> Deferred Rent Expense (Ind-AS Asset)
A68: Deferred Tax Asset | B68: 8165446 | F68: =+B68+D68-C68-E68 -> 8165446 | I68: =VLOOKUP(A68,'BS Grouping'!A:A,1,) -> Deferred Tax Asset
A69: FD with HDFC Bank | B69: 100000 | F69: =+B69+D69-C69-E69 -> 100000 | I69: =VLOOKUP(A69,'BS Grouping'!A:A,1,) -> FD with HDFC Bank
A70: Interest Accrued But Not Due | B70: 3679 | F70: =+B70+D70-C70-E70 -> 3679 | I70: =VLOOKUP(A70,'BS Grouping'!A:A,1,) -> Interest accrued but not due
A71: ROU Asset | B71: 872850 | F71: =+B71+D71-C71-E71 -> 872850 | I71: =VLOOKUP(A71,'BS Grouping'!A:A,1,) -> ROU Asset
A72: Tax Paid on RCM | B72: 22578.8 | F72: =+B72+D72-C72-E72 -> 22578.8 | I72: =VLOOKUP(A72,'BS Grouping'!A:A,1,) -> Tax Paid on RCM
A73: Branch / Divisions | B73: 2954975 | F73: =+B73+D73-C73-E73 -> 2954975 | I73: =VLOOKUP(A73,'BS Grouping'!A:A,1,) -> #N/A
A74: Branch Account - Bangalore | B74: 953094.25 | F74: =+B74+D74-C74-E74 -> 953094.25 | I74: =VLOOKUP(A74,'BS Grouping'!A:A,1,) -> Branch Account - Bangalore
A75: Branch Account - Delhi | B75: 1381731.8 | F75: =+B75+D75-C75-E75 -> 1381731.8 | I75: =VLOOKUP(A75,'BS Grouping'!A:A,1,) -> Branch Account - Delhi
A76: Branch Account- Haryana | B76: 620149 | F76: =+B76+D76-C76-E76 -> 620149 | I76: =VLOOKUP(A76,'BS Grouping'!A:A,1,) -> Branch Account- Haryana
A77: Sales Accounts | C77: 63860391 | G77: =+C77-B77+E77-D77 -> 63860391 | I77: =VLOOKUP(A77,'PL Grouping'!A:A,1,) -> Sales Accounts | K77: =VLOOKUP(A77,'PL Grouping'!A:A,1,) -> Sales Accounts
A78: Sales Bills to Make | C78: 556499.5 | G78: =+C78-B78+E78-D78 -> 556499.5 | K78: =VLOOKUP(A78,'PL Grouping'!A:A,1,) -> #N/A
A79: Brancha Sales Account | C79: 87793.95 | G79: =+C79-B79+E79-D79 -> 87793.95 | K79: =VLOOKUP(A79,'PL Grouping'!A:A,1,) -> #N/A
A80: Interstate@0% | C80: 319.81 | G80: =+C80-B80+E80-D80 -> 319.81 | K80: =VLOOKUP(A80,'PL Grouping'!A:A,1,) -> #N/A
A81: Interstate Sales | C81: 45110.15 | G81: =+C81-B81+E81-D81 -> 45110.15 | K81: =VLOOKUP(A81,'PL Grouping'!A:A,1,) -> #N/A
A82: Local Sales | C82: 45546.48 | G82: =+C82-B82+E82-D82 -> 45546.48 | K82: =VLOOKUP(A82,'PL Grouping'!A:A,1,) -> #N/A
A83: Sales- Interstate | C83: 49085722 | G83: =+C83-B83+E83-D83 -> 49085722 | K83: =VLOOKUP(A83,'PL Grouping'!A:A,1,) -> #N/A
A84: SALES LOCAL | C84: 14039399 | G84: =+C84-B84+E84-D84 -> 14039399 | K84: =VLOOKUP(A84,'PL Grouping'!A:A,1,) -> #N/A
A85: Purchase Accounts | B85: 48545836 | F85: =+B85+D85-C85-E85 -> 48545836 | I85: =VLOOKUP(A85,'TB PY'!A:C,2,) -> 55369864 | K85: =VLOOKUP(A85,'PL Grouping'!A:A,1,) -> #N/A
A86: Branch Purchase | B86: 10953.46 | F86: =+B86+D86-C86-E86 -> 10953.46 | I86: =VLOOKUP(A86,'TB PY'!A:C,2,) -> 51883.26 | K86: =VLOOKUP(A86,'PL Grouping'!A:A,1,) -> Branch purchase
A87: Clearing & Forwarding Charges (Import) | B87: 1370119.6 | F87: =+B87+D87-C87-E87 -> 1370119.6 | K87: =VLOOKUP(A87,'PL Grouping'!A:A,1,) -> Clearing & Forwarding Charges (Import)
A88: Custom Duty | B88: 2453558 | F88: =+B88+D88-C88-E88 -> 2453558 | I88: =VLOOKUP(A88,'TB PY'!A:C,2,) -> 832926 | K88: =VLOOKUP(A88,'PL Grouping'!A:A,1,) -> Custom Duty
A89: Purchase Account - Packing Material | B89: 1545796.3 | F89: =+B89+D89-C89-E89 -> 1545796.3 | K89: =VLOOKUP(A89,'PL Grouping'!A:A,1,) -> Purchase Account - Packing Material
A90: Purchase Import | B90: 10522980 | F90: =+B90+D90-C90-E90 -> 10522980 | I90: =VLOOKUP(A90,'TB PY'!A:C,2,) -> 2065760.2 | K90: =VLOOKUP(A90,'PL Grouping'!A:A,1,) -> Purchase Import
A91: Purchase Interstate | B91: 13931209 | F91: =+B91+D91-C91-E91 -> 13931209 | I91: =VLOOKUP(A91,'TB PY'!A:C,2,) -> 20092177 | K91: =VLOOKUP(A91,'PL Grouping'!A:A,1,) -> Purchase Interstate
A92: Purchase Interstate@12% | B92: 47490.02 | F92: =+B92+D92-C92-E92 -> 47490.02 | I92: =VLOOKUP(A92,'TB PY'!A:C,2,) -> 585480.65 | K92: =VLOOKUP(A92,'PL Grouping'!A:A,1,) -> Purchase Interstate@12%
A93: Purchase Interstate@28% | B93: 11271.13 | F93: =+B93+D93-C93-E93 -> 11271.13 | K93: =VLOOKUP(A93,'PL Grouping'!A:A,1,) -> Purchase Interstate@28%
A94: Purchase Interstate@5% | B94: 43662.67 | F94: =+B94+D94-C94-E94 -> 43662.67 | I94: =VLOOKUP(A94,'TB PY'!A:C,2,) -> 88766.78 | K94: =VLOOKUP(A94,'PL Grouping'!A:A,1,) -> Purchase Interstate@5%
A95: Purchase Local | B95: 18509810 | F95: =+B95+D95-C95-E95 -> 18509810 | I95: =VLOOKUP(A95,'TB PY'!A:C,2,) -> 31036133 | K95: =VLOOKUP(A95,'PL Grouping'!A:A,1,) -> Purchase Local
A96: Purchase Local@12% | B96: 91236.24 | F96: =+B96+D96-C96-E96 -> 91236.24 | I96: =VLOOKUP(A96,'TB PY'!A:C,2,) -> 164959.57 | K96: =VLOOKUP(A96,'PL Grouping'!A:A,1,) -> Purchase Local@12%
A97: Transportation Expenses (Import) | B97: 7750 | F97: =+B97+D97-C97-E97 -> 7750 | K97: =VLOOKUP(A97,'PL Grouping'!A:A,1,) -> Transportation Expenses (Import)
A98: Direct Expenses | B98: 233448.05 | C98: 4745.72 | I98: =VLOOKUP(A98,'TB PY'!A:C,2,) -> 2320933.8 | K98: =VLOOKUP(A98,'PL Grouping'!A:A,1,) -> #N/A
A99: Freight | B99: 6056 | F99: =+B99+D99-C99-E99 -> 6056 | K99: =VLOOKUP(A99,'PL Grouping'!A:A,1,) -> Freight
A100: Freight Charges | B100: 91631.05 | F100: =+B100+D100-C100-E100 -> 91631.05 | I100: =VLOOKUP(A100,'TB PY'!A:C,2,) -> 94879.48 | K100: =VLOOKUP(A100,'PL Grouping'!A:A,1,) -> Freight Charges
...

Sheet TB PY
A1: 1908 E-Ventures Pvt. Ltd.
A2: Ador House, 5th Floor, | G2: 188986
A3: 6 - K. Dubash Marg, Fort, | G3: 1661
A4: Mumbai - 400 001. | H4: 190647
A5: Trial Balance
A6: 1-Apr-2021 to 31-Mar-2022
B7: 1908 E-Ventures Pvt. Ltd. (01/04/18 -
A8: Particulars | B8: 1-Apr-2021 to 31-Mar-2022
B9: Closing Balance | D9: Adjustments | F9: Final closing balance
B10: Debit | C10: Credit | D10: Debit | E10: Credit | F10: Debit | G10: Credit | H10: 0 | I10: 0 | J10: 0 | K10: 0
A11: Capital Account | B11: 42108371 | C11: 236728666
A12: Reserves & Surplus | B12: 91155 | C12: 172785643 | G12: =+C12-B12+E12-D12 -> 172694488 | I12: =VLOOKUP(A12,'TB PY'!A:C,2,) -> 91155
A13: Other Equity | B13: 42108371 | G13: =+C13-B13+E13-D13 -> -42108371 | I13: =VLOOKUP(A13,'TB PY'!A:C,2,) -> 42108371
A14: Equity Share Capital | C14: 59442630 | G14: =+C14-B14+E14-D14 -> 59442630 | I14: =VLOOKUP(A14,'TB PY'!A:C,2,) -> 0
A15: General Reserve | C15: 4500393 | G15: =+C15-B15+E15-D15 -> 4500393 | I15: =VLOOKUP(A15,'TB PY'!A:C,2,) -> 0
A16: Loans (Liability) | C16: 2843006.2 | I16: =VLOOKUP(A16,'TB PY'!A:C,2,) -> 0
A17: Bank OD A/c | I17: =VLOOKUP(A17,'TB PY'!A:C,2,) -> 0
A18: Unsecured Loans | I18: =VLOOKUP(A18,'TB PY'!A:C,2,) -> 0
A19: Kudos Finanice Ltd - Getvantage | C19: 2843006.2 | G19: =+C19-B19+E19-D19 -> 2843006.2 | I19: =VLOOKUP(A19,'TB PY'!A:C,2,) -> 0
A20: Current Liabilities | B20: 17911778 | C20: 39641570 | I20: =VLOOKUP(A20,'TB PY'!A:C,2,) -> 17911778
A21: Duties & Taxes | B21: 17328797 | C21: 1173101.7 | I21: =VLOOKUP(A21,'TB PY'!A:C,2,) -> 17328797
A22: GST | B22: 17328797 | C22: 4825.05 | G22: =+C22-B22+E22-D22 -> -17323972 | I22: =VLOOKUP(A22,'TB PY'!A:C,2,) -> 17328797
A23: TDS | C23: 609176.63 | G23: =+C23-B23+E23-D23 -> 609176.63 | I23: =VLOOKUP(A23,'TB PY'!A:C,2,) -> 0
A24: Profession Tax | C24: 5600 | G24: =+C24-B24+E24-D24 -> 5600 | I24: =VLOOKUP(A24,'TB PY'!A:C,2,) -> 0
A25: Staff Income Tax | C25: 553500 | G25: =+C25-B25+E25-D25 -> 553500 | I25: =VLOOKUP(A25,'TB PY'!A:C,2,) -> 0
A26: Sundry Creditors | B26: 491825 | C26: 35576799 | D26: =25000+5873 -> 30873 | E26: =116664+27190+111282.38+37354 -> 292490.38 | G26: =+C26-B26+E26-D26 -> 35346591 | I26: =VLOOKUP(A26,'TB PY'!A:C,2,) -> 491825
A27: Bonus Payable | C27: 351236 | G27: =+C27-B27+E27-D27 -> 351236 | I27: =VLOOKUP(A27,'TB PY'!A:C,2,) -> 0
A28: Corporate Credit Card No 4718 6501 0001 4304 | C28: 38158.24 | G28: =+C28-B28+E28-D28 -> 38158.24 | I28: =VLOOKUP(A28,'TB PY'!A:C,2,) -> 0
A29: Deposit Linked Insurance @ 0.50% | C29: 1946 | G29: =+C29-B29+E29-D29 -> 1946 | I29: =VLOOKUP(A29,'TB PY'!A:C,2,) -> 0
A30: Esic 0.75% | C30: 378 | G30: =+C30-B30+E30-D30 -> 378 | I30: =VLOOKUP(A30,'TB PY'!A:C,2,) -> 0
A31: Outstanding Expenses | C31: 443588.86 | G31: =+C31-B31+E31-D31 -> 443588.86 | I31: =VLOOKUP(A31,'TB PY'!A:C,2,) -> 0
A32: PF Admin Charges @ 0.50% | C32: 2209 | G32: =+C32-B32+E32-D32 -> 2209 | I32: =VLOOKUP(A32,'TB PY'!A:C,2,) -> 0
A33: PF Employees Contribution @ 12% | C33: 52383 | G33: =+C33-B33+E33-D33 -> 52383 | I33: =VLOOKUP(A33,'TB PY'!A:C,2,) -> 0
A34: PF Payable | C34: 52383 | G34: =+C34-B34+E34-D34 -> 52383 | I34: =VLOOKUP(A34,'TB PY'!A:C,2,) -> 0
A35: Provision for Gratuity | C35: 477450 | G35: =+C35-B35+E35-D35 -> 477450 | I35: =VLOOKUP(A35,'TB PY'!A:C,2,) -> 0
A36: Provision for Leave Benefits | C36: 1444736 | G36: =+C36-B36+E36-D36 -> 1444736 | I36: =VLOOKUP(A36,'TB PY'!A:C,2,) -> 0
A37: Salary Payable | C37: 126 | G37: =+C37-B37+E37-D37 -> 126 | I37: =VLOOKUP(A37,'TB PY'!A:C,2,) -> 0
A38: Fixed Assets | B38: 22071351 | C38: 5434679.6 | D38: =5000-2565 -> 2435 | F38: =+B38+D38-C38-E38 -> 16639106 | I38: =VLOOKUP(A38,'TB PY'!A:C,2,) -> 22071351
A39: Current Assets | B39: 70680917 | C39: 9687.61 | I39: =VLOOKUP(A39,'TB PY'!A:C,2,) -> 70680917
A40: Opening Stock | B40: 14745293 | F40: =+B40+D40-C40-E40 -> 14745293 | I40: =VLOOKUP(A40,'TB PY'!A:C,2,) -> 14745293
A41: Deposits (Asset) | B41: 110899.46 | F41: =+B41+D41-C41-E41 -> 110899.46 | I41: =VLOOKUP(A41,'TB PY'!A:C,2,) -> 110899.46
A42: Security Deposit | B42: 110899.46 | F42: =+B42+D42-C42-E42 -> 110899.46 | I42: =VLOOKUP(A42,'TB PY'!A:C,2,) -> 110899.46
A43: Loans & Advances (Asset) | B43: 1333554.4 | C43: 9630.85 | F43: =+B43+D43-C43-E43 -> 1323923.5 | I43: =VLOOKUP(A43,'TB PY'!A:C,2,) -> 1333554.4
A44: Advance Income Tax | B44: 47649.19 | C44: 568 | F44: =+B44+D44-C44-E44 -> 47081.19 | I44: =VLOOKUP(A44,'TB PY'!A:C,2,) -> 47649.19
A45: Loans & Advances to Employees | B45: 90000 | F45: =+B45+D45-C45-E45 -> 90000 | I45: =VLOOKUP(A45,'TB PY'!A:C,2,) -> 90000
A46: Sukesh Sutar (Loan A/c) | B46: 60000 | F46: =+B46+D46-C46-E46 -> 60000 | I46: =VLOOKUP(A46,'TB PY'!A:C,2,) -> 60000
A47: Varsha Jadhav Employee Loan | B47: 30000 | F47: =+B47+D47-C47-E47 -> 30000 | I47: =VLOOKUP(A47,'TB PY'!A:C,2,) -> 30000
A48: Advance for Expenses | B48: 274204.81 | F48: =+B48+D48-C48-E48 -> 274204.81 | I48: =VLOOKUP(A48,'TB PY'!A:C,2,) -> 274204.81
A49: Flipkart Tds | B49: 30.49 | F49: =+B49+D49-C49-E49 -> 30.49 | I49: =VLOOKUP(A49,'TB PY'!A:C,2,) -> 30.49
A50: MVAT Deposit | B50: 25000 | F50: =+B50+D50-C50-E50 -> 25000 | I50: =VLOOKUP(A50,'TB PY'!A:C,2,) -> 25000
A51: Prepaid Expenses | B51: 896596.75 | F51: =+B51+D51-C51-E51 -> 896596.75 | I51: =VLOOKUP(A51,'TB PY'!A:C,2,) -> 896596.75
A52: TCS (GST) FY 2018-19 | C52: 9013.7 | F52: =+B52+D52-C52-E52 -> -9013.7 | I52: =VLOOKUP(A52,'TB PY'!A:C,2,) -> 0
A53: TCS (GST) FY 2019-20 | C53: 49.15 | F53: =+B53+D53-C53-E53 -> -49.15 | I53: =VLOOKUP(A53,'TB PY'!A:C,2,) -> 0
A54: TCS (GST) FY 20-21 | B54: 73.11 | F54: =+B54+D54-C54-E54 -> 73.11 | I54: =VLOOKUP(A54,'TB PY'!A:C,2,) -> 73.11
A55: Sundry Debtors | B55: 4660389.2 | C55: 56.76 | D55: =6863+130214.48 -> 137077.48 | E55: =5873+725+1566+123677+130214.48+6863 -> 268918.48 | F55: =+B55+D55-C55-E55 -> 4528491.4 | I55: =VLOOKUP(A55,'TB PY'!A:C,2,) -> 4660389.2
A56: Bank Accounts | B56: 41102093 | F56: =+B56+D56-C56-E56 -> 41102093 | I56: =VLOOKUP(A56,'TB PY'!A:C,2,) -> 41102093
A57: Cash-in-Hand | B57: 10191.42 | F57: =+B57+D57-C57-E57 -> 10191.42 | I57: =VLOOKUP(A57,'TB PY'!A:C,2,) -> 10191.42
A58: HDFC Bank CA | B58: 41060500 | F58: =+B58+D58-C58-E58 -> 41060500 | I58: =VLOOKUP(A58,'TB PY'!A:C,2,) -> 41060500
A59: Union Bank of India - 510101005905914 | B59: 31401.4 | F59: =+B59+D59-C59-E59 -> 31401.4 | I59: =VLOOKUP(A59,'TB PY'!A:C,2,) -> 31401.4
A60: Closing Stock | B60: 374192 | F60: =+B60+D60-C60-E60 -> 374192 | I60: =VLOOKUP(A60,'TB PY'!A:C,2,) -> 374192
A61: Deferred Tax Asset | B61: 8165446 | F61: =+B61+D61-C61-E61 -> 8165446 | I61: =VLOOKUP(A61,'TB PY'!A:C,2,) -> 8165446
A62: FD with HDFC Bank | B62: 100000 | F62: =+B62+D62-C62-E62 -> 100000 | I62: =VLOOKUP(A62,'TB PY'!A:C,2,) -> 100000
A63: Interest Accrued But Not Due | B63: 3710 | F63: =+B63+D63-C63-E63 -> 3710 | I63: =VLOOKUP(A63,'TB PY'!A:C,2,) -> 3710
A64: National Rent Expenses | B64: 62760 | F64: =+B64+D64-C64-E64 -> 62760 | I64: =VLOOKUP(A64,'TB PY'!A:C,2,) -> 62760
A65: Tax Paid on RCM | B65: 22580 | F65: =+B65+D65-C65-E65 -> 22580 | I65: =VLOOKUP(A65,'TB PY'!A:C,2,) -> 22580
A66: Branch / Divisions | B66: 1557157.7 | F66: =+B66+D66-C66-E66 -> 1557157.7 | I66: =VLOOKUP(A66,'TB PY'!A:C,2,) -> 1557157.7
A67: Bangalore - Division | B67: 39452.75 | F67: =+B67+D67-C67-E67 -> 39452.75 | I67: =VLOOKUP(A67,'TB PY'!A:C,2,) -> 39452.75
... A69: Branch Account - Delhi | B69: 1359541.9 | F69: =+B69+D69-C69-E69 -> 1359541.9 | I69: =VLOOKUP(A69,'TB PY'!A:C,2,) -> 1359541.9
A70: Suspense A/c | G70: =+C70-B70+E70-D70 -> 0 | I70: =VLOOKUP(A70,'TB PY'!A:C,2,) -> 0
A71: Sales Accounts | C71: 60671546 | G71: =+C71-B71+E71-D71 -> 60671546 | I71: =VLOOKUP(A71,'TB PY'!A:C,2,) -> 0 | K71: =VLOOKUP(A71,'PL Grouping'!A:A,1,) -> Sales Accounts
A72: Purchase Accounts | B72: 55369864 | C72: 24526.44 | I72: =VLOOKUP(A72,'TB PY'!A:C,2,) -> 55369864 | K72: =VLOOKUP(A72,'PL Grouping'!A:A,1,) -> #N/A
A73: Branch Purchase | B73: 51883.26 | F73: =+B73+D73-C73-E73 -> 51883.26 | I73: =VLOOKUP(A73,'TB PY'!A:C,2,) -> 51883.26 | K73: =VLOOKUP(A73,'PL Grouping'!A:A,1,) -> Branch purchase
A74: Custom Duty | B74: 832926 | F74: =+B74+D74-C74-E74 -> 832926 | I74: =VLOOKUP(A74,'TB PY'!A:C,2,) -> 832926 | K74: =VLOOKUP(A74,'PL Grouping'!A:A,1,) -> Custom Duty
A75: Local@0% | C75: 24526.44 | F75: =+B75+D75-C75-E75 -> -24526.44 | I75: =VLOOKUP(A75,'TB PY'!A:C,2,) -> 0 | K75: =VLOOKUP(A75,'PL Grouping'!A:A,1,) -> Local@0%
A76: Purchase Import | B76: 2065760.2 | F76: =+B76+D76-C76-E76 -> 2065760.2 | I76: =VLOOKUP(A76,'TB PY'!A:C,2,) -> 2065760.2 | K76: =VLOOKUP(A76,'PL Grouping'!A:A,1,) -> Purchase Import
A77: Purchase Interstate | B77: 20092177 | F77: =+B77+D77-C77-E77 -> 20092177 | I77: =VLOOKUP(A77,'TB PY'!A:C,2,) -> 20092177 | K77: =VLOOKUP(A77,'PL Grouping'!A:A,1,) -> Purchase Interstate
A78: Purchase Interstate@12% | B78: 585480.65 | F78: =+B78+D78-C78-E78 -> 585480.65 | I78: =VLOOKUP(A78,'TB PY'!A:C,2,) -> 585480.65 | K78: =VLOOKUP(A78,'PL Grouping'!A:A,1,) -> Purchase Interstate@12%
A79: Purchase Interstate@3% | B79: 74541.19 | F79: =+B79+D79-C79-E79 -> 74541.19 | I79: =VLOOKUP(A79,'TB PY'!A:C,2,) -> 74541.19 | K79: =VLOOKUP(A79,'PL Grouping'!A:A,1,) -> Purchase Interstate@3%
A80: Purchase Interstate@5% | B80: 88766.78 | F80: =+B80+D80-C80-E80 -> 88766.78 | I80: =VLOOKUP(A80,'TB PY'!A:C,2,) -> 88766.78 | K80: =VLOOKUP(A80,'PL Grouping'!A:A,1,) -> Purchase Interstate@5%
A81: Purchase Local | B81: 31036133 | F81: =+B81+D81-C81-E81 -> 31036133 | I81: =VLOOKUP(A81,'TB PY'!A:C,2,) -> 31036133 | K81: =VLOOKUP(A81,'PL Grouping'!A:A,1,) -> Purchase Local
A82: Purchase Local@0% | B82: 299286.13 | F82: =+B82+D82-C82-E82 -> 299286.13 | I82: =VLOOKUP(A82,'TB PY'!A:C,2,) -> 299286.13 | K82: =VLOOKUP(A82,'PL Grouping'!A:A,1,) -> Purchase Local@0%
A83: Purchase Local@12% | B83: 164959.57 | F83: =+B83+D83-C83-E83 -> 164959.57 | I83: =VLOOKUP(A83,'TB PY'!A:C,2,) -> 164959.57 | K83: =VLOOKUP(A83,'PL Grouping'!A:A,1,) -> Purchase Local@12%
A84: Purchase Local@5% | B84: 77950 | F84: =+B84+D84-C84-E84 -> 77950 | I84: =VLOOKUP(A84,'TB PY'!A:C,2,) -> 77950 | K84: =VLOOKUP(A84,'PL Grouping'!A:A,1,) -> Purchase Local@5%
A85: Direct Expenses | B85: 2320933.8 | I85: =VLOOKUP(A85,'TB PY'!A:C,2,) -> 2320933.8 | K85: =VLOOKUP(A85,'PL Grouping'!A:A,1,) -> #N/A
A86: Freight Charges | B86: 94879.48 | F86: =+B86+D86-C86-E86 -> 94879.48 | I86: =VLOOKUP(A86,'TB PY'!A:C,2,) -> 94879.48 | K86: =VLOOKUP(A86,'PL Grouping'!A:A,1,) -> Freight Charges
A87: Leave Encashment | B87: 104616 | F87: =+B87+D87-C87-E87 -> 104616 | I87: =VLOOKUP(A87,'TB PY'!A:C,2,) -> 104616 | K87: =VLOOKUP(A87,'PL Grouping'!A:A,1,) -> Leave encashment
A88: Packing Material | B88: 2121438.3 | F88: =+B88+D88-C88-E88 -> 2121438.3 | I88: =VLOOKUP(A88,'TB PY'!A:C,2,) -> 2121438.3 | K88: =VLOOKUP(A88,'PL Grouping'!A:A,1,) -> Packing Material
A89: Indirect Incomes | B89: 895000 | C89: 1623960.3 | I89: =VLOOKUP(A89,'TB PY'!A:C,2,) -> 895000 | K89: =VLOOKUP(A89,'PL Grouping'!A:A,1,) -> #N/A
A90: Business Support Service Charges | C90: 266584 | G90: =+C90-B90+E90-D90 -> 266584 | I90: =VLOOKUP(A90,'TB PY'!A:C,2,) -> 0 | K90: =VLOOKUP(A90,'PL Grouping'!A:A,1,) -> Business Support Service Charges
A91: Profit on sale of fixed assets | D91: 2565 | E91: 5000 | G91: =+C91-B91+E91-D91 -> 2435 | I91: =VLOOKUP(A91,'TB PY'!A:C,2,) -> 0
A92: Business Support Service (Expense) | B92: 895000 | F92: =+B92+D92-C92-E92 -> 895000 | I92: =VLOOKUP(A92,'TB PY'!A:C,2,) -> 895000 | K92: =VLOOKUP(A92,'PL Grouping'!A:A,1,) -> Business Support Service (Expense)
A93: Discount Recieved | C93: 750 | G93: =+C93-B93+E93-D93 -> 750 | I93: =VLOOKUP(A93,'TB PY'!A:C,2,) -> 0 | K93: =VLOOKUP(A93,'PL Grouping'!A:A,1,) -> Discount Recieved
A94: Exchange Rate Difference | C94: 21552.52 | D94: =116664+27190 -> 143854 | F94: =+B94+D94-C94-E94 -> 122301.48 | I94: =VLOOKUP(A94,'TB PY'!A:C,2,) -> 0 | K94: =VLOOKUP(A94,'PL Grouping'!A:A,1,) -> Exchange Rate Difference
A95: Interest on FD | C95: 4729 | G95: =+C95-B95+E95-D95 -> 4729 | I95: =VLOOKUP(A95,'TB PY'!A:C,2,) -> 0 | K95: =VLOOKUP(A95,'PL Grouping'!A:A,1,) -> Interest on FD
A96: Interest on Income Tax Refund | C96: 8748 | G96: =+C96-B96+E96-D96 -> 8748 | I96: =VLOOKUP(A96,'TB PY'!A:C,2,) -> 0 | K96: =VLOOKUP(A96,'PL Grouping'!A:A,1,) -> Interest on Income Tax Refund
A97: Marketing Activities ( Advertisement ) | C97: 380600 | G97: =+C97-B97+E97-D97 -> 380600 | I97: =VLOOKUP(A97,'TB PY'!A:C,2,) -> 0 | K97: =VLOOKUP(A97,'PL Grouping'!A:A,1,) -> Marketing Activities ( Advertisement )
A98: Miscellenous Income | C98: 66627.52 | G98: =+C98-B98+E98-D98 -> 66627.52 | I98: =VLOOKUP(A98,'TB PY'!A:C,2,) -> 0 | K98: =VLOOKUP(A98,'PL Grouping'!A:A,1,) -> Miscellenous Income
A99: Notional Interest Income | C99: 24198 | G99: =+C99-B99+E99-D99 -> 24198 | I99: =VLOOKUP(A99,'TB PY'!A:C,2,) -> 0 | K99: =VLOOKUP(A99,'PL Grouping'!A:A,1,) -> Notional Interest Income
A100: Shipping Charges | C100: 625921.77 | G100: =+C100-B100+E100-D100 -> 625921.77 | I100: =VLOOKUP(A100,'TB PY'!A:C,2,) -> 0 | K100: =VLOOKUP(A100,'PL Grouping'!A:A,1,) -> Shipping Charges
A101: Sundry Advances / Credit Balance Written Off | C101: 224249.5 | G101: =+C101-B101+E101-D101 -> 224249.5 | I101: =VLOOKUP(A101,'TB PY'!A:C,2,) -> 0 | K101: =VLOOKUP(A101,'PL Grouping'!A:A,1,) -> Sundry Advances / Credit Balance Written Off
...

Sheet Sheet2

Sheet AE 21_22
B1: =#REF! -> #REF!
B2: IND AS Entries For FY 31.3.22
A3: 31.3.22 | B3: Employee benefit exp Gratuty Dr | C3: 188986 | F3: 188986
B4: Remeasurement of defined employee benefit plan | C4: 1661 | G4: 11437 | I4: 6735 | J4: ST | K4: 9203
B5: To employee Gratuty BS | D5: =SUM(C3:C4) -> 190647 | G5: 392482 | I5: 296577 | J5: LT | K5: 468247
B6: Being gratuity expense booked | G6: =I5+I4+D5 -> 493959 | H6: =SUM(G4:G5) -> 403919 | K6: =SUM(K4:K5) -> 477450
L7: 157058
L8: =-42918+44579 -> 1661
A9: 31.3.22 | B9: Leave encashment exp dr | C9: 520646 | K9: 594566
B10: To Leave liability | D10: =C9 -> 520646 | G10: 124009 | I10: 65318 | J10: ST | K10: =+K9-K6 -> 117116
B11: (Being Leave liability booked) | G11: 1188838 | I11: 726883 | J11: LT
B12: Being leave expense booked | G12: =I11+I10+D10 -> 1312847 | H12: =SUM(G10:G11) -> 1312847 | K12: =-12010-24620 -> -36630
K13: 924090
A14: 44621 | B14: ESOP A/c dr | C14: =#REF! -> #REF! | E14: PL | K14: =+H12 -> 1312847
